Workbook
Name _Hlk122275804: 'Plėtros tikslų stebėsena (IV) '!$S$127
Name _Hlk89418331: 'VŠĮ rodikliai (XVIII)'!#REF!
Name _Hlk92374825: 'VŠĮ rodikliai (XVIII)'!#REF!
Name _Hlk92374960: 'VŠĮ rodikliai (XVIII)'!$C$22
Name _Hlk92375563: 'VŠĮ rodikliai (XVIII)'!$C$38
Name _Hlk92375700: 'VŠĮ rodikliai (XVIII)'!$C$63
Name _Hlk92375786: 'VŠĮ rodikliai (XVIII)'!#REF!
Name _Hlk92376639: 'VŠĮ rodikliai (XVIII)'!$C$51
Name _Toc123901359: 'VŠĮ rodikliai (XVIII)'!$C$166
Name _Toc506024955: 'Vertinimo kriterijai'!$A$1
Name Excel_BuiltIn__FilterDatabase_2: #REF!

Sheet Mero pranešimas (I)
I2: PATVIRTINTA Visagino savivaldybės tarybos 2024 m. ______ d. gegužės ____sprendimu Nr.TS-
B7: VISAGINO SAVIVALDYBĖS VEIKLOS ATASKAITA
B12: Vadovo pranešimas
B17: Gerbiami Visagino savivaldybės gyventojai! Prieš Jums susipažįstant su metine 2023 m. veiklos ataskaita, noriu kiekvienam išreikšti asmeninę padėką už Jūsų aktyvų dalyvavimą savivaldos gyvenime ir palaikymą, išreikštą 2023 metų savivaldybių tarybų ir merų rinkimuose. Be Jūsų šis kelias į progresyvią ir atvirą Visagino ateitį nebūtų toks užtikrintas ir sėkmingas. Drauge sukūrėme daug pozityvių pokyčių, sutelkdami dėmesį ne tik į infrastruktūros tobulinimą, bet ir į ekonomikos augimą, inovacijų taikymą, švietimą, kultūrą, bendruomenės stiprinimą ir ilgalaikę savivaldybės viziją. Skaidrumas, atvirumas, kalbėjimasis – tai vertybės, kuriomis vadovaujuosi tarnaudamas Visaginui. Tikiu, kad bendros mūsų pastangos ir galvojimas apie ateities kartas padės įveikti visus kylančius iššūkius ir užtikrins mums inovatyvaus, žalio, jauno, tvarkingo ir atviro miesto vardą. Šiais metais pelnėme ne vieną valstybinį įvertinimą. Daug apdovanojimų atvežėte į Visaginą ir Jūs asmeniškai. Tai ženklas, kad esame stiprūs, pastebimi ir unikalūs daugelyje sričių. Vis dėlto, kviečiu „neužmigti ant laurų“ ir dėti dar daugiau pastangų, kad mūsų miestas klestėtų! Drauge kurkime klestintį Visaginą! Meras Erlandas Galaguz

Sheet Veiklos rezultatai (II)
B2: 2023 M. VEIKLOS TIKSLAI IR REZULTATAI (informacija apie mero veiklos rezultatus)
C4: Vadovaujantis 2023-2030 m. savivaldybės plėtros plane numatytais prioritetiniais tikslais ir uždaviniais buvo patvirtintas ir įgyvendinamas 2023-2025 m. strateginis veiklos planas, kurį sudarė 10 įvairius sektorius apimančių programų, susijusių su Vietos savivaldos įstatyme numatytų funkcijų įgyvendinimu. Ataskaitiniu laikotarpiu buvo administruojami savivaldybės biudžeto asignavimai ir kiti piniginiai ištekliai, organizuojamas savivaldybės biudžeto vykdymas, administruojamas savivaldybės turtas. Siekiant užtikrinti efektyvų viešojo administravimo subjektų darbą buvo kontroliuojama ir prižiūrima savivaldybės viešojo administravimo institucijų, įstaigų ir įmonių vadovų veikla. Taip pat pagal poreikį buvo tvirtinami įvairūs dokumentai teritorijų planavimo bei žemėtvarkos srityse.
C5: Pagrindinės prioritetinės sritys ir veiklos, kuriomis buvo vadovaujamasi vykdant veiklą 2023 m.
B6: 1 prioritetas | C6: Konkurencingo verslo skatinimas ir vietinės ekonomikos tvari plėtra
B7: 1.1. tikslas | C7: ='[1]II skyrius'!D10 -> Gerinti investicinės aplinkos patrauklumą ir didinti ekonominį potencialą
C8: Investicijų pritraukimo ir verslumo skatinimo institucinės ekosistemos sukūrimas Visagino, Ignalinos ir Zarasų funkcinėje zonoje (VIZA funkcinės zonos strategijos projekto rengimas)
C9: Investicijoms pritaikytos verslo ir gamybos pastatų bei žemės infrastruktūros, skatinant apleistų/nenaudojamų/neefektyviai naudojamų teritorijų ir pastatų konversiją ir pritaikymą ekonominei veiklai, sukūrimas
B10: 1.2. tikslas | C10: ='[1]II skyrius'!D18 -> Didinti turistinį savivaldybės patrauklumą, teikiant viešąsias paslaugas bei plėtojant viešąją turizmo infrastruktūrą
C11: Viešųjų paslaugų teikimas bei Visagino savivaldybės turizmo rinkodaros plėtojimas
C12: Žygių maršrutų „Visaginas. Miestas miške-miškas mieste" sukūrimas, integracija į funkcinės zonos VIZA ir Utenos regiono bendrus turizmo maršrutus, priėjimų prie lankomų/gamtos objektų įrengimas, atokvėpio/stebėjimo vietų įrengimas
C13: Visagino kaip postbranduolinės erdvės paveldo išsaugojimas, aktualizavimas, pristatymas
B14: 2 prioritetas | C14: Socialinės gerovės kūrimas sumaniai, pažangiai, besimokančiai, moderniai ir laimingai bendruomenei
B15: 2.1. tikslas | C15: ='[1]II skyrius'!D22 -> Tikslingai naudojant švietimui skirtas lėšas bei kryptingai tobulinant darbuotojų kompetencijas, kiekvienam besimokančiajam sukurti lygiavertes ir šiuolaikiškas kokybiško ugdymo(si) sąlygas, lemiančias geresnius mokinių pasiekimus, optimalią, integracinę, darniai ir racionaliai veikiančią, nuolat atsinaujinančią savivaldybės švietimo sistemą
C16: Ikimokyklinio ugdymo įstaigų tinklo, kuriant naujas ugdymo vietas, stiprinimas
C17: Visagino progimnazijų erdvių pritaikymas negalią turinčių mokinių ugdymuisi įtraukiuoju būdu
C18: Visos dienos užimtumo erdvių sukūrimas Visagino bendrojo ugdymo mokyklose
C19: Visagino savivaldybės priemonių, numatytų „Tūkstantmečio mokyklų“ Visagino ir Ignalinos rajono savivaldybių Švietimo pažangos plane, įgyvendinimas
C20: Visagino savivaldybės bendrojo ugdymo mokyklų tinklo pertvarkos priemonių planų kiekvienoje mokykloje įgyvendinimas
B21: 2.2. tikslas | C21: ='[1]II skyrius'!D30 -> Sudaryti sąlygas visų amžiaus grupių ir galimybių visaginiečiams jų sveikai gyvensenai, fiziniam aktyvumui, sportavimui bei siekti, kad tai taptų savivaldybės bendruomenės gyvensenos dalimi
C22: Visagino savivaldybės ugdymo įstaigų vidaus ir lauko sporto infrastruktūros - sporto salių, aikštelių, stadionų - atnaujinimas ir (ar) plėtra
C23: Aplinkos ir viešųjų erdvių fizinio aktyvumo užsiėmimams pritaikymas
B24: 2.3. tikslas | C24: ='[1]II skyrius'!D36 -> Įgyvendinti valstybinę kultūros politiką ir formuoti regioninį identitetą, stiprinti pilietiškumą ir bendruomenės į(si)traukimą į kūrybines, kultūrines veiklas
C25: Infrastruktūros, būtinos gyventojų kultūriniams poreikiams užtikrinti, esamos vidaus rekonstravimas ir/arba naujos statymas
C26: Visagino miesto muziejaus koncepcijos ir struktūros plėtojimas
B27: 2.4. tikslas | C27: ='[1]II skyrius'!D43 -> Stiprinti ir puoselėti gyventojų sveikatą
C28: Asmens sveikatos priežiūros įstaigų paslaugų infrastruktūros bei įrangos, siekiant didesnės ir aukštesnės paslaugų aprėpties, įvairovės ir kokybės plėtojimas, modernizavimas ir atnaujinimas (Visagino sveikatos centro veiklos vystymas)
B29: 2.5. tikslas | C29: ='[1]II skyrius'!D47 -> Pagerinti ir plėsti socialinių paslaugų kokybę ir prieinamumą bei sukurti jų plėtrai reikalingą infrastruktūrą
C30: Socialinių paslaugų prieinamumo didinimas
C31: Socialinio ir savivaldybės būsto prieinamumo visų socialinių grupių atstovams didinimas
B32: 2.6. tikslas | C32: ='[1]II skyrius'!D49 -> Sudaryti galimybes jaunimui atvykti, dirbti ir gyventi Visagino savivaldybėje
C33: Jaunimo teikiamų projektų ir iniciatyvų finansavimas
B34: 2.7. tikslas | C34: ='[1]II skyrius'!D52 -> Gyventojų socialinio, pilietinio aktyvumo, dalyvavimo savanoriškoje, visuomeninėje veikloje, tarpusavio pasitikėjimo, bendruomenės socialinės atsakomybės ir įsitraukimo didinimas
C35: Vietos savivaldai priimant sprendimus integruotai ir tolygiai formuoti nevyriausybinių ir bendruomeninių organizacijų veiklai palankią aplinką savivaldybėje (dalyvaujamojo biudžeto priemonių vykdymas)
C36: Viešosios naudos nevyriausybinių ir bendruomeninių organizacijų institucinio stiprinimo projektų (gebėjimai, lyderystė, sąlygos viešosios naudos organizacijų veiklos tvarumui užtikrinti, socialinis verslas ir kt.) - vietos veiklos grupių strategijų tvirtinimas
B37: 2.8. tikslas | C37: ='[1]II skyrius'!D56 -> Tobulinti viešojo valdymo sistemą, didinti jos efektyvumą ir atvirumą
C38: Inovatyvių sprendimų ir būdų savivaldybėje ir jos įstaigose, galinčių padidinti viešojo valdymo efektyvumą, diegimas (miesto dvynio informacinės sistemos sukūrimas)
C39: Miesto vaizdo stebėjimo sistemos naujinimas ir plėtra
B40: 3 prioritetas | C40: Tvarus, subalansuotas savivaldybės aplinkos vystymas ir plėtra
B41: 3.1. tikslas | C41: ='[1]II skyrius'!D64 -> Vykdyti kryptingą darnaus judumo politiką savivaldybėje
C42: ='[1]II skyrius'!D65 -> Skatinti bemotorio transporto pasirinkimą ir pėsčiųjų judumą
C43: Esamų šaligatvių ir pėsčiųjų takų infrastruktūros kokybės gerinimas
C44: Autobusų stoties su turizmo informacijos centru statyba
C45: Tinkamo miesto kelių tinklo darnos, saugumo ir kokybės užtikrinimas
B46: 3.2. tikslas | C46: ='[1]II skyrius'!D68 -> Skatinti tvarų miesto teritorijos vystymą
C47: Individualių namų kvartalo vystymas (projektavimas)
C48: Daugiafunkcių viešųjų erdvių poilsio, rekreacijos ir kultūros poreikiams įrengimas, modernizavimas ir/ar atnaujinimas
B49: 3.3. tikslas | C49: ='[1]II skyrius'!D72 -> Skatinti žaliąją savivaldybės plėtrą
C50: Kogeneracinės biokuro elektrinės (1,25 MW elektros galios, 6,8 MW šilumos galios) statyba
C51: Savivaldybės viešųjų pastatų, taikant energijos išteklių panaudojimo efektyvumo didinimo priemones, modernizavimas
C52: Komunalinių, rūšiuojamųjų, žaliųjų atliekų, atliekų, tinkamų paruošimui pakartotiniam naudojimui, surinkimo pajėgumų bei apdorojimo plėtra Visagino savivaldybėje, keičiant į kitus energetinius šaltinius

Sheet Regioninis planavimas (III)
B3: REGIONINIS PLANAVIMAS 2023 m. (informacija apie regionų plėtros programoje, regiono plėtros plane nustatytų uždavinių ir jų vertinimo rodiklių reikšmių pasiekimą atitinkamais finansiniais metais)
B4: Visagino savivaldybės meras Erlandas Galaguz ir Visagino savivaldybės tarybos narys Vytautas Račkauskas atstovauja Visagino savivaldybei Utenos regiono plėtros taryboje, kuri planuoja ir koordinuoja nacionalinės regioninės politikos įgyvendinimą toje apskrityje, skatina Utenos regiono socialinę ir ekonominę plėtrą ir apskrities savivaldybių bendradarbiavimą. Regiono plėtros tarybos veiklos tikslai: planuoti ir koordinuoti nacionalinės regioninės politikos įgyvendinimą konkrečiame regione ir kartu su kitomis regionų plėtros tarybomis, savivaldybių institucijomis ir įstaigomis įgyvendinti regioninės plėtros skatinimo priemones; skatinti socialinę, ekonominę regiono plėtrą, darnų urbanizuotų teritorijų vystymą, socialinių ir ekonominių skirtumų tarp regiono ir kitų regionų bei šių skirtumų tarp regiono savivaldybių mažinimą; skatinti savivaldybių bendradarbiavimą siekiant padidinti funkcinių zonų vystymo ir viešųjų paslaugų teikimo organizavimo efektyvumą; atstovauti regionui. 2023 metais Utenos regiono plėtros taryba kartu su Utenos regiono savivaldybėmis parengė ir patvirtino Utenos regiono plėtros planą (ir jo pakeitimus), koordinavo ir kontroliavo regiono plėtros plano įgyvendinimą, teikė Vidaus reikalų ministerijai ir kitoms Vyriausybės tvirtinamus planavimo dokumentus rengiančioms valstybės institucijoms, įstaigoms pasiūlymus dėl Regionų plėtros programos ir kitų Vyriausybės tvirtinamų planavimo dokumentų, kurių įgyvendinimas gali turėti poveikį regiono plėtrai, projektų. 2023 m. parengtos ir patvirtintos Utenos regiono plėtros plano pažangos priemonės, kurias įgyvendinant dalyvauja Visagino savivaldybė: 1) Pažangos priemonė LT029-02-01-02 „Rūšiuojamojo atliekų surinkimo skatinimas“, Visagino savivaldybė planuoja įgyvendinti investicinius projektus „Komunalinių atliekų rūšiuojamojo atliekų surinkimo pajėgumų plėtra Visagino savivaldybėje“ ir „Didelių gabaritų atliekų surinkimo aikštelės įrengimas Visagino mieste“ (planuojama projektų vertė 2 090 180,75 Eur, iš jų ES lėšos – 1 776 653,54 Eur); 2) Pažangos priemonė LT029-01-03-01 „Ugdymo prieinamumo atskirtį patiriantiems vaikams didinimas“, Visagino savivaldybė planuoja įgyvendinti investicinius projektus „Stiprinti ikimokyklinio ugdymo įstaigų tinklą, kuriant naujas ugdymo veiklas“ ir „ Visagino progimnazijų erdvių pritaikymas negalią turinčių mokinių ugdymuisi įtraukiuoju būdu“ (planuojama projektų vertė 2 073 235 Eur, iš jų ES lėšos – 1 762 249,75 Eur); 3) Pažangos priemonė LT029-01-03-02 „Visos dienos mokyklos modelio pritaikymas formalaus ir neformalaus švietimo integracijai“, Visagino savivaldybė planuoja įgyvendinti investicinį projektą „Visos dienos užimtumo erdvių sukūrimas Visagino bendrojo ugdymo mokyklose“ (planuojama projekto vertė 1 160 000 Eur, iš jų ES lėšos – 986 000 Eur); 4) Pažangos priemonė LT029-01-01-01 „Socialinių paslaugų infrastruktūros, būtinos institucinės globos pertvarkos įgyvendinimui, modernizavimas ir plėtra“, Visagino savivaldybė planuoja įgyvendinti investicinį projektą „Bendrabučio tipo pastato, esančio Kosmoso g. 28 Visagine, patalpų pritaikymas socialinio būsto įrengimui-II etapas“ (planuojama projekto vertė 962 734,71 Eur, iš jų ES lėšos – 818 031,58 Eur); 5) Pažangos priemonė LT029-01-01-01 „Socialinių paslaugų infrastruktūros, būtinos institucinės globos pertvarkos įgyvendinimui, modernizavimas ir plėtra“, Visagino savivaldybė planuoja įgyvendinti investicinį projektą „Specialiųjų poreikių turinčių asmenų gerovės kūrimas ir įtrauktis į socialinę ir ekonominę Visagino savivaldybės raidą“ (planuojama projekto vertė 2 110 699,12 Eur, iš jų ES lėšos – 1 793 094,25 Eur); 2023 m. Utenos regiono plėtros taryba patvirtino, kad Visagino miesto vietos veiklos grupės 2024–2029 m. vietos plėtros strategijos projektas atitinka 2022–2030 m. Utenos regiono plėtros plano 1 tikslą „Gerinti socialinių, sveikatos priežiūros, švietimo paslaugų kokybę ir prieinamumą“ ir 3 tikslą „Prisidėti prie investicinės aplinkos patrauklumo ir bendrų turizmo paslaugų vystymo “. Utenos regiono plėtros planą galite rasti paspaudę nuorodą: https://www.e-tar.lt/portal/lt/legalAct/579ce010a1fd11ed8df094f359a60216

Sheet Plėtros tikslų stebėsena (IV) 
B2: SAVIVALDYBĖS PLĖTROS TIKSLŲ IR UŽDAVINIŲ STEBĖSENA IKI 2030 M.
C8: SSPP tikslų ir uždavinių kodas | D8: SSPP tikslai ir uždaviniai | E8: Stebėsenos rodiklis (matavimo vnt.) | F8: Pradinė stebėsenos rodiklio reikšmė (2022) | G8: Faktinė stebėsenos rodiklio reikšmė (2023) | H8: Pasiekta stebėsenos rodiklio reikšmė (2023) | I8: Siektinos stebėsenos rodiklio reikšmės | L8: Faktinė stebėsenos rodiklio reikšmė (2023) | M8: Siekiama stebėsenos rodiklio reikšmė (2030)
I9: 2024 metai | J9: 2025 metai | K9: 2026 metai
C10: 1 | D10: 2 | E10: 3 | F10: 4 | G10: 8 | I10: 5 | J10: 6 | K10: 7 | L10: 8 | M10: 9
C11: 1.1. | D11: Gerinti investicinės aplinkos patrauklumą ir didinti ekonominį potencialą | E11: E-1.1-1 Dirbančiųjų skaičius (tūkst. asm.) | F11: 5859 | G11: Nėra duomenų už 2023 m. | H11: Nėra duomenų už 2023 m. | I11: 7450 | J11: 7460 | K11: 7470 | L11: 7470 | M11: 8000
C12: 1.1.-1 | D12: Pagerinti investicijų pritraukimo ir verslo plėtros sąlygas | E12: Materialinės investicijos, tenkančios 1-am gyventojui (Eur) | F12: 1116 Eur (2020) | G12: 1116 Eur (2020) | H12: 889* duomenys už 2022 m. | I12: 889 | J12: 890 | K12: 891 | L12: 1116 Eur (2020) | M12: Ne mažiau kaip 1200 Eur (2030 )
E13: Pritraukta naujų tiesioginių užsienio investicijų, tenkančių 1-am gyventojui (Eur) | F13: 571 Eur (2020) | G13: 571 Eur (2020) | H13: 739* duomenys už 2022 m. | I13: 739 | J13: 740 | K13: 741 | L13: 571 Eur (2020) | M13: 800 Eur (2030 m)
C14: 1.1.-2 | D14: Skatinti gyventojų verslumą ir ekonominį mobilumą | E14: Verslumo lygis (veikiančių SVV įmonių skaičius, tenkantis 1000 gyv., koef.) | F14: 15,5 (2022) | G14: 15,5 (2022) | H14: 14.8 | I14: 14.78 | J14: 14.8 | K14: 15 | L14: 15,5 (2022) | M14: Ne mažiau kaip 20 (2030)
E15: Gyventojų aktyvumas, vykdant individualią veiklą (gyventojų, besiverčiančių veikla pagal individualios veiklos pažymą ir verslo liudijimus, skaičius, tenkantis 1000-iui gyv., koef.) | F15: 18,82 (2022) | G15: 18,82 (2022) | H15: 18.82 | I15: 19.55 | J15: 20 | K15: 20 | L15: 1,52 (2022) | M15: Ne mažiau kaip 20 (2030)
E16: Sukurti ir įgyvendinti verslumo skatinimo programą | F16: 0 (2022) | G16: 0 (2022) | H16: 1 | I16: 1 | J16: 0 | K16: 0 | L16: 0 (2022) | M16: 1 (2024)
E17: Bendradarbystės centro „Spiečius“ narių skaičius | F17: 15 (2022) | G17: 15 (2022) | H17: 15 | I17: 25 | J17: 35 | K17: 45 | L17: 15 (2022) | M17: 100 (2030)
C18: 1.1.-3 | D18: Sukurti tinkamas sąlygas strateginėms verslo kryptims plėtotis Visagino savivaldybėje | E18: Strateginėse verslo kryptyse veikiančių verslo subjektų skaičius | F18: 2 (2022) | G18: 2 (2022) | H18: 2 | I18: 2 | J18: 2 | K18: 3 | L18: 2 (2022) | M18: 4 (2030)
C19: 1.2. | D19: Didinti turistinį savivaldybės patrauklumą, teikiant viešąsias paslaugas bei plėtojant viešąją turizmo infrastruktūrą | E19: Nakvynių skaičius apgyvendinimo įstaigose, vnt. | F19: 506 (2022) | G19: 506 (2022) | H19: 8967 | I19: 7855 | J19: 8000 | K19: 8100 | L19: 506 (2022) | M19: 700 (2030)
C20: 1.2.-1 | D20: Skatinti turizmo konkurencingumą, teikiant viešąsias ir verslo paslaugas bei vykdant aktyvią paslaugų rinkodarą | E20: Turistų, apsilankiusių VTPC, dalis sezono metu (gegužės–rugpjūčio mėn.), palyginti su bendruoju metiniu turistų skaičiumi (proc.) | F20: 72 (2022) | G20: 72 (2022) | H20: 72 | I20: 72 | J20: 72 | K20: 72 | L20: 72 (2022) | M20: 50 (2030)
C21: 1.2.-2 | D21: Visagino turizmo, gamtos ir kultūros objektų pritaikymas lankymui, modernizuojant viešąją turizmo infrastruktūrą | E21: Suformuotų turistų traukos objektų skaičius (vnt.) | F21: 0 (2022) | G21: 0 (2022) | H21: 0 | I21: 4 | J21: 1 | K21: 1 | L21: 0 (2022) | M21: 3 (2030)
C22: 1.2.-3 | D22: Visagino kaip monoindustrinio miesto urbanistikos, daugiataučio kultūros paveldo ir tradicijų perdavimas per turizmo ir edukacines veiklas | E22: Asmenų, dalyvavusių perduodant Visagino daugiataučio kultūros paveldo ir tradicijų per turizmo ir edukacines veiklas, skaičius | F22: 0 (2022) | G22: 0 (2022) | H22: 50 | I22: 50 | J22: 100 | K22: 150 | L22: 0 (2022) | M22: 700 (2030)
C23: 2.1 | D23: Tikslingai naudojant švietimui skirtas lėšas bei kryptingai tobulinant darbuotojų kompetencijas, kiekvienam besimokančiajam sukurti lygiavertes ir šiuolaikiškas kokybiško ugdymo(si) sąlygas, lemiančias geresnius mokinių pasiekimus, optimalią, integracinę, darniai ir racionaliai veikiančią, nuolat atsinaujinančią savivaldybės švietimo sistemą | E23: Visagino savivaldybės bendrojo ugdymo mokyklų tinklo pertvarkos 2022–2026 metų bendrojo plano kokybinių pokyčių / priemonių įgyvendinimas, proc. | F23: 0 (2022) | G23: 0 (2022) | H23: 10 | I23: 50 | J23: 75 | K23: 98 | L23: 0 (2022) | M23: 98 (2026)
C24: 2.1.-1 | D24: Padidinti ugdymo paslaugų prieinamumą ir įtrauktį kuriant naujas ikimokyklinio ugdymo vietas ir efektyviai veikiančių mokyklų infrastruktūrą pritaikant vaikams su negalia bei bendriesiems ugdymo poreikiams gerinti | E24: Ikimokyklinio ugdymo įstaigų talpumas (vietų skaičius), vnt. | F24: 895 (2022) | G24: 895 (2022) | H24: 895 | I24: 895 | J24: 983 | K24: 983 | L24: 895 (2022) | M24: 983 (2027)
E25: Mokyklų, kuriose buvo įdiegtos universalaus dizaino ir kitos inžinerinės priemonės, aplinką pritaikant asmenims, turintiems negalią, dalis nuo visų mokyklų | F25: 0 (2022) | G25: 0 (2022) | H25: 0 | I25: 0 | J25: 40 | K25: 0 | L25: 0 (2022) | M25: 40 (2023)
C26: 2.1.-2 | D26: Plėtoti įvairialypį švietimą vykdant visos dienos mokyklų veiklą | E26: Neformaliojo vaikų švietimo galimybėmis pasinaudojusių mokinių dalis (išskyrus ikimokykliniame ir priešmokykliniame ugdyme dalyvaujančius vaikus) (proc.) | F26: 0 (2022) | G26: 0 (2022) | H26: 0 | I26: 0 | J26: 35 | K26: 45 | L26: 0 (2022) | M26: 46,9 (2027)
C27: 2.1.-3 | D27: Stiprinti mokyklas įgalinant dirbti su įvairių galių ir gebėjimų mokiniais, kurie mokyklų pedagogų, mokymosi aplinkos padedami ir motyvuojami įveikia barjerus ir pasiekia maksimalų savo individualių galimybių mokymosi rezultatą | E27: Visagino savivaldybės ugdymo įstaigų, dalyvavusių Tūkstantmečio mokyklų programos veiklose, skaičius | F27: 0 (2022) | G27: 0 (2022) | H27: 0 | I27: 3 | J27: 3 | K27: 3 | L27: 0 (2022) | M27: 3 (2030)
C28: 2.1.-4 | D28: Skatinti mokinių domėjimąsi gamtos mokslais, matematika, technologijomis ir kt. veiklomis, išbandant save įvairiose praktinėse-tiriamosiose veiklose | E28: Pasirašytų bendradarbiavimo sutarčių su verslo atstovais skaičius | F28: 0 (2022) | G28: 0 (2022) | H28: 1 | I28: 1 | J28: 1 | K28: 1 | L28: 0 (2022) | M28: 3 (2030)
C29: 2.1.-5 | D29: Skatinti kokybinę kaitą bei lyderystės raišką švietimo įstaigose išbandant / taikant inovatyvius mokymo(si) modelius, aktyviai dalyvaujant projektinėje veikloje | E29: Įgyvendintų projektų skaičius | F29: 1(2022) | G29: 1(2022) | H29: 2 | I29: 0 | J29: 1 | K29: 4 | L29: 1(2022) | M29: 5 (2030)
C30: 2.1.-6 | D30: Siekti, kad visi turėtų lanksčių kvalifikacijos kėlimo ir persikvalifikavimo galimybių, atsižvelgiant į verslumo ir skaitmeninius įgūdžius, geriau numatyti pokyčius ir naujų įgūdžių reikalavimus, grindžiamus darbo rinkos poreikiais, sudaryti palankesnes sąlygas keisti profesinę veiklą ir skatinti profesinį judumą | E30: Asmenų, kurie dalyvavę mokymuose įgijo kompetenciją, dalis proc. nuo visų besimokančiųjų VTVPMC | F30: 0 (2022) | G30: 0 (2022) | H30: 80 | I30: 80 | J30: 82 | K30: 85 | L30: 0 (2022) | M30: 98 (2030)
C31: 2.2. | D31: Sudaryti sąlygas visų amžiaus grupių ir galimybių visaginiečiams jų sveikai gyvensenai, fiziniam aktyvumui, sportavimui bei siekti, kad tai taptų savivaldybės bendruomenės gyvensenos dalimi | E31: Veikiančių atvirų sporto erdvių skaičius (vnt.) | F31: 10 (2022) | G31: 10 (2022) | H31: 10 | I31: 12 | J31: 12 | K31: 13 | L31: 10 (2022) | M31: 21 (2030)
C32: 2.2-1 | D32: Didinti fizinio aktyvumo lygį visose savivaldybės gyventojų amžiaus grupėse, plėsti galimybes bendruomenės fiziniam aktyvumui ir sveikatinimo veikloms | E32: Sporto varžybose ir sveikatingumo renginiuose dalyvavusių asmenų skaičius, vnt. per metus | F32: 2466 (2021) | G32: 2466 (2021) | H32: ~3000 | I32: 3000 | J32: 3600 | K32: 4000 | L32: 2466 (2021) | M32: Kasmet didėjantis ne mažiau kaip 20 proc.
C33: 2.2-2 | D33: Vykdyti talentingų sportininkų atranką, sudaryti jiems tinkamas sąlygas meistriškumui didinti | E33: Aukšto meistriškumo sportininkų dalis nuo visų sportininkų Visagino savivaldybėje (proc.) | F33: 20 (2022) | G33: 20 (2022) | H33: ~20 | I33: 20 | J33: 20 | K33: 25 | L33: 20 (2022) | M33: 40 (2030)
C34: 2.2-3 | D34: Gerinti sporto ir fizinio aktyvumo specialistų kvalifikaciją ir pritraukti naujus specialistus, kurių kompetencijos reikalingos bendruomenės poreikiams tenkinti, sporto ir fizinio aktyvumo paslaugų plėtrai ir kokybės užtikrinimui | E34: Kvalifikaciją patobulinusių sportinio ugdymo specialistų, dirbančių Visagino savivaldybės įstaigose, skaičius (proc.) | F34: 30 (2022) | G34: 30 2022) | H34: ~20 | I34: 30 | J34: 30 | K34: 30 | L34: 30 2022) | M34: 80 (2030)
C35: 2.2-4 | D35: Didinti visuomenės informuotumą apie fizinio aktyvumo naudą ir vykdyti sporto informacijos sklaidą | E35: Informacinėmis priemonėmis pasiektų asmenų dalis proc. nuo visų gyventojų | F35: 0 (2022) | G35: 0 (2022) | H35: ~40 | I35: 40 | J35: 50 | K35: 60 | L35: 0 (2022) | M35: 98 (2030)
C36: 2.2-5 | D36: Plėtoti ir atnaujinti sporto infrastruktūrą, aprūpinti poreikius atitinkančia įranga ir inventoriumi sudarant tinkamas sąlygas bendruomenės fiziniam aktyvumui, aukšto meistriškumo sportininkų rengimui bei varžybų nuo savivaldybės lygmens iki tarptautinių vykdymui | E36: Asmenų dalyvavusių aukšto lygio sporto varžybose dalis proc. nuo visų gyventojų | F36: 0 (2022) | G36: 0 (2022) | H36: ~1 | I36: 1 | J36: 1 | K36: 1.5 | L36: 0 (2022) | M36: 5 (2030)
C37: 2.3. | D37: Įgyvendinti valstybinę kultūros politiką ir formuoti regioninį identitetą, stiprinti pilietiškumą ir bendruomenės į(si)traukimą į kūrybines, kultūrines veiklas | E37: Gyventojų, bent kartą per mėnesį besilankančių viešuose kultūros renginiuose, dalis proc. nuo bendro gyventojų skaičiaus | F37: 0 (2022) | G37: 0 (2022) | H37: 20 | I37: 40 | J37: 50 | K37: 60 | L37: 0 (2022) | M37: 70 (2030)
C38: 2.3.-1 | D38: Formuoti Visagino, kaip daugiakultūrio miesto, atviro kultūrinėms inovacijoms ir patrauklaus profesionalaus meno sklaidai, laukiančio svečių, reputaciją | E38: Kultūros renginiuose apsilankiusių asmenų skaičius proc. nuo bendro gyventojų skaičiaus | F38: 0 (2022) | G38: 0 (2022) | H38: 22 | I38: 20 | J38: 30 | K38: 50 | L38: 0 (2022) | M38: 80 (2030)
C39: 2.3.-2 | D39: Visagino savivaldybėje sukurti palankiausiais regione sąlygas menininkų kūrybai ir kūrybiniams verslams vystytis | E39: Naujai susikūrusių kūrybinių verslų skaičius | F39: 0 (2022) | G39: 0 (2022) | H39: 0 | I39: 0 | J39: 2 | K39: 3 | L39: 0 (2022) | M39: 8 (2030)
C40: 2.3.-3 | D40: Plėtoti / tobulinti pagal kintančius bendruomenės poreikius kultūros infrastruktūrą bei užtikrinti kultūros, laisvalaikio, kūrybos erdvių prieinamumą bendruomenei ir kūrėjams | E40: Naujai įkurtų erdvių, kuriose skatinamos meniškos ir meninės veiklos, skaičius | F40: 0 (2022) | G40: 0 (2022) | H40: 1 | I40: 0 | J40: 0 | K40: 1 | L40: 0 (2022) | M40: 5 (2030)
C41: 2.3.-4 | D41: Sudaryti palaikančias ir motyvuojančias sąlygas etninės kultūros sklaidai, Dainų švenčių tradicijos tęstinumui, senųjų tradicijų, papročių populiarinimui, jų gyvybingumo puoselėjimui | E41: Asmenų, dalyvavusių etninės kultūros renginiuose, dalis proc. nuo visų savivaldybės gyventojų | F41: 0 (2022) | G41: 0 (2022) | H41: 11 | I41: 10 | J41: 15 | K41: 20 | L41: 0 (2022) | M41: 50 (2030)
C42: 2.3.-5 | D42: Stiprinti įstaigų partnerystę / tinklaveiką, plėtoti projektinę veiklą | E42: Asmenų, dalyvavusių kultūros ir švietimo bendradarbiavimo veiklose, dalis proc. nuo visų savivaldybės gyventojų | F42: 0 (2022) | G42: 0 (2022) | H42: 11 | I42: 10 | J42: 15 | K42: 20 | L42: 0 (2022) | M42: 50 (2030)
C43: 2.3.-6 | D43: Ugdyti įvairiakalbę, kritiškai mąstančią Visagino bendruomenę, kurią jungia valstybinė kalba ir pagarba valstybei | E43: Gyventojų, dalyvavusių pilietinio ugdymo veiklose, dalis proc. nuo visų savivaldybės gyventojų | F43: 0 (2022) | G43: 0 (2022) | H43: ~3 proc. | I43: 3 | J43: 4 | K43: 5 | L43: 0 (2022) | M43: 80 (2030)
C44: 2.4. | D44: Stiprinti ir puoselėti gyventojų sveikatą | E44: Vidutinė tikėtina gyvenimo trukmė (metais) | F44: 76 (2020 m.) | G44: 76 (2020 m.) | H44: 75.47 | I44: 75.47 | J44: 76 | K44: 76 | L44: 76 (2020 m.) | M44: 78,3 (2030)
C45: 2.4.-1 | D45: Užtikrinti prieinamas aukštos kokybės sveikatos priežiūros paslaugas | E45: Stacionaro ligonių skaičius, tenkantis 1 tūkst. gyventojų | F45: 187,5 (2021) | G45: 187,5 (2021) | H45: 207.2 | I45: 207.2 | J45: 206 | K45: 205 | L45: 187,5 (2021) | M45: Mažėjantis
C46: 2.4.-2 | D46: Išplėsti su visuomenės sveikatos stiprinimu susijusias paslaugas | E46: Visuomenės sveikatos stiprinimo veiklose dalyvavusios tikslinės grupės dalis (proc.): | F46: 50 (2021) | G46: 50 (2021) | H46: 50 | I46: 50 | J46: 55 | K46: 60 | L46: 50 (2021) | M46: Didėjantis arba ne mažesnis kaip 80,0 proc. (2030
E47: Ikimokyklinio ir mokyklinio amžiaus vaikai (0–18 m.) | F47: 12 (2021) | G47: 12 (2021) | H47: 12 | I47: 12 | J47: 15 | K47: 17 | L47: 12 (2021) | M47: Didėjantis arba ne mažesnis kaip 25 proc. (2030
C48: 2.5. | D48: Pagerinti ir plėsti socialinių paslaugų kokybę ir prieinamumą bei sukurti jų plėtrai reikalingą infrastruktūrą | E48: Socialines paslaugas gavusių asmenų skaičius proc. nuo bendro gyventojų skaičiaus | F48: 8 ( 2022) | G48: 8 ( 2022) | H48: 8 | I48: 8 | J48: 9 | K48: 9 | L48: 8 ( 2022) | M48: Ne mažiau kaip 12 (2030)
C49: 2.5-1 | D49: Pagerinti ir plėsti socialinių paslaugų kokybę ir prieinamumą bei sukurti jų plėtrai reikalingą infrastruktūrą | E49: Teikiamų socialinių paslaugų rūšių (bendrųjų socialinių paslaugų, socialinės priežiūros paslaugų, socialinės globos paslaugų ir kt.) skaičius (vnt | F49: 21 vnt. (2021) | G49: 21 proc. (2021) | H49: 25 | I49: 25 | J49: 26 | K49: 27 | L49: 21 proc. (2021) | M49: Ne mažiau kaip 26 proc. (2030)
C50: 2.6. | D50: Sudaryti galimybes jaunimui atvykti, dirbti ir gyventi Visagino savivaldybėje | E50: Jaunimo (14–29 metų amžiaus) dalis nuo bendro Visagino savivaldybės gyventojų skaičiaus (proc.) | F50: 12,94 (2021) | G50: 12,94 (2021) | H50: 12 | I50: 12 | J50: 12.5 | K50: 12.7 | L50: 12,94 (2021) | M50: 13,5 (2030)
C51: 2.6-1 | D51: Pritaikyti viešąsias erdves jaunimo poreikiams | E51: Jaunimo poreikiams pritaikytų jaunimo erdvių skaičius (vnt.) | F51: 0 (2022) | G51: 0 (2022) | H51: 0 | I51: 0 | J51: 0 | K51: 1 | L51: 0 (2022) | M51: 3 (2030)
C52: 2.6-2 | D52: Sudaryti sąlygas jaunimo savirealizacijai | E52: Jaunuolių, turinčių Jaunimo savanoriškos tarnybos (JST) pažymėjimą, skaičius (per metus) | F52: 4 (2022) | G52: 4 (2022) | H52: 0 | I52: 2 | J52: 4 | K52: 6 | L52: 4 (2022) | M52: Ne mažiau kaip 30 (2030)
C53: 2.7. | D53: Gyventojų socialinio, pilietinio aktyvumo, dalyvavimo savanoriškoje, visuomeninėje veikloje, tarpusavio pasitikėjimo, bendruomenės socialinės atsakomybės ir įsitraukimo didinimas | E53: Gyventojų, dalyvavusių pilietinio ugdymo veiklose, dalis proc. nuo visų savivaldybės gyventojų | F53: 0 (2022) | G53: 0 (2022) | H53: 7 proc. | I53: 10 | J53: 12 | K53: 15 | L53: 0 (2022) | M53: 50 (2030)
C54: 2.7.-1 | D54: Stiprinti nevyriausybines ir bendruomenines organizacijas, gerinti aplinką jų veiklai, remti pilietines iniciatyvas | E54: Veikiančių nevyriausybinių ir bendruomeninių organizacijų skaičius | F54: 80 (2022) | G54: 80 (2022) | H54: 50 | I54: 85 | J54: 85 | K54: 85 | L54: 80 (2022) | M54: 100 (2030)
C55: 2.7.-2 | D55: Įtraukti nevyriausybinį sektorių į viešųjų paslaugų teikimą, tinkamai pasinaudoti iš bendruomenės kylančiomis iniciatyvomis vietos plėtrai | E55: Savivaldybės viešųjų paslaugų, kurias teikia nevyriausybinės ir bendruomeninės organizacijos, dalis proc. nuo visų teikiamų paslaugų | F55: 0 (2022) | G55: 0 (2022) | H55: 0 | I55: 0 | J55: 0.1 | K55: 0.3 | L55: 0 (2022) | M55: 5 (2030)
C56: 2.7.-3 | D56: Sudaryti galimybes bendruomenei įsitraukti ir aktyviai dalyvauti sprendžiant jai aktualius klausimus | E56: Pilietinės visuomenės ir privačiojo sektoriaus subjektai, dalyvavę rengiant ir (ar) įgyvendinant miestui svarbių klausimų sprendimus, vnt. | F56: 0 (2022) | G56: 0 (2022) | H56: 2 | I56: 2 | J56: 3 | K56: 5 | L56: 0 (2022) | M56: 100 (2030)
C57: 2.8. | D57: Tobulinti viešojo valdymo sistemą, didinti jos efektyvumą ir atvirumą | E57: Gyventojų, pasitikinčių savivaldybės institucija ir jos įstaigomis, dalis proc. | F57: 0 (2022) | G57: 0 (2022) | I57: 60 | J57: 70 | K57: 75 | L57: 0 (2022) | M57: Ne mažiau kaip 55 (2030)
C58: 2.8.-1 | D58: Gerinti viešojo valdymo institucijų teikiamų paslaugų kokybę, didinti jų prieinamumą ir patrauklumą | E58: Gyventojų, per paskutinius 12 mėnesių dalyvavusių sprendžiant viešuosius vietos reikalus, dalis proc. | F58: 30 (2022) | G58: 30 (2022) | H58: 1 | I58: 30 | J58: 40 | K58: 50 | L58: 30 (2022) | M58: Ne mažiau kaip 70 (2030)
C59: 2.8.-2 | D59: Kurti ir plėtoti saugią aplinką Visagino savivaldybėje | E59: Parengta ir įgyvendinta Kompleksinės saugumo stiprinimo ir saugios savivaldybės plėtros programa, vnt. | F59: 0 (2022) | G59: 0 (2022) | H59: 0 | I59: 0 | J59: 0 | K59: 0 | L59: 0 (2022) | M59: 1/1 (2030)
C60: 2.8.-3 | D60: Sustiprinti teigiamą Visagino savivaldybės įvaizdį ir komunikaciją | E60: Savivaldybės išorinės komunikacijos lygis, auditorijos dydis (medijų paskyrų sekėjai, interneto svetainės naudotojai, naujienlaiškių prenumeratoriai ir kt.) | F60: „Facebook“ 3 486 tūkst. (2022) | G60: „Facebook“ 3 486 tūkst. (2022) | H60: 4156 | I60: 3486 | J60: 3486 | K60: 3486 | L60: „Facebook“ 3 486 tūkst. (2022) | M60: „Facebook“10 000 tūkst. (2030
F62: „YouTube“ 469 (2020) | G62: „YouTube“ 469 (2020) | H62: 469 | I62: 469 | J62: 500 | K62: 500 | L62: „YouTube“ 469 (2020) | M62: „YouTube“ 1,2 tūkst. (2030)
F63: Interneto svetainės naudotojai 253,7 tūkst./ metus (2020) | G63: Interneto svetainės naudotojai 253,7 tūkst./ metus (2020) | H63: 4156 tūkst./ metus | I63: 254 tūkst./ metus | J63: 254 tūkst./ metus | K63: 254 tūkst./ metus | L63: Interneto svetainės naudotojai 253,7 tūkst./ metus (2020) | M63: Interneto svetainės naudotojai 500 tūkst. / metus (2030)
C65: 3.1. | D65: Vykdyti kryptingą darnaus judumo politiką savivaldybėje | E65: Šiltnamio efektą sukeliančių dujų kiekis (tonomis), tenkantis Visagino savivaldybės gyventojams | F65: 140 t (2022) | G65: 140 t (2022) | I65: 135 | J65: 130 | K65: 125 | L65: 140 t (2022) | M65: Mažėjantis iki 100 t (2030)
C66: 3.1-1 | D66: Skatinti bemotorio transporto pasirinkimą ir pėsčiųjų judumą | E66: Naujo arba modernizuoto viešojo transporto naudotojų skaičius per metus | F66: ~8000 (2022) | G66: ~8000 (2022) | H66: ~8000 | I66: ~8000 | J66: 8000 | K66: ~8000 | L66: ~8000 (2022) | M66: ~19000 (2030)
C67: 3.1-2 | D67: Didinti eismo saugumą ir gyventojų sąmoningumą darnaus judumo srityje | E67: Autoįvykių skaičius per metus (Kelių eismo įvykiai, kuriuose nukentėjo žmonės) | F67: 10 (2021) | G67: 10 (2021) | H67: 13, 1 žuvo | I67: 2 | J67: 2 | K67: 1 | L67: 10 (2021) | M67: 0 (2030)
C68: 3.1-3 | D68: Pagerinti viešojo transporto paslaugų teikimą gyventojams | E68: Asmenų, pasinaudojusių naujai sukurtomis viešojo transporto paslaugomis, proc. nuo bendro gyventojų skaičiaus | F68: 0 (2022) | G68: 0 (2022) | H68: 0 | I68: 0.27 | J68: 0.3 | K68: 0 | L68: 0 (2022) | M68: Ne mažesnis kaip 2 proc. (2030)
C69: 3.2. | D69: Skatinti tvarų miesto teritorijos vystymą | E69: Gyventojų skaičiaus metinis pokytis (pagal vidutinį metinį gyventojų skaičių) (proc.) | F69: 19 707 (2022) | G69: 19 707 (2022) | H69: 19652 | I69: 19691 | J69: 19887 | K69: 20000 | L69: 19 707 (2022) | M69: Teigiamas, ne mažesnis kaip 1 proc. per metus
C70: 3.2-1 | D70: Plėsti, prižiūrėti ir modernizuoti teritorijas, įrengiant reikalingą infrastruktūrą | E70: Sutvarkyta / įrengta / atnaujinta teritorijų, ha | F70: 0 (2022) | G70: 0 (2022) | H70: 0 | I70: 0 | J70: 1 | K70: 1 | L70: 0 (2022) | M70: 4 (2030)
C71: 3.2-2 | D71: Skatinti kokybišką urbanistinį ir teritorijų planavimą | E71: Pagal bendrojo plano sprendinius parengtų žemesnio lygio teritorijų planavimo dokumentų skaičius | F71: 4 (2022) | G71: 4 (2022) | H71: 0 | I71: 0 | J71: 0 | K71: 1 | L71: 4 (2022) | M71: 5 (2030)
C72: 3.2-3 | D72: Užtikrinti kultūros paveldo objektų priežiūrą | E72: Visuomenei atvertų kultūros paveldo objektų skaičius | F72: 0 (2022) | G72: 0 (2022) | H72: 0 | I72: 0 | J72: 0 | K72: 0 | L72: 0 (2022) | M72: 3 (2030)
C73: 3.3 | D73: Skatinti žaliąją savivaldybės plėtrą | E73: Teršalų, išmestų į aplinkos orą iš stacionarių taršos šaltinių, tonos | F73: 606,88 (2021) | G73: 606,88 (2021) | H73: 560 | I73: 560 | J73: 520 | K73: 510 | L73: 606,88 (2021) | M73: 500 (2030)
C74: 3.3.-1 | D74: Užtikrinti tvarų kraštovaizdžio vystymą(si), išsaugant ekosistemas ir prisitaikant prie klimato kaitos | E74: Apsauginę funkciją atliekančių želdynų ir želdinių, tenkančių 1 gyventojui, plotas (kv. m) | F74: 21 (2022) | G74: 21 (2022) | H74: 21 | I74: 21 | J74: 21 | K74: 21 | L74: 21 (2022) | M74: Nemažėjantis (2030)
C75: 3.3.-2 | D75: Skatinti energijos taupymą, atsinaujinančių ir alternatyvių energijos išteklių naudojimą | E75: Atsinaujinančio kuro dalis centrinio šildymo sistemoje (proc.) | F75: 60 (2022) | G75: 84 (2022) | H75: 82.9 | I75: 80 | J75: 80 | K75: 84 | L75: 84 (2022) | M75: 90 (2030)
E76: Savivaldybės įstaigų ir įmonių, įdiegusių atsinaujinančių ir alternatyvių energijos išteklių priemones savo pastatuose, dalis (proc.) | F76: 0 (2022) | G76: 0 (2022) | H76: 1 | I76: 2 | J76: 3 | K76: 4 | L76: 0 (2022) | M76: 10 (2030)
E77: Atnaujinta (modernizuota) daugiabučių namų nuo bendro nerenovuotų daugiabučių namų skaičiaus dalis proc. | F77: 2 (2022) | G77: 2 (2022) | H77: 1.6 | I77: 2 | J77: 3 | K77: 4 | L77: 2 (2022) | M77: 30 (2030)
C78: 3.3-3 | D78: Modernizuoti miesto inžinerinę infrastruktūrą laikantis inovatyvumo ir ekologiškumo principų | E78: Atnaujinti šilumos tinklai, km | F78: 0,279 (2022) | G78: 0,279 (2022) | H78: 0.741 | I78: 0.807 | J78: 0.246 | K78: 1.876 | L78: 0,279 (2022) | M78: Ne mažiau kaip 2,390 (2030)
E79: Atnaujinti geriamojo vandens tiekimo tinklai, km | F79: 0,978 (2022) | G79: 0,978 (2022) | H79: 1.581 | I79: 1.295 | J79: 2.512 | K79: 2 | L79: 0,978 (2022) | M79: Ne mažiau kaip 6,353 (2030)
E80: Atnaujinti nuotekų surinkimo tinklai, km | F80: 0 (2022) | G80: 0 (2022) | H80: 0 | I80: 1 | J80: 0 | K80: 0 | L80: 0 (2022) | M80: Ne mažiau kaip 0,230 (2030)
C81: 3.3-4 | D81: Įdiegti žiedinės ekonomikos procesus | E81: Sąvartynuose šalinamų atliekų dalis, palyginti su bendru komunalinių atliekų srautu (proc.) | F81: 19,9 (2021) | G81: 19,9 (2021) | H81: 8.7 | I81: Ne daugiau kaip 15 proc. visų susidariusių komunalinių atliekų (pagal svorį) šalinama sąvartyne | J81: Ne daugiau kaip 10 proc. visų susidariusių komunalinių atliekų (pagal svorį) šalinama sąvartyne | K81: Ne daugiau kaip 8 proc. visų susidariusių komunalinių atliekų (pagal svorį) šalinama sąvartyne | L81: 19,9 (2021) | M81: 6 (2030)
E82: Perdirbta, pakartotinai ar kitaip panaudota (pvz., energijai gauti) dalis, palyginti su visomis surinktomis ir susidariusiomis atliekomis (proc.) | F82: 62,2 (2021) | G82: 62,2 (2021) | H82: 63.05 | I82: Ne mažiau kaip 55 proc. susidariusių komunalinių atliekų (pagal svorį) paruošta pakartotinai naudoti ir perdirbta | J82: Ne mažiau kaip 56 proc. susidariusių komunalinių atliekų (pagal svorį) paruošta pakartotinai naudoti ir perdirbta | K82: Ne mažiau kaip 57 proc. susidariusių komunalinių atliekų (pagal svorį) paruošta pakartotinai naudoti ir perdirbta | L82: 62,2 (2021) | M82: 77,0 (2030)
C83: 3.3-5 | D83: Užtikrinti visapusišką aplinkos būklės stebėseną ir taršą ribojančių priemonių taikymą | E83: Stebimų aplinkos monitoringo objektų (pvz., oras, paviršinis vanduo, maudyklos, dirvožemis, triukšmas ir kt.) skaičius, vnt. | F83: 4 (2022) | G83: 4 (2022) | H83: 18 | I83: 0 | J83: 0 | K83: 1 | L83: 4 (2022) | M83: Ne mažiau kaip 4 (2030)

Sheet 2023-2025 SVP ataskaita (V)
B5: VISAGINO SAVIVALDYBĖS 2023-2025 METŲ STRATEGINIO VEIKLOS PLANO ĮGYVENDINIMO 2023 M. ATASKAITA
B8: SAVIVALDYBĖS MISIJA IR VEIKLOS PRIORITETAI
B10: MISIJA
B12: Sėkmingai plėtoti ir įgyvendinti savivaldos teisę, užtikrinti subalansuotą plėtrą bei kokybiškai vykdyti viešojo administravimo ir viešųjų paslaugų teikimo funkcijas, tenkinant Visagino savivaldybės bendruomenės viešuosius poreikius ir interesus
B18: SAVIVALDYBĖS PRIORITETAI
B20: 1. Konkurencingo verslo skatinimas ir vietinės ekonomikos tvari plėtra 2. Socialinės gerovės kūrimas sumaniai, pažangiai, besimokančiai, moderniai ir laimingai bendruomenei 3. Tvarus, subalansuotas savivaldybės aplinkos vystymas ir plėtra

Sheet Programų vykdymas 2023 (VI)
C2: PROGRAMOS
C3: Visagino savivaldybės 2023–2025 metų strateginį veiklos planą sudarė 10 įvairius savivaldybės veiklos sektorius apimančių programų. Kiekvienoje programoje iškelti trejų metų veiklos strateginiai uždaviniai, suformuluotos priemonės ir konkretizuoti rezultatų pasiekimo rodikliai. Programos buvo pasirinktos,susisteminus ir apibendrinus vietos savivaldos principus, savivaldybės instituciją ir jos kompetenciją, numatytas vykdyti funkcijas, savivaldybės mero, savivaldybės tarybos nario statusą, savivaldybių ūkinės ir finansinės veiklos pagrindus, taip pat išanalizavus viešojo administravimo sritis, viešojo administravimo subjektų sistemą ir administracinės procedūros organizavimo pagrindus.
C6: 1 lentelė. 2023-2025 metų asignavimų ir kitų lėšų pasiskirstymas pagal programas (tūkst. eurų)
C7: Eil. Nr. | D7: Programos kodas ir pavadinimas | E7: 2023-02-02 sprendimu Nr. TS-17 patvirtintas planas | F7: Planas (įskaitant patikslinimus) | G7: 2023 m. plano vykdymas | H7: 2023 plano įvykdymo proc. | I7: 2024 metų asignavimai ir kitos lėšos | R7: 1 programa | S7: 2 programa | T7: 3 programa | U7: 4 programa | V7: 5 programa | W7: 6 programa | X7: 7 programa | Y7: 8 programa | Z7: 9 programa | AA7: 10 programa
C8: 1 | D8: 2 | E8: 3 | F8: 4 | G8: 5 | H8: 6 | I8: 7 | Q8: 2023-02-02 sprendimu Nr. TS-17 patvirtintas planas | R8: =E9 -> 4584.811 | S8: =E10 -> 15544.963 | T8: =E11 -> 1296.83 | U8: =E12 -> 1710.912 | V8: =E13 -> 300.092 | W8: =E14 -> 12417.772 | X8: =E15 -> 240.535 | Y8: =E16 -> 3957.245 | Z8: =E17 -> 1089.8 | AA8: =E18 -> 14770.978
C9: 1 | D9: Valdymo tobulinimo programa (01) | E9: =SUM('1 programa (VII) '!E198) -> 4584.811 | F9: =SUM('1 programa (VII) '!F198) -> 4596.829 | G9: =SUM('1 programa (VII) '!G198) -> 4120.697 | H9: =G9/F9 -> 0.89642164 | I9: =SUM('1 programa (VII) '!H198) -> 5677.424 | J9: 4375.829 | K9: 3899.697 | M9: =F9-J9 -> 221 | N9: =G9-K9 -> 221 | Q9: Planas (įskaitant patikslinimus) | R9: =F9 -> 4596.829 | S9: =F10 -> 16481.625 | T9: =F11 -> 1296.83 | U9: =F12 -> 1913.163 | V9: =F13 -> 273.469 | W9: =F14 -> 13859.59 | X9: =F15 -> 280.084 | Y9: =F16 -> 3847.25 | Z9: =F17 -> 1047.504 | AA9: =F18 -> 14301.78
C10: 2 | D10: Švietimo paslaugų plėtros programa (02) | E10: ='2 programa (VIII)'!E295 -> 15544.963 | F10: ='2 programa (VIII)'!F295 -> 16481.625 | G10: ='2 programa (VIII)'!G295 -> 15620.381 | H10: =G10/F10 -> 0.9477452 | I10: ='2 programa (VIII)'!I295 -> #REF! | J10: 16447.66 | K10: 15593.045 | M10: =F10-J10 -> 33.965 | N10: =G10-K10 -> 27.336 | Q10: 2023 m. plano vykdymas | R10: =G9 -> 4120.697 | S10: =G10 -> 15620.381 | T10: =G11 -> 1299.405 | U10: =G12 -> 1802.098 | V10: =G13 -> 193.51 | W10: =G14 -> 12940.722 | X10: =G15 -> 240.102 | Y10: =G16 -> 3487.191 | Z10: =G17 -> 910.919 | AA10: =G18 -> 12988.988
C11: 3 | D11: Fizinio aktyvumo ir sporto plėtros programa (03) | E11: ='3 programa (X)'!E52 -> 1296.83 | F11: ='3 programa (X)'!F52 -> 1296.83 | G11: ='3 programa (X)'!G52 -> 1299.405 | H11: =G11/F11 -> 1.0019856 | I11: ='3 programa (X)'!H52 -> 1.0019856 | J11: 1296.83 | K11: 1299.405 | M11: =F11-J11 -> 0 | N11: =G11-K11 -> 0
C12: 4 | D12: Gyventojų kultūrinio aktyvumo skatinimo ir identiteto stiprinimo programa (04) | E12: ='4 programa (XI)'!E123 -> 1710.912 | F12: ='4 programa (XI)'!F123 -> 1913.163 | G12: ='4 programa (XI)'!G123 -> 1802.098 | H12: =G12/F12 -> 0.94194692 | I12: ='4 programa (XI)'!#REF! -> #REF! | J12: 1694.457 | K12: 1625.293 | M12: =F12-J12 -> 218.706 | N12: =G12-K12 -> 176.805
C13: 5 | D13: Bendruomeniškumo skatinimo programa (05) | E13: ='5 programa (XII)'!E93 -> 300.092 | F13: ='5 programa (XII)'!F93 -> 273.469 | G13: ='5 programa (XII)'!G93 -> 193.51 | H13: =G13/F13 -> 0.7076122 | I13: ='5 programa (XII)'!I93 -> #REF! | J13: 273.469 | K13: 193.51 | M13: =F13-J13 -> 0 | N13: =G13-K13 -> 0
C14: 6 | D14: Socialinės paramos programa (06) | E14: ='6 programa (XIII)'!E225 -> 12417.772 | F14: ='6 programa (XIII)'!F225 -> 13859.59 | G14: ='6 programa (XIII)'!G225 -> 12940.722 | H14: =G14/F14 -> 0.93370165 | I14: ='6 programa (XIII)'!I225 -> #REF! | J14: 8309.888 | K14: 7407.739 | M14: =F14-J14 -> 5549.702 | N14: =G14-K14 -> 5532.983
C15: 7 | D15: Sveikatos apsaugos paslaugų kokybės gerinimo programa (07) | E15: ='7 programa (XIV)'!E88 -> 240.535 | F15: ='7 programa (XIV)'!F88 -> 280.084 | G15: ='7 programa (XIV)'!G88 -> 240.102 | H15: =G15/F15 -> 0.85724997 | I15: ='7 programa (XIV)'!H88 -> 0.85724997 | J15: 280.084 | K15: 240.102 | M15: =F15-J15 -> 0 | N15: =G15-K15 -> 0
C16: 8 | D16: Aplinkos apsaugos programa (08) | E16: ='8 programa (XV)'!E103 -> 3957.245 | F16: ='8 programa (XV)'!F103 -> 3847.25 | G16: ='8 programa (XV)'!G103 -> 3487.191 | H16: =G16/F16 -> 0.90641133 | I16: ='8 programa (XV)'!I103 -> 4386.619 | J16: 3847.25 | K16: 3487.191 | M16: =F16-J16 -> 0 | N16: =G16-K16 -> 0
C17: 9 | D17: Ekonominės plėtros programa (09) | E17: ='9 programa (XVI)'!E180 -> 1089.8 | F17: ='9 programa (XVI)'!F180 -> 1047.504 | G17: ='9 programa (XVI)'!G180 -> 910.919 | H17: =G17/F17 -> 0.86960909 | I17: ='9 programa (XVI)'!I180 -> #REF! | J17: 1047.504 | K17: 910.918 | M17: =F17-J17 -> 0 | N17: =G17-K17 -> 0.001
C18: 10 | D18: Viešosios infrastruktūros programa (10) | E18: ='10 programa (XVII)'!E189 -> 14770.978 | F18: ='10 programa (XVII)'!F189 -> 14301.78 | G18: ='10 programa (XVII)'!G189 -> 12988.988 | H18: =G18/F18 -> 0.90820779 | I18: ='10 programa (XVII)'!I189 -> 4733.37 | J18: 14301.78 | K18: 12988.988 | M18: =F18-J18 -> 0 | N18: =G18-K18 -> 0
D19: Iš viso: | E19: =SUM(E9:E18) -> 55913.938 | F19: =SUM(F9:F18) -> 57898.124 | G19: =SUM(G9:G18) -> 53604.013 | H19: =G19/F19 -> 0.92583333 | I19: =SUM(I9:I18) -> #REF! | J19: 51874.751 | K19: 47645.888 | M19: =F19-J19 -> 6023.373 | N19: =G19-K19 -> 5958.125
C20: 1. Savivaldybės biudžetas (įskaitant skolintas lėšas) | E20: =SUM(E22,E24,E25,E26,E27,E28,) -> 49455.72 | F20: =SUM(F22,F24,F25,F26,F27,F28,) -> 52095.751 | G20: =SUM(G22,G24,G25,G26,G27,G28,) -> 47866.887 | H20: =G20/F20 -> 0.91882516 | I20: =SUM(I22,I24,I25,I26,I27,I28,) -> #REF! | N20: =M20 -> 0
C21: Iš jo:
C22: 1.1. savivaldybės biudžeto lėšos | E22: ='1 programa (VII) '!E191+'2 programa (VIII)'!E285+'3 programa (X)'!E44+'4 programa (XI)'!E115+'5 programa (XII)'!E86+'6 programa (XIII)'!E216+'7 programa (XIV)'!E80+'8 programa (XV)'!E95+'9 programa (XVI)'!E173+'10 programa (XVII)'!E182 -> 30307.163 | F22: ='1 programa (VII) '!F191+'2 programa (VIII)'!F285+'3 programa (X)'!F44+'4 programa (XI)'!F115+'5 programa (XII)'!F86+'6 programa (XIII)'!F216+'7 programa (XIV)'!F80+'8 programa (XV)'!F95+'9 programa (XVI)'!F173+'10 programa (XVII)'!F182 -> 30352.201 | G22: ='1 programa (VII) '!G191+'2 programa (VIII)'!G285+'3 programa (X)'!G44+'4 programa (XI)'!G115+'5 programa (XII)'!G86+'6 programa (XIII)'!G216+'7 programa (XIV)'!G80+'8 programa (XV)'!G95+'9 programa (XVI)'!G173+'10 programa (XVII)'!G182 -> 26060.577 | H22: =G22/F22 -> 0.85860584 | I22: ='1 programa (VII) '!H191+'2 programa (VIII)'!I285+'3 programa (X)'!H44+'4 programa (XI)'!#REF!+'5 programa (XII)'!I86+'6 programa (XIII)'!I216+'7 programa (XIV)'!H80+'8 programa (XV)'!I95+'9 programa (XVI)'!I173+'10 programa (XVII)'!I182 -> #REF! | J22: 33435.17 | K22: 28941.481
C23: Aplinkos apsaugos lėšos | H23: =G23/F23 -> #DIV/0! | I23: ='7 programa (XIV)'!H81+'8 programa (XV)'!I96 -> 47.345409
C24: 1.2. Lietuvos Respublikos valstybės biudžeto dotacijos | E24: ='1 programa (VII) '!E192+'2 programa (VIII)'!E286+'3 programa (X)'!E45+'4 programa (XI)'!E116+'5 programa (XII)'!E87+'6 programa (XIII)'!E217+'7 programa (XIV)'!E82+'8 programa (XV)'!E97+'9 programa (XVI)'!E174+'10 programa (XVII)'!E183 -> 11717.042 | F24: ='1 programa (VII) '!F192+'2 programa (VIII)'!F286+'3 programa (X)'!F45+'4 programa (XI)'!F116+'5 programa (XII)'!F87+'6 programa (XIII)'!F217+'7 programa (XIV)'!F82+'8 programa (XV)'!F97+'9 programa (XVI)'!F174+'10 programa (XVII)'!F183 -> 13433.043 | G24: ='1 programa (VII) '!G192+'2 programa (VIII)'!G286+'3 programa (X)'!G45+'4 programa (XI)'!G116+'5 programa (XII)'!G87+'6 programa (XIII)'!G217+'7 programa (XIV)'!G82+'8 programa (XV)'!G97+'9 programa (XVI)'!G174+'10 programa (XVII)'!G183 -> 13372.194 | H24: =G24/F24 -> 0.9954702 | I24: ='1 programa (VII) '!H192+'2 programa (VIII)'!I286+'3 programa (X)'!H45+'4 programa (XI)'!#REF!+'5 programa (XII)'!I87+'6 programa (XIII)'!I217+'7 programa (XIV)'!H82+'8 programa (XV)'!I97+'9 programa (XVI)'!I174+'10 programa (XVII)'!I183 -> #REF! | J24: 13433.043 | K24: 13372.194
C25: 1.3. Pajamų įmokos ir kitos pajamos | E25: ='1 programa (VII) '!E193+'2 programa (VIII)'!E290+'3 programa (X)'!E47+'4 programa (XI)'!E118+'5 programa (XII)'!E88+'6 programa (XIII)'!E220+'7 programa (XIV)'!E83+'8 programa (XV)'!E98+'9 programa (XVI)'!E175+'10 programa (XVII)'!E184 -> 1424.642 | F25: ='1 programa (VII) '!F193+'2 programa (VIII)'!F290+'3 programa (X)'!F47+'4 programa (XI)'!F118+'5 programa (XII)'!F88+'6 programa (XIII)'!F220+'7 programa (XIV)'!F83+'8 programa (XV)'!F98+'9 programa (XVI)'!F175+'10 programa (XVII)'!F184 -> 1532.357 | G25: ='1 programa (VII) '!G193+'2 programa (VIII)'!G290+'3 programa (X)'!G47+'4 programa (XI)'!G118+'5 programa (XII)'!G88+'6 programa (XIII)'!G220+'7 programa (XIV)'!G83+'8 programa (XV)'!G98+'9 programa (XVI)'!G175+'10 programa (XVII)'!G184 -> 1504.159 | H25: =G25/F25 -> 0.98159828 | I25: ='1 programa (VII) '!H193+'2 programa (VIII)'!I290+'3 programa (X)'!H47+'4 programa (XI)'!#REF!+'5 programa (XII)'!I88+'6 programa (XIII)'!I220+'7 programa (XIV)'!H83+'8 programa (XV)'!I98+'9 programa (XVI)'!I175+'10 programa (XVII)'!I184 -> #REF! | J25: 15352.357 | K25: 1504.161 | N25: =K25-G25 -> 0.002
C26: 1.4. Europos Sąjungos ir kitos tarptautinės finansinės paramos lėšos (ES, EGDAP) | E26: ='1 programa (VII) '!E194+'2 programa (VIII)'!E291+'3 programa (X)'!E48+'4 programa (XI)'!E119+'5 programa (XII)'!E89+'6 programa (XIII)'!E221+'7 programa (XIV)'!E84+'8 programa (XV)'!E99+'9 programa (XVI)'!E176+'10 programa (XVII)'!E185 -> 3936.883 | F26: ='1 programa (VII) '!F194+'2 programa (VIII)'!F291+'3 programa (X)'!F48+'4 programa (XI)'!F119+'5 programa (XII)'!F89+'6 programa (XIII)'!F221+'7 programa (XIV)'!F84+'8 programa (XV)'!F99+'9 programa (XVI)'!F176+'10 programa (XVII)'!F185 -> 4928.305 | G26: ='1 programa (VII) '!G194+'2 programa (VIII)'!G291+'3 programa (X)'!G48+'4 programa (XI)'!G119+'5 programa (XII)'!G89+'6 programa (XIII)'!G221+'7 programa (XIV)'!G84+'8 programa (XV)'!G99+'9 programa (XVI)'!G176+'10 programa (XVII)'!G185 -> 5279.71 | H26: =G26/F26 -> 1.0713034 | I26: ='1 programa (VII) '!H194+'2 programa (VIII)'!I291+'3 programa (X)'!H48+'4 programa (XI)'!#REF!+'5 programa (XII)'!I89+'6 programa (XIII)'!I221+'7 programa (XIV)'!H84+'8 programa (XV)'!I99+'9 programa (XVI)'!I176+'10 programa (XVII)'!I185 -> #REF! | J26: 4928.305 | K26: 5279.71 | N26: =G26-K26 -> 0
C27: 1.5. Skolintos lėšos | E27: ='1 programa (VII) '!E195+'2 programa (VIII)'!E292+'3 programa (X)'!E49+'4 programa (XI)'!E120+'5 programa (XII)'!E90+'6 programa (XIII)'!E222+'7 programa (XIV)'!E85+'8 programa (XV)'!E100+'9 programa (XVI)'!E177+'10 programa (XVII)'!E186 -> 2069.99 | F27: ='1 programa (VII) '!F195+'2 programa (VIII)'!F292+'3 programa (X)'!F49+'4 programa (XI)'!F120+'5 programa (XII)'!F90+'6 programa (XIII)'!F222+'7 programa (XIV)'!F85+'8 programa (XV)'!F100+'9 programa (XVI)'!F177+'10 programa (XVII)'!F186 -> 1849.845 | G27: ='1 programa (VII) '!G195+'2 programa (VIII)'!G292+'3 programa (X)'!G49+'4 programa (XI)'!G120+'5 programa (XII)'!G90+'6 programa (XIII)'!G222+'7 programa (XIV)'!G85+'8 programa (XV)'!G100+'9 programa (XVI)'!G177+'10 programa (XVII)'!G186 -> 1650.247 | H27: =G27/F27 -> 0.89210015 | I27: ='1 programa (VII) '!H195+'2 programa (VIII)'!I292+'3 programa (X)'!H49+'4 programa (XI)'!#REF!+'5 programa (XII)'!I90+'6 programa (XIII)'!I222+'7 programa (XIV)'!H85+'8 programa (XV)'!I100+'9 programa (XVI)'!I177+'10 programa (XVII)'!I186 -> #REF!
C28: 1.6. Ankstesnių metų likučiai | E28: ='1 programa (VII) '!E196+'2 programa (VIII)'!E293+'3 programa (X)'!E50+'4 programa (XI)'!E121+'5 programa (XII)'!E91+'6 programa (XIII)'!E223+'7 programa (XIV)'!E86+'8 programa (XV)'!E101+'9 programa (XVI)'!E178+'10 programa (XVII)'!E187 -> 0 | F28: ='1 programa (VII) '!F196+'2 programa (VIII)'!F293+'3 programa (X)'!F50+'4 programa (XI)'!F121+'5 programa (XII)'!F91+'6 programa (XIII)'!F223+'7 programa (XIV)'!F86+'8 programa (XV)'!F101+'9 programa (XVI)'!F178+'10 programa (XVII)'!F187 -> 0 | G28: ='1 programa (VII) '!G196+'2 programa (VIII)'!G293+'3 programa (X)'!G50+'4 programa (XI)'!G121+'5 programa (XII)'!G91+'6 programa (XIII)'!G223+'7 programa (XIV)'!G86+'8 programa (XV)'!G101+'9 programa (XVI)'!G178+'10 programa (XVII)'!G187 -> 0 | H28: =G28/F28 -> #DIV/0! | I28: ='1 programa (VII) '!H196+'2 programa (VIII)'!I293+'3 programa (X)'!H50+'4 programa (XI)'!#REF!+'5 programa (XII)'!I91+'6 programa (XIII)'!I223+'7 programa (XIV)'!H86+'8 programa (XV)'!I101+'9 programa (XVI)'!I178+'10 programa (XVII)'!I187 -> #REF!
C29: 2. Kiti šaltiniai (Europos Sąjungos finansinė parama projektams įgyvendinti ir kitos teisėtai gautos lėšos, nurodant atskirus šaltinius) | E29: ='1 programa (VII) '!E197+'2 programa (VIII)'!E294+'3 programa (X)'!E51+'4 programa (XI)'!E122+'5 programa (XII)'!E92+'6 programa (XIII)'!E224+'7 programa (XIV)'!E87+'8 programa (XV)'!E102+'9 programa (XVI)'!E179+'10 programa (XVII)'!E188 -> 6458.218 | F29: ='1 programa (VII) '!F197+'2 programa (VIII)'!F294+'3 programa (X)'!F51+'4 programa (XI)'!F122+'5 programa (XII)'!F92+'6 programa (XIII)'!F224+'7 programa (XIV)'!F87+'8 programa (XV)'!F102+'9 programa (XVI)'!F179+'10 programa (XVII)'!F188 -> 5802.373 | G29: ='1 programa (VII) '!G197+'2 programa (VIII)'!G294+'3 programa (X)'!G51+'4 programa (XI)'!G122+'5 programa (XII)'!G92+'6 programa (XIII)'!G224+'7 programa (XIV)'!G87+'8 programa (XV)'!G102+'9 programa (XVI)'!G179+'10 programa (XVII)'!G188 -> 5737.126 | H29: =G29/F29 -> 0.98875512 | I29: ='1 programa (VII) '!H197+'2 programa (VIII)'!I294+'3 programa (X)'!H51+'4 programa (XI)'!#REF!+'5 programa (XII)'!I92+'6 programa (XIII)'!I224+'7 programa (XIV)'!H87+'8 programa (XV)'!I102+'9 programa (XVI)'!I179+'10 programa (XVII)'!I188 -> #REF!
C30: IŠ VISO programai finansuoti pagal finansavimo šaltinius (1 ir 2 punktai) | E30: =E20+E29 -> 55913.938 | F30: =F20+F29 -> 57898.124 | G30: =G20+G29 -> 53604.013 | H30: =G30/F30 -> 0.92583333 | I30: =I20+I29 -> #REF!
C31: Iš jų: regioninių pažangos priemonių lėšos (RP) | E31: ='1 programa (VII) '!E199+'2 programa (VIII)'!E296+'3 programa (X)'!E53+'4 programa (XI)'!E124+'5 programa (XII)'!E94+'6 programa (XIII)'!E226+'7 programa (XIV)'!E89+'8 programa (XV)'!E104+'9 programa (XVI)'!E181+'10 programa (XVII)'!E190 -> 49.278 | F31: ='1 programa (VII) '!F199+'2 programa (VIII)'!F296+'3 programa (X)'!F53+'4 programa (XI)'!F124+'5 programa (XII)'!F94+'6 programa (XIII)'!F226+'7 programa (XIV)'!F89+'8 programa (XV)'!F104+'9 programa (XVI)'!F181+'10 programa (XVII)'!F190 -> 212.271 | G31: ='1 programa (VII) '!G199+'2 programa (VIII)'!G296+'3 programa (X)'!G53+'4 programa (XI)'!G124+'5 programa (XII)'!G94+'6 programa (XIII)'!G226+'7 programa (XIV)'!G89+'8 programa (XV)'!G104+'9 programa (XVI)'!G181+'10 programa (XVII)'!G190 -> 0 | H31: =G31/F31 -> 0 | I31: ='1 programa (VII) '!H199+'2 programa (VIII)'!I296+'3 programa (X)'!H53+'4 programa (XI)'!#REF!+'5 programa (XII)'!I94+'6 programa (XIII)'!I226+'7 programa (XIV)'!H89+'8 programa (XV)'!I104+'9 programa (XVI)'!I181+'10 programa (XVII)'!I190 -> #REF!
C32: Asignavimų ir kitų lėšų pokytis, palyginti su ankstesnių metų patvirtintų asignavimų ir kitų lėšų planu | I32: =I30/E30-1 -> #REF!
D33: n – pirmieji planuojamieji metai, n + 1 – antrieji planuojamieji metai ir n + 2 – tretieji planuojamieji metai.
E36: 33435.17 | F36: 28941.481
E37: =E36-F22-F25-F27 -> -299.233 | F37: =F36-G22-G25-G27 -> -273.502
E39: 221 | F39: 221
E42: 10536.325 | F42: 2896.718 | G42: =E42+F42 -> 13433.043
E43: 10482.819 | F43: 2889.375 | G43: =E43+F43 -> 13372.194 | H43: =G43-G24 -> 0
E47: 4928.305 | F47: =E47-F26 -> 0
E48: 5279.71 | F48: =E48-G26 -> 0
F51: 33435.17 | G51: 28941.481
F53: =F51-F22-F25-F27 -> -299.233 | G53: =G51-G22-G25-G27 -> -273.502
E62: 78.233 | F62: 52.503

Sheet 1 programa (VII) 
A1: Valdymo tobulinimo programa (01)
A2: Programos tikslas - įgyvendinti Lietuvos Respublikos Konstitucijos ir įstatymų nustatytas, Lietuvos Respublikos vietos savivaldos įstatymo reglamentuotas savarankiškąsias savivaldybės bei valstybines (valstybės perduotas savivaldybei) funkcijas. Siekiant užtikrinti, kad minėtos funkcijos būtų vykdomos kokybiškai, ypatingas dėmesys skiriamas šiuolaikiniams vadybos metodams ir informacinėms technologijoms diegti savivaldybėje; vykdomų procedūrų viešumui ir skaidrumui; kontroliuoti ir prižiūrėti, ar teisėtai, efektyviai, ekonomiškai ir rezultatyviai valdomas ir naudojamas savivaldybės turtas ir patikėjimo teise valdomas valstybės turtas, kaip vykdomas savivaldybės biudžetas ir naudojami kiti piniginiai ištekliai. Efektyviai savivaldybės veiklai būtinas racionalus finansinių, materialinių ir žmogiškųjų išteklių paskirstymas, sistemingas veiklos planavimas
A3: =A19 -> 01.01.01. (T) | B3: =B19 -> Gerinti teikiamų paslaugų kokybę, didinti jų prieinamumą ir patrauklumą, tinkamai organizuojant savivaldybės administravimo subjektams priskirtų funkcijų įgyvendinimą
A4: =A35 -> 01.01.02 (T) | B4: =B35 -> Užtikrinti valstybinių (valstybės perduotų savivaldybėms) funkcijų vykdymą
A5: =A93 -> 01.01.03 (T) | B5: =B93 -> Užtikrinti efektyvų savivaldybei nuosavybės teise priklausančio nekilnojamojo turto naudojimą, įmonių bei įstaigų valdymą
A6: =A110 -> 01.01.04. (T) | B6: =B110 -> Sudaryti sąlygas iš anksto negalimoms suplanuoti priemonėms vykdyti bei savivaldybės finansiniams įsipareigojimams įgyvendinti
A7: =A119 -> 01.01.05. (T) | B7: =B119 -> Įgyvendinti Visagino savivaldybės korupcijos prevencijos 2022-2024 metų veiksmų planą
A8: =A122 -> 01.02.02. (T) | B8: =B122 -> Gerinti visuomenei teikiamų paslaugų kokybę, didinant jų atitiktį visuomenės poreikiams
A9: =A165 -> 01.02.03. (T) | B9: =B165 -> Organizuoti savivaldybės veiklą vadovaujantis šiuolaikiniais vadybos metodais
A10: =A171 -> 01.02.04. (T) | B10: =B171 -> Informuoti visuomenę apie savivaldybės veiklą ir formuoti teigiamą savivaldybės įvaizdį, plėtoti dalykinius santykius ir ryšius su tarptautinėmis ir vietinėmis institucijomis ir organizacijomis
A13: Programos įgyvendinimo laikotarpis 2023-2025 m. | C13: Programos ataskaitinis laikotarpis 2023 m.
A14: Programos įgyvendinimo koordinatorė Jolita Kriaučiūnaitė, jolita.kriauciunaite@visaginas.lt, tel. 8 (386) 36 008
A16: 2 lentelė. Valdymo tobulinimo programos (01) uždaviniai, priemonės, asignavimai ir kitos lėšos (tūkst.eurų) ir jų stebėsenos rodikliai
A17: Programos uždavinio, priemonės kodas ir požymis | B17: Uždavinio, priemonės pavadinimas, finansavimo šaltiniai | C17: Asignavimų valdytojo kodas | D17: Finansavimo šaltinis | E17: 2023-02-02 sprendimu Nr. TS-17 patvirtintas planas | F17: Planas (įskaitant patikslinimus) | G17: 2023 m. plano vykdymas | H17: 2024 m.asignavimai ir kitos lėšos, tūkst. Eur | I17: 2023 plano įvykdymo proc. | J17: Savivaldybės strateginio plėtros plano priemonės kodas | K17: Trumpas priemonės įgyvendinimo aprašymas | L17: Poveikio rodiklio kodas | M17: Poveikio rodiklio pavadinimas (matavimo vnt.) | N17: Poveikio rodiklių reikšmės | P17: Įvykdyta /Neįvykdyta/ Įvykdyta iš dalies/Vykdoma
N18: Siektina poveikio rodiklio reikšmė 2023 m. | O18: Faktinė poveikio rodiklio reikšmė 2023 m.
A19: 01.01.01. (T) | B19: Gerinti teikiamų paslaugų kokybę, didinti jų prieinamumą ir patrauklumą, tinkamai organizuojant savivaldybės administravimo subjektams priskirtų funkcijų įgyvendinimą | D19: Iš viso: | E19: =SUM(E23,E30,E32,E34,) -> 3181.359 | F19: =SUM(F23,F30,F32,F34,) -> 3200.588 | G19: =SUM(G23,G30,G32,G34,) -> 3023.658 | H19: =SUM(H23,H30,H32,H34,) -> 3836.68 | I19: =G19/F19 -> 0.94471953 | J19: 2.8.-1
A20: 01.01.01.01 (TP) | B20: Savivaldybės institucijų funkcijų įgyvendinimas | C20: 188711925 | D20: SB | E20: =E25+E26 -> 2778.6 | F20: =F25+F26 -> 2709.059 | G20: =G25+G26 -> 2580.455 | H20: =SUM(H24:H26) -> 3323.32 | I20: =G20/F20 -> 0.95252817 | J20: 2.8.-1-1 | K20: Įgyvendinant šią priemonę buvo užtikrinta Visagino savivaldybės administracijai bei Visagino savivaldybės tarybai priskirtų funkcijų įgyvendinimas, t. y. buvo rengiamas ir tvirtinamas savivaldybės biudžetas, viešojo sektoriaus subjekto metinių ataskaitų rinkinys, rengiamos ir tvirtinamos ketvirtinės ir tarpinės ataskaitos, tvarkoma savivaldybės administracijai skirtų lėšų apskaita,vykdomos kitos funkcijos, susijusios su finansų ir apskaitos tvarkymu. Taip pat buvo vykdomi viešieji pirkimai. Ataskaitiniais metais buvo centralizuoti 27 įstaigų viešieji pirkimai. Administracija per ataskaitinius metus atliko 30 centralizuotų viešųjų pirkimų procedūrų už 1.043,0 tūkst. Eur. Iš viso 2023 metais Administracija atliko prekių, paslaugų bei darbų viešųjų pirkimų už 5.294,5 tūkst. Eur. Vykdydami prekių, paslaugų ar darbų pirkimų procedūras, Administracijos Viešųjų pirkimų skyriaus specialistai didelį dėmesį skyrė aplinkos apsaugos kriterijų taikymui. Per ataskaitinius metus Administracijos atlikti žalieji pirkimai sudarė 76,5 proc. (2022 m. - 73,6 proc, 2021 m. - 12,6 proc.) nuo visų atliktų pirkimų vertės. Žalieji mažos vertės pirkimai sudarė 91,2 proc. nuo visų mažos vertės pirkimų, kuriuos įvykdžius pasirašomos rašytinės sutartys, vertės. Administracija, vadovaudamasi Viešųjų pirkimų įstatymo 10 straipsniu ir Visagino savivaldybės tarybos sprendimu, sudarė vieną vidaus sandorį dėl maisto/virtuvės atliekų surinkimo Visagine ir jų vežimo į apdorojimo įrenginius paslaugų, kurio vertė 968,0 tūkst. Eur. Centralizuotas savivaldybės audito skyrius atliko savivaldybės 2022 m. II pusmečio ir 2023 m. I pusmečio administracinės naštos mažinimo priemonių plano vykdymo vertinimą, Visagino Draugystės progimnazijos vidaus kontrolės vertinimą, Utenos regiono plėtros tarybos veiklos vertinimą. Viešosios tvarkos ir rinkliavų skyrius vykdė viešosios tvarkos užtikrinimo priemones. Iš viso buvo surašyta 120 administracinių nusižengimų protokolų. Transporto ir ūkio skyrius organizavo savivaldybės institucijų aprūpinimą ūkinėmis, techninėmis, biuro priemonėmis, patalpomis ir kt. būtinomis priemonėmis, organizavo savivaldybės institucijų darbui reikalingą komunalinių, ryšių ir transporto paslaugų teikimą. Vidaus administravimo ir informacinių technologijų skyrius užtikrino „vieno langelio“ principu veikiančios paslaugų teikimo asmenims sistemos vystymą savivaldybėje ir atliko asmenų aptarnavimo funkcijas, organizavo ir užtikrino savivaldybės teisės aktų, gaunamųjų, siunčiamųjų ir vidaus dokumentų valdymą savivaldybės institucijose pagal norminių ir metodinių dokumentų reikalavimus, tvarkė ir valdė dokumentus taip, kad būtų užtikrinta greita dokumentų paieška ir naudojimas. Teisės, personalo ir civilinės metrikacijos skyrius tikrino savivaldybės institucijų rengiamų teisės aktų projektų teisėtumą, atstovavo savivaldybei ir savivaldybės institucijoms teisme, vykdė personalo administravimo ir darbų saugos užtikrinimo funkcijas. Architektūros ir teritorijų planavimo skyrius užtikrino Lietuvos Respublikos įstatymų, Vyriausybės nutarimų, kitų teisės aktų, savivaldybės institucijų sprendimų teritorijų planavimo, statybos, statinių naudojimo priežiūros ir žemėtvarkos srityse vykdymą savivaldybės teritorijoje. Vietinio ūkio valdymo ir statybos, Strateginio planavimo ir investicijų valdymo skyriai vykdė funkcijas, susijusias su ES lėšų pritraukimu ir projektų įgyvendinimu, ir kitas funkcijas. Priemonė įvykdyta iš dalies, nes suplanuotos lėšos buvo naudojamos pagal poreikį. | L20: P-01-01-01-01 | M20: Savivaldybės įstaigų veiklai numatytų lėšų panaudojimas, proc. | N20: 100 | O20: 95 | P20: Įvykdyta iš dalies
D21: ĮP | E21: 12.269 | F21: =F28 -> 19.039 | G21: =G28 -> 18.479 | H21: 17.3 | I21: =G21/F21 -> 0.97058669
D22: SD | E22: =E27 -> 0 | F22: =F27 -> 11.3 | G22: =G27 -> 11.3 | I22: =G22/F22 -> 1 | M22: Atliktų Centralizuoto savivaldybės vidaus audito skyriaus auditų skaičius | N22: 4 | O22: 4 | P22: Įvykdyta
D23: Iš viso: | E23: =SUM(E20:E22) -> 2790.869 | F23: =SUM(F20:F22) -> 2739.398 | G23: =SUM(G20:G22) -> 2610.234 | H23: =SUM(H20:H22) -> 3340.62 | I23: =G23/F23 -> 0.95284949
B24: Mero ir politinio pasitikėjimo valstybės tarnautojai | D24: SB | E24: 0 | H24: 374.45
B25: Savivaldybės tarybos darbo organizavimas | D25: SB | E25: 210.07 | F25: 64.729 | G25: 64.729 | H25: 0
B26: Savivaldybės administracijos veiklos organizavimas | D26: SB | E26: 2568.53 | F26: =2709.059-64.729 -> 2644.33 | G26: =2580.455-64.729 -> 2515.726 | H26: =2949.39-0.52 -> 2948.87
D27: SD | F27: 11.3 | G27: 11.3
D28: SB (ĮP) | E28: 12.269 | F28: 19.039 | G28: 18.479 | H28: 17.3
A29: 01.01.01.02 (TP) | B29: Tarybos narių veiklos organizavimas | C29: 188711925 | D29: SB | E29: =138+12 -> 150 | F29: 227.95 | G29: 218.965 | H29: =364.59+18 -> 382.59 | I29: =G29/F29 -> 0.96058346 | J29: 2.7.-3-1 | K29: Įgyvendinant šią priemonę buvo užtikrinamas tarybos narių veiklos organizavimas. Priemonė įvykdyta iš dalies, nes suplanuotos lėšos buvo naudojamos pagal poreikį. | L29: P-01-01-01-02 | M29: Tarybos narių veiklai numatytų lėšų panaudojimas, proc. | N29: 100 | O29: 96 | P29: Įvykdyta iš dalies
D30: Iš viso: | E30: =E29 -> 150 | F30: =F29 -> 227.95 | G30: =G29 -> 218.965 | H30: =H29 -> 382.59 | I30: =G30/F30 -> 0.96058346
A31: 01.01.01.03 (TP) | B31: Visagino savivaldybės 2023 metų konsoliduotųjų ataskaitų rinkinio, savivaldybės lėšų ir turto naudojimo, savivaldybės rinkliavų veiklos ir viešojo sektoriaus subjekto/įmonės veiklos auditai | C31: 188701436 | D31: SB | E31: 100.96 | F31: 100.96 | G31: 91.774 | H31: 113.47 | I31: =G31/F31 -> 0.90901347 | J31: 2.7.-3-1 | K31: Įgyvendinant šią priemonę buvo užtikrinamas Lietuvos Respublikos vietos savivaldos įstatymo 67 straipsnio 3 dalies įgyvendinimas, kuris numato, kad savivaldybės taryba savivaldybės biudžete nustato savivaldybės kontrolės ir audito tarnybai skiriamų asignavimų dydį. Priemonė įvykdyta iš dalies, kadangi nebuvo atliktos visos būtinos audito procedūros dėl darbuotojų trūkumo, Visagino savivaldybės kontrolės ir audito tarnyba 2023 metais nepateikė Audito išvados ir ataskaitos dėl savivaldybės 2022 metų konsoliduotųjų ataskaitų rinkinio ir savivaldybės biudžeto ir turto naudojimo. | L31: P-01-01-01-03 | M31: Atliktų Visagino savivaldybės konsoliduotų ataskaitų rinkinio, savivaldybės biudžeto ir turto naudojimo, savivaldybės nuosavybės teise valdomo nekilnojamojo turto valdymo, naudojimo ir disponavimo juo efektyvumo auditų skaičius, vnt. | N31: 3 | O31: 2 | P31: Įvykdyta iš dalies
D32: Iš viso: | E32: =E31 -> 100.96 | F32: =F31 -> 100.96 | G32: =G31 -> 91.774 | H32: =H31 -> 113.47 | I32: =G32/F32 -> 0.90901347
A33: 01.01.01.04 (TP) | B33: Savivaldybės tarybos ir mero sekretoriato darbo organizavimas | C33: 188711925 | D33: SB | E33: 139.53 | F33: 132.28 | G33: 102.685 | I33: =G33/F33 -> 0.77627003 | K33: Įgyvendinant šią priemonę buvo užtikrinamas Visagino savivaldybės tarybos ir mero sekretoriato veiklos organizavimas. Priemonė įvykdyta iš dalies, nes dirbo mažiau darbuotojų, nei buvo planuota. | L33: P-01-01-01-04 | M33: Savivaldybės tarybos ir mero sekretoriato darbo organizavimui numatytų lėšų panaudojimas, proc. | N33: 100 | O33: 78 | P33: Įvykdyta iš dalies
D34: Iš viso: | E34: =E33 -> 139.53 | F34: =F33 -> 132.28 | G34: =G33 -> 102.685 | H34: =H33 -> 0 | I34: =G34/F34 -> 0.77627003
A35: 01.01.02 (T) | B35: Užtikrinti valstybinių (valstybės perduotų savivaldybėms) funkcijų vykdymą | E35: =SUM(E39,E51,E53,E55,E57,E59,E62,E67,E70,E72,E74,E77,E80,E82,E85,E87,E89,E92,E46,E65) -> 491.016 | F35: =SUM(F39,F51,F53,F55,F57,F59,F62,F67,F70,F72,F74,F77,F80,F82,F85,F87,F89,F92,F46,F65) -> 508.525 | G35: =SUM(G39,G51,G53,G55,G57,G59,G62,G67,G70,G72,G74,G77,G80,G82,G85,G87,G89,G92,G46,G65) -> 470.458 | H35: =SUM(H39,H51,H53,H55,H57,H59,H62,H67,H70,H72,H74,H77,H80,H82,H85,H87,H89,H92,H46,H65) -> 562.114 | I35: =G35/F35 -> 0.92514232 | J35: 2.8.-1
A36: 01.01.02.01 (TP) | B36: Valstybinės kalbos vartojimo ir taisyklingumo kontrolė | C36: Įstaigos | D36: SB (D) | E36: 20 | F36: 20 | G36: 20 | H36: 20 | I36: =G36/F36 -> 1 | J36: 2.1.-5-3 | K36: Įgyvendinant šią priemonę buvo užtikrinamas Lietuvos Respublikos vietos savivaldos įstatymo 7 straipsnio 12 punkto įgyvendinimas. | L36: P-01-01-02-01 | M36: Patikrintų objektų (įmonių, įstaigų, organizacijų, visuomenės informavimo priemonių, neperiodinės spaudos leidinių, reklamos ir viešųjų užrašų ir pan.) skaičius | N36: 85 | O36: 85 | P36: Įvykdyta
D37: SB | E37: 22.96 | F37: 4.862 | G37: 4.487 | H37: =H41 -> 28.51 | I37: =G37/F37 -> 0.92287125
D38: SB (ĮP) | E38: 0.626 | F38: 0.626 | G38: 0.626 | H38: =H43 -> 0 | I38: =G38/F38 -> 1
D39: Iš viso: | E39: =SUM(E36:E38) -> 43.586 | F39: =SUM(F36:F38) -> 25.488 | G39: =SUM(G36:G38) -> 25.113 | H39: =SUM(H36:H38) -> 48.51 | I39: =G39/F39 -> 0.98528719
B40: Visagino savivaldybės administracija | C40: 188711925 | D40: SB (D) | H40: 0
D41: SB | H41: 28.51
B42: Visagino „Verdenės“ gimnazija (Valstybinės kalbos testavimas) | C42: 190243519 | D42: SB
D43: SB (ĮP) | F43: 0.626 | G43: 0.626
A44: 01.01.02.02. (TP) | B44: Civilinės būklės aktų registravimas | C44: 188711925 | D44: SB (D) | E44: 25.3 | F44: 25.3 | G44: 25.3 | H44: 25.8 | I44: =G44/F44 -> 1 | J44: 2.8.-1-1 | K44: Įgyvendinant šią priemonę buvo užtikrinamas Lietuvos Respublikos vietos savivaldos įstatymo 7 straipsnio 1 punkto įgyvendinimas. Priemonė įvykdyta iš dalies, nes buvo įgyvendinama pagal poreikį. | L44: P-01-01-02-02 | M44: Įregistruotų civilinės būklės aktų skaičius | N44: 900 | O44: 892 | P44: Įvykdyta iš dalies
D45: SB | E45: 38.07 | F45: 39.495 | G45: 35.073 | H45: 41.85 | I45: =G45/F45 -> 0.88803646
D46: Iš viso: | E46: =SUM(E44:E45) -> 63.37 | F46: =SUM(F44:F45) -> 64.795 | G46: =SUM(G44:G45) -> 60.373 | H46: =SUM(H44:H45) -> 67.65 | I46: =G46/F46 -> 0.93175399
A47: 01.01.02.03. (TP) | B47: Socialinių išmokų ir kompensacijų administravimas | C47: 188711925 | D47: SB (D) | E47: 4.42 | F47: 3.84 | G47: 3.743 | H47: 4.925 | I47: =G47/F47 -> 0.97473958 | K47: Įgyvendinant šią priemonę buvo užtikrinamas Lietuvos Respublikos vietos savivaldos įstatymo 7 straipsnio 8 punkto įgyvendinimas. Priemonė įvykdyta iš dalies, nes buvo įgyvendinama pagal poreikį. | L47: P-01-01-02-03 | M47: Socialinių išmokų ir kompensacijų administravimui numatytų lėšų panaudojimas, proc. | N47: 100 | O47: 93 | P47: Įvykdyta iš dalies
D48: SB | E48: 188.15 | F48: 200.276 | G48: 185.487 | H48: 210.76 | I48: =G48/F48 -> 0.9261569
D49: SD | F49: 2.714 | G49: 2.68 | I49: =G49/F49 -> 0.98747237
D50: V | G50: 0.012 | I50: =G50/F50 -> #DIV/0!
D51: Iš viso: | E51: =SUM(E47:E48) -> 192.57 | F51: =SUM(F47:F49) -> 206.83 | G51: =SUM(G47:G49) -> 191.91 | H51: =H47+H48 -> 215.685 | I51: =G51/F51 -> 0.92786346
A52: 01.01.02.04. (TP) | B52: Jaunimo teisių apsauga | C52: 188711925 | D52: SB (D) | E52: 17.9 | F52: 19.7 | G52: 19.342 | H52: 18.7 | I52: =G52/F52 -> 0.98182741 | J52: 2.6-2-1 | K52: Įgyvendinant šią priemonę buvo užtikrinamas Lietuvos Respublikos vietos savivaldos įstatymo 7 straipsnio 19 punkto įgyvendinimas. | L52: P-01-01-02-04 | M52: Jaunimo reikalų koordinatoriams savivaldybėse rekomenduotų atlikti užduočių įgyvendinimas (ne mažiau kaip), proc. | N52: 95 | O52: 100 | P52: Įvykdyta
D53: Iš viso: | E53: =E52 -> 17.9 | F53: =F52 -> 19.7 | G53: =G52 -> 19.342 | H53: =H52 -> 18.7 | I53: =G53/F53 -> 0.98182741
A54: 01.01.02.05. (TP) | B54: Gyvenamosios vietos deklaravimo duomenų ir gyvenamosios vietos nedeklaravusių asmenų apskaitos duomenų tvarkymas | C54: 188711925 | D54: SB (D) | E54: 2.2 | F54: 2.2 | G54: 2.2 | H54: 2.2 | I54: =G54/F54 -> 1 | J54: 2.8.-1-1 | K54: Įgyvendinant šią priemonę buvo užtikrinamas Lietuvos Respublikos vietos savivaldos įstatymo 7 straipsnio 28 punkto nuostatų įgyvendinimas. | L54: P-01-01-02-05 | M54: Gyvenamosios vietos deklaracijų, asmenų pateiktų elektroniniu būdu, dalies didėjimas per metus, ne mažiau kaip 1,5 proc. | N54: 46.9 | O54: 46.9 | P54: Įvykdyta
D55: Iš viso: | E55: =E54 -> 2.2 | F55: =F54 -> 2.2 | G55: =G54 -> 2.2 | H55: =H54 -> 2.2 | I55: =G55/F55 -> 1
A56: 01.01.02.06. (TP) | B56: Gyventojų registro tvarkymas ir duomenų teikimas valstybės registrui | C56: 188711925 | D56: SB (D) | E56: 0.4 | F56: 0.4 | G56: 0.4 | H56: 0.4 | I56: =G56/F56 -> 1 | K56: Įgyvendinant šią priemonę buvo užtikrinamas Lietuvos Respublikos vietos savivaldos įstatymo 7 straipsnio 28 punkto įgyvendinimas. | L56: P-01-01-02-06 | M56: Gyventojų registro tvarkymo ir duomenų teikimo valstybės registrui numatytų lėšų panaudojimas, proc. | N56: 100 | O56: 100 | P56: Įvykdyta
D57: Iš viso: | E57: =E56 -> 0.4 | F57: =F56 -> 0.4 | G57: =G56 -> 0.4 | H57: =H56 -> 0.4 | I57: =G57/F57 -> 1
A58: 01.01.02.07. (TP) | B58: Duomenų teikimas Suteiktos valstybės pagalbos ir nereikšmingos pagalbos registrui | C58: 188711925 | D58: SB (D) | E58: 0.1 | F58: 0.1 | G58: 0.1 | H58: 0.1 | I58: =G58/F58 -> 1 | K58: Įgyvendinant šią priemonę buvo užtikrinamas Lietuvos Respublikos vietos savivaldos įstatymo 7 straipsnio 2 punkto įgyvendinimas. | L58: P-01-01-02-07 | M58: Duomenų teikimo Suteiktos valstybės pagalbos ir nereikšmingos pagalbos registrui numatytų lėšų panaudojimas, proc. | N58: 100 | O58: 100 | P58: Įvykdyta
D59: Iš viso: | E59: =E58 -> 0.1 | F59: =F58 -> 0.1 | G59: =G58 -> 0.1 | H59: =H58 -> 0.1 | I59: =G59/F59 -> 1
A60: 01.01.02.08. (TP) | B60: Socialinės paramos mokiniams administravimas | C60: 188711925 | D60: SB (D) | E60: 16.39 | F60: 14.691 | G60: 13.613 | H60: 17.64 | I60: =G60/F60 -> 0.92662174 | K60: Įgyvendinant šią priemonę buvo užtikrinamas Lietuvos Respublikos vietos savivaldos įstatymo 7 straipsnio 7 punkto įgyvendinimas. Priemonė įvykdyta iš dalies, nes buvo įgyvendinama pagal poreikį. | L60: P-01-01-02-08 | M60: Socialinės paramos mokiniams administravimui numatytų lėšų panaudojimas, proc. | N60: 100 | O60: 93 | P60: Įvykdyta iš dalies
D61: SD | F61: 1.462 | G61: 1.413 | I61: =G61/F61 -> 0.96648427
D62: Iš viso: | E62: =E60 -> 16.39 | F62: =F60+F61 -> 16.153 | G62: =G60+G61 -> 15.026 | H62: =H60+H61 -> 17.64 | I62: =G62/F62 -> 0.93022968
A63: 01.01.02.09. (TP) | B63: Asmenų su negalia reikalų koordinavimo funkcijai atlikti | C63: 188711925 | D63: SD | H63: 24.419 | K63: Lietuvos Respublikos valstybės biudžeto dotacijų skyrimo asmenų su negalia reikalų koordinavimo funkcijos atlikimui finansuoti tvarkos aprašo, patvirtinto Lietuvos Respublikos socialinės apsaugos ir darbo ministro 2023 m. gruodžio 18 d. įsakymo Nr. A1-858 "Dėl Lietuvos Respublikos valstybės biudžeto dotacijų skyrimo asmenų su negalia reikalų koordinavimo funkcijos atlikimui finansuoti tvarkos aprašo patvirtinimo" įgyvendinimo užtikrinimas | L63: R-01-01-02-09
D64: SB
D65: Iš viso: | H65: =H63 -> 24.419
A66: 01.01.02.10. (TP) | B66: Socialinėms paslaugoms (socialinei globai asmenims su sunkia negalia) administruoti | C66: 188711925 | D66: SB (D) | E66: 13.1 | F66: 29.93 | G66: 29.765 | H66: 28.43 | I66: =G66/F66 -> 0.99448714 | K66: Įgyvendinant šią priemonę buvo užtikrinamas Lietuvos Respublikos vietos savivaldos įstatymo 7 straipsnio 29 punkto įgyvendinimas. Priemonė įvykdyta iš dalies, nes buvo įgyvendinama pagal poreikį. | L66: P-01-01-02-10 | M66: Socialinės paramos administravimui (socialinei globai asmenims su sunkia negalia) numatytų lėšų panaudojimas, proc. | N66: 100 | O66: 99 | P66: Įvykdyta iš dalies
D67: Iš viso: | E67: =E66 -> 13.1 | F67: =F66 -> 29.93 | G67: =G66 -> 29.765 | H67: =H66 -> 28.43 | I67: =G67/F67 -> 0.99448714
A68: 01.01.02.11. (TP) | B68: Pirminė teisinė pagalba | C68: 188711925 | D68: SB (D) | E68: 13.6 | F68: 13.6 | G68: 13.6 | H68: 16 | I68: =G68/F68 -> 1 | K68: Įgyvendinant šią priemonę buvo užtikrinamas Lietuvos Respublikos vietos savivaldos įstatymo 7 straipsnio 27 punkto įgyvendinimas. Priemonė įvykdyta iš dalies, nes buvo įgyvendinama pagal poreikį. | L68: P-01-01-02-11 | M68: Pirminei teisinei pagalbai numatytų lėšų panaudojimas, proc. | N68: 100 | O68: 97 | P68: Įvykdyta iš dalies
D69: SB | E69: 0.68 | F69: 0.68 | G69: 0.313 | H69: 0.47 | I69: =G69/F69 -> 0.46029412
D70: Iš viso: | E70: =SUM(E68:E69) -> 14.28 | F70: =SUM(F68:F69) -> 14.28 | G70: =SUM(G68:G69) -> 13.913 | H70: =H68+H69 -> 16.47 | I70: =G70/F70 -> 0.97429972
A71: 01.01.02.12. (TP) | B71: Būsto nuomos ir išperkamosios būsto nuomos mokesčių dalies kompensacijų administravimas | C71: 188711925 | D71: SB (D) | E71: 0.46 | F71: 0.275 | G71: 0.152 | H71: 0.22 | I71: =G71/F71 -> 0.55272727 | K71: Įgyvendinant šią priemonę buvo užtikrinamas Lietuvos Respublikos vietos savivaldos įstatymo 7 straipsnio 36 punkto įgyvendinimas. Priemonė įvykdyta iš dalies, nes buvo įgyvendinama pagal poreikį. | L71: P-01-01-02-12 | M71: Būsto nuomos ir išperkamosios būsto nuomos mokesčių dalies kompensacijų administravimui numatytų lėšų panaudojimas, proc. | N71: 100 | O71: 55 | P71: Įvykdyta iš dalies
D72: Iš viso: | E72: =E71 -> 0.46 | F72: =F71 -> 0.275 | G72: =G71 -> 0.152 | H72: =H71 -> 0.22 | I72: =G72/F72 -> 0.55272727
A73: 01.01.02.13. (TP) | B73: Dalyvauti rengiant ir vykdant mobilizaciją, demobilizaciją, priimančiosios šalies paramą | C73: 188711925 | D73: SB (D) | E73: 15.3 | F73: 15.3 | G73: 14.693 | H73: 7.3 | I73: =G73/F73 -> 0.9603268 | J73: 2.8.-2-8 | K73: Įgyvendinant šią priemonę buvo užtikrinamas Lietuvos Respublikos vietos savivaldos įstatymo 7 straipsnio 3 punkto įgyvendinimo užtikrinimas. Priemonė įvykdyta iš dalies, nes buvo įgyvendinama pagal poreikį. | L73: P-01-01-02-13 | M73: Mobilizacijos administravimui numatytų lėšų panaudojimas, proc. | N73: 100 | O73: 96 | P73: Įvykdyta iš dalies
D74: Iš viso: | E74: =E73 -> 15.3 | F74: =F73 -> 15.3 | G74: =G73 -> 14.693 | H74: =H73 -> 7.3 | I74: =G74/F74 -> 0.9603268
A75: 01.01.02.14. (TP) | B75: Civilinės saugos administravimas, iš jų pasirengimas Astravo atominės elektrinės branduolinei avarijai | C75: 188711925 | D75: SB (D) | E75: 48.8 | F75: 38.6 | G75: 38.6 | H75: 39.5 | I75: =G75/F75 -> 1 | K75: Įgyvendinant šią priemonę buvo užtikrinamas Lietuvos Respublikos vietos savivaldos įstatymo 7 straipsnio 3 punkto įgyvendinimas. | L75: P-01-01-02-14 | M75: Savivaldybės pasirengimo reaguoti į ekstremalias situacijas lygis, ne mažiau kaip 82 proc. | N75: 82 | O75: 82 | P75: Įvykdyta
E76: 12 | F76: 11.9 | G76: 11.876 | I76: =G76/F76 -> 0.99798319
D77: Iš viso: | E77: =E75 -> 48.8 | F77: =F75+F76 -> 50.5 | G77: =G75+G76 -> 50.476 | H77: =H75+H76 -> 39.5 | I77: =G77/F77 -> 0.99952475 | M77: Savivaldybės pasirengimo galimai radiologinei ar branduolinei avarijai Baltarusijos atominėje elektrinėje priemonių plane numatytų priemonių, pagal kompetenciją įgyvendintų savivaldybėje per nustatytus terminus dalis, ne mažiau kaip 100 proc. | N77: 100 | O77: 100 | P77: Įvykdyta
A78: 01.01.02.15. (TP) | B78: Visagino savivaldybės užimtumo didinimo programos administravimas | C78: 188711925 | D78: SB (D) | E78: 3.25 | F78: 2.849 | G78: 2.849 | H78: 3.44 | I78: =G78/F78 -> 1 | J78: 2.8.-1-1 | K78: Įgyvendinant šią priemonę buvo užtikrinamas Lietuvos Respublikos vietos savivaldos įstatymo 7 straipsnio 16 punkto įgyvendinimas. | L78: P-01-01-02-15 | M78: Visagino savivaldybės užimtumo didinimo programos administravimui numatytų lėšų panaudojimas, proc. | N78: 100 | O78: 100 | P78: Įvykdyta
D79: SB
D80: Iš viso: | E80: =SUM(E78:E79) -> 3.25 | F80: =SUM(F78:F79) -> 2.849 | G80: =SUM(G78:G79) -> 2.849 | H80: =SUM(H78:H79) -> 3.44 | I80: =G80/F80 -> 1
A81: 01.01.02.16. (TP) | B81: Žemės ūkio funkcijų vykdymas | C81: 188711925 | D81: SB (D) | E81: 11.2 | F81: 11.2 | G81: 11.2 | H81: 6.9 | I81: =G81/F81 -> 1 | K81: Įgyvendinant šią priemonę buvo užtikrinamas Lietuvos Respublikos vietos savivaldos įstatymo 7 straipsnio 20, 21, 22 punktų įgyvendinimas. | L81: P-01-01-02-16 | M81: Žemės ūkio funkcijų vykdymui numatytų lėšų panaudojimas, proc. | N81: 100 | O81: 100 | P81: Įvykdyta
D82: Iš viso: | E82: =E81 -> 11.2 | F82: =F81 -> 11.2 | G82: =G81 -> 11.2 | H82: =H81 -> 6.9 | I82: =G82/F82 -> 1
A83: 01.01.02.17. (TP) | B83: Archyvinių dokumentų tvarkymas | C83: 188711925 | D83: SB (D) | E83: 10 | F83: 10 | G83: 10 | H83: 10 | I83: =G83/F83 -> 1 | K83: Įgyvendinant šią priemonę buvo užtikrinamas Lietuvos Respublikos vietos savivaldos įstatymo 7 straipsnio 13 punkto įgyvendinimas. | L83: P-01-01-02-17 | M83: Archyvinių dokumentų tvarkymui numatytų lėšų panaudojimas, proc. | N83: 100 | O83: 100 | P83: Įvykdyta
D84: SB | E84: 0 | H84: 0.8
D85: Iš viso: | E85: =SUM(E83:E84) -> 10 | F85: =SUM(F83:F84) -> 10 | G85: =SUM(G83:G84) -> 10 | H85: =SUM(H83:H84) -> 10.8 | I85: =G85/F85 -> 1
A86: 01.01.02.18. (TP) | B86: Koordinuotai teikiamų paslaugų vaikams nuo gimimo iki 18 metų (turintiems didelių ir labai didelių specialiųjų ugdymosi poreikių – iki 21 metų) ir vaiko atstovams koordinavimas | C86: 188711925 | D86: SB (D) | E86: 27.26 | F86: 27.26 | G86: 21.143 | H86: =30.09+0.004 -> 30.094 | I86: =G86/F86 -> 0.77560528 | K86: Įgyvendinant šią priemonę buvo užtikrinamas Lietuvos Respublikos vietos savivaldos įstatymo 7 straipsnio 35 punkto įgyvendinimas. Priemonė įvykdyta iš dalies, nes buvo įgyvendinama pagal poreikį. | L86: P-01-01-02-18 | M86: Koordinuotai teikiamų paslaugų vaikams nuo gimimo iki 18 metų (turintiems didelių ir labai didelių specialiųjų ugdymosi poreikių – iki 21 metų) ir vaiko atstovams koordinavimui numatytų lėšų panaudojimas, proc. | N86: 100 | O86: 78 | P86: Įvykdyta iš dalies
D87: Iš viso: | E87: =E86 -> 27.26 | F87: =F86 -> 27.26 | G87: =G86 -> 21.143 | H87: =H86 -> 30.094 | I87: =G87/F87 -> 0.77560528
A88: 01.01.02.19. (TP) | B88: Valstybinės žemės ir kito valstybinio turto valdymas, naudojimas ir disponavimas juo patikėjimo teise | C88: 188711925 | D88: SB (D) | E88: 1.45 | F88: 1.45 | G88: 0 | H88: 21.948 | I88: =G88/F88 -> 0 | K88: Įgyvendinant šią priemonę buvo užtikrinamas Lietuvos Respublikos vietos savivaldos įstatymo 7 straipsnio 20 punkto įgyvendinimas. Priemonė neįvykdyta, nes ši funkcija nebuvo vykdoma (nebuvo formuojami valstybinės žemės sklypai) . | L88: P-01-01-02-19 | M88: Valstybinės žemės ir kito valstybinio turto valdymas, naudojimas ir disponavimas juo patikėjimo teise numatytų lėšų panaudojimas, proc. | N88: 100 | O88: 0 | P88: Neįvykdyta
D89: Iš viso: | E89: =E88 -> 1.45 | F89: =F88 -> 1.45 | G89: =G88 -> 0 | H89: =H88 -> 21.948 | I89: =G89/F89 -> 0
A90: 01.01.02.20. (TP) | B90: Savivaldybės erdvinių duomenų rinkinio tvarkymo funkcijos atlikimas | C90: 188711925 | D90: SB (D) | E90: 1.4 | F90: 1.815 | G90: 1.803 | H90: 1.708 | I90: =G90/F90 -> 0.99338843 | K90: Įgyvendinant šią priemonę buvo užtikrinamas Lietuvos Respublikos vietos savivaldos įstatymo 7 straipsnio 34 punkto įgyvendinimas. Priemonė įvykdyta iš dalies, nes buvo planuojama įsigyti geoduomenų bazes, tačiau 2023 m. interneto svetainėje www.planuojustatau.lt visuomenei buvo atverta nemaža dalis visos Lietuvos geoduomenų bazių (žemėlapių), ir planuojama jas plėsti, todėl tapo netikslinga naudoti savivaldybės biudžeto lėšas ir įsigyti savo teritorijos žemėlapius. | L90: P-01-01-02-20 | M90: Savivaldybės erdvinių duomenų rinkinio tvarkymo funkcijos atlikimui numatytų lėšų panaudojimas, proc. | N90: 100 | O90: 18 | P90: Įvykdyta iš dalies
D91: SB | E91: 8 | F91: 8 | G91: 0 | H91: 0 | I91: =G91/F91 -> 0
D92: Iš viso: | E92: =SUM(E90:E91) -> 9.4 | F92: =SUM(F90:F91) -> 9.815 | G92: =SUM(G90:G91) -> 1.803 | H92: =SUM(H90:H91) -> 1.708 | I92: =G92/F92 -> 0.18369842
A93: 01.01.03 (T) | B93: Užtikrinti efektyvų savivaldybei nuosavybės teise priklausančio nekilnojamojo turto naudojimą, įmonių bei įstaigų valdymą | E93: =SUM(E96,E105,E107,E109) -> 124.15 | F93: =SUM(F96,F105,F107,F109) -> 129.15 | G93: =SUM(G96,G105,G107,G109) -> 101.408 | H93: =SUM(H96,H105,H107,H109) -> 127.9 | I93: =G93/F93 -> 0.78519551 | J93: 3.3.-2
A94: 01.01.03.01. (TP) | B94: Savivaldybės nekilnojamojo turto išlaikymas ir administravimas | C94: 188711925 | D94: SB | E94: 90.95 | F94: 95.95 | G94: 84.889 | H94: 107.7 | I94: =G94/F94 -> 0.88472121 | J94: 3.3.-2-4 | K94: Įgyvendinant šią priemonę buvo tinkamai valdomas ir administruojamas savivaldybės turtas, išlaikomi savivaldybės pastatai, apmokama už komunalines paslaugas (Draugystės g. 10, Vilties g. 3, Taikos pr. 23, Taikos pr. 15 D). Priemonė įvykdyta iš dalies, nes buvo įgyvendinama pagal poreikį. | L94: P-01-01-03-01 | M94: Savivaldybės nekilnojamojo turto išlaikymui ir administravimui numatytų lėšų panaudojimas, proc. | N94: 100 | O94: 88 | P94: Įvykdyta iš dalies
D95: SB(ĮP)
D96: Iš viso: | E96: =E94 -> 90.95 | F96: =F94 -> 95.95 | G96: =G94 -> 84.889 | H96: =H94+H95 -> 107.7 | I96: =G96/F96 -> 0.88472121
B97: Visagino mechanizacija audito paslaugoms apmokėti | H97: 0.6
B98: Apleistų pastatų komunalinių paslaugų apmokėjimui (Draugystės g. 10, Vilties g. 3, Taikos pr. 23) | H98: 28.1
B99: Apleistų buvusių gimdymo namų komunalinių paslaugų apmokėjimas (Taikos pr. 15 D) | H99: 57.58
B100: 2023-11-10 Pastatų šilumos punktų priežiūros paslaugų pirkimo-pardavimo sutartis Nr. 5-501 | H100: 18.12
B101: 2022-09-27 Pirkimo sutartis Nr.5-452 (Parko g. 14 statinio techninės priežiūros sutartis) | H101: 3.33
B102: 2023-08-21 Pirkimo sutartis Nr.5-383 (Vilties g. 3, Draugystės g. 10, Taikos per. 15D, Taikos pr. 23, statinio techninės priežiūros sutartis)
A103: 01.01.03.02. (TP) | B103: Savivaldybės administracijos patikėjimo teise valdomų statinių ir bendrojo naudojimo inžinerinių tinklų techninė priežiūra | C103: 188711925 | D103: SB | E103: 5 | F103: 5 | G103: 4.099 | I103: =G103/F103 -> 0.8198 | K103: Įgyvendinant šią priemonę buvo įgyvendinamos 3 sutartys: 1) 2023-11-10 Pastatų šilumos punktų priežiūros paslaugų pirkimo-pardavimo sutartis Nr. 5-501, 2) 2022-09-27 Pirkimo sutartis Nr.5-452 (Parko g. 14 statinio techninės priežiūros sutartis), 3) 2023-08-21 Pirkimo sutartis Nr.5-383 (Vilties g. 3, Draugystės g. 10, Taikos pr. 15D, Taikos pr. 23, statinio techninės priežiūros sutartis). | L103: P-01-01-03-02 | M103: Įgyvendinama techninės priežiūros savivaldybės administracijos patikėjimo teise valdomiems statiniams ir bendrojo naudojimo inžineriniams tinklams paslaugų sutartis | N103: 1 | O103: 3 | P103: Įvykdyta
...

Sheet 2 programa (VIII)
A1: Švietimo paslaugų plėtros programa (02)
A2: Švietimas – prioritetinė valstybės remiama Lietuvos Respublikos raidos sritis. Švietimas turi įtakos Visagino kultūrinei, socialinei ir ekonominei pažangai. Šia programa siekiama laiduoti valstybės ir Visagino savivaldybės švietimo politikos įgyvendinimą, ugdymo kokybę, išsilavinimo standartus atitinkantį išsilavinimą, vaikų socialinį ir psichologinį saugumą, skatinti ir remti besimokančiųjų užimtumą; įgyvendinti priemones, numatytas Visagino savivaldybės strateginiame plėtros plane, Lietuvos Respublikos Vyriausybės bei ministerijų teisės aktuose.
A3: =A15 -> 02.01.01. (T) | B3: =B15 -> Sudaryti sąlygas ugdyti vaikus ikimokyklinėse, bendrojo lavinimosi ir neformalaus švietimo įstaigose pagal patvirtintas ugdymo programas, teikti pedagoginę, psichologinę, metodinę, aprūpinimo transportu ir kitą pagalbą mokiniams, mokytojams ir mokykloms
A4: =A158 -> 02.01.02. (T) | B4: =B158 -> Organizuoti renginius, turinčius įtakos ugdymo proceso kokybei, skirtus tęstiniam mokymuisi
A5: =A219 -> 02.01.03. (P) | B5: =B219 -> Sukurti įtraukias, tinklaveiką ir socialines inovacijas skatinančias, kiekvieno mokinio geresnius pasiekimus lemiančias ir šiuolaikiškas kokybiško ugdymo(si) sąlygas
A6: =A258 -> 02.02.01. (T) | B6: =B258 -> Didinti vaikų ir jaunimo socioedukacinių veiklų, socialiai prasmingo užimtumo, profesinio mokymo, saviraiškos bei švietimo pagalbos įvairovę ir prieinamumą
A9: Programos įgyvendinimo laikotarpis 2023-2025 m. | C9: Programos ataskaitinis laikotarpis 2023 m.
A10: Programos įgyvendinimo koordinatorė Žana Miltina, zana.miltina@visaginas.lt, tel. 8 (386) 36 006
A12: 3 lentelė.Švietimo paslaugų plėtros programos (02) uždaviniai, priemonės, asignavimai ir kitos lėšos (tūkst.eurų) ir jų stebėsenos rodikliai
A13: Programos uždavinio, priemonės kodas ir požymis | B13: Uždavinio, priemonės pavadinimas, finansavimo šaltiniai | C13: Asignavimų valdytojo kodas | D13: Finansavimo šaltinis | E13: 2023-02-02 sprendimu Nr. TS-17 patvirtintas planas | F13: Planas (įskaitant patikslinimus) | G13: 2023 m. plano vykdymas | H13: 2023 plano įvykdymo proc. | I13: 2024 m. asignavimai ir kitos lėšos, tūkst. Eur | J13: Savivaldybės strateginio plėtros plano priemonės kodas | K13: Trumpas priemonės įgyvendinimo aprašymas | L13: Poveikio rodiklio kodas | M13: Poveikio rodiklio pavadinimas (matavimo vnt.) | N13: Poveikio rodiklių reikšmės | P13: Įvykdyta /Neįvykdyta/ Įvykdyta iš dalies/Vykdoma
N14: Siektina poveikio rodiklio reikšmė 2023 m. | O14: Faktinė poveikio rodiklio reikšmė 2023 m.
A15: 02.01.01. (T) | B15: Sudaryti sąlygas ugdyti vaikus ikimokyklinėse, bendrojo lavinimosi ir neformalaus švietimo įstaigose pagal patvirtintas ugdymo programas, teikti pedagoginę, psichologinę, metodinę, aprūpinimo transportu ir kitą pagalbą mokiniams, mokytojams ir mokykloms | E15: =SUM(E21,E82) -> 14896.322 | F15: =SUM(F21,F82) -> 15101.155 | G15: =SUM(G21,G82) -> 14882.121 | H15: =G15/F15 -> 0.98549555 | I15: =SUM(I21,I82) -> 15342.565 | J15: 2.1.-1
A16: 02.01.01.01. (TP) | B16: Švietimo įstaigų veiklos organizavimas | C16: Įstaigos | D16: SB | E16: =SUM(E22,E26,E31,E35,E40,E44,E49,E53,E58,E64,E69,E73) -> 5936.51 | F16: =SUM(F22,F26,F31,F35,F40,F44,F49,F53,F58,F64,F69,F73) -> 4337.631 | G16: =SUM(G22,G26,G31,G35,G40,G44,G49,G53,G58,G64,G69,G73) -> 4166.302 | H16: =G16/F16 -> 0.96050171 | I16: =SUM(I22,I26,I31,I35,I40,I44,I49,I53,I58,I64,I69,I73) -> 5117 | J16: 2.1.-5-3 | K16: Įgyvendinant priemonę buvo organizuojama lopšelio-darželio „Auksinis gaidelis“, vaikų lopšelių-darželių „Auksinis raktelis“, „Ąžuoliukas“, „Gintarėlis“, „Kūlverstukas“, „Verdenės“ gimnazijos, „Žiburio“ pagrindinės mokyklos, „Atgimimo“ gimnazijos, Draugystės ir „Gerosios vilties“ progimnazijų, Visagino kūrybos ir menų akademijos, Švietimo pagalbos tarnybos veikla ir paslaugų užtikrinimas. Priemonės įgyvendinimui stebėti stebėsenos rodikliai, patvirtinti Visagino savivaldybės švietimo stebėsenos rodiklių sąraše, patvirtintame 2022-03-14 Visagino savivaldybės administarcijos direktoriaus įsakymu Nr. ĮV-E- 123 „Dėl Visagino savivaldybės švietimo stebėsenos rodiklių sąrašo patvirtinimo". | L16: P-02-01-01-01 | M16: Visagino savivaldybės švietimo stebėsenos rodiklių sąraše, patvirtintame 2022-03-14 Visagino savivaldybės administracijos direktoriaus įsakymu Nr. ĮV-E- 123 „Dėl Visagino savivaldybės švietimo stebėsenos rodiklių sąrašo patvirtinimo", įgyvendintų rodiklių skaičius | N16: 34 | O16: 34 | P16: Įvykdyta
D17: SB (ĮP) | E17: =SUM(E23,E27,E32,E36,E41,E45,E50,E54,E59,E65,E70,E74) -> 774.452 | F17: =SUM(F23,F27,F32,F41,F45,F50,F54,F59,F65,F70,F74,F36,) -> 775.69 | G17: =SUM(G23,G27,G32,G41,G45,G50,G54,G59,G65,G70,G74,G36,) -> 747.509 | H17: =G17/F17 -> 0.96366976 | I17: =SUM(I23,I27,I32,I36,I41,I45,I50,I54,I59,I65,I70,I74) -> 810.8
D18: ĮP (L) | H18: =G18/F18 -> #DIV/0! | I18: =SUM(I28,I37,I46,I55,I60,I66,) -> 13.554
D19: SD | E19: =SUM(E24,E29,E33,E38,E42,E47,E51,E56,E61,E67,E71,E75) -> 35 | F19: =SUM(F61) -> 35 | G19: =SUM(G61) -> 35 | H19: =G19/F19 -> 1 | I19: 0
D20: KT | F20: =SUM(F24,F29,F33,F38,F62,F67,) -> 33.465 | G20: =SUM(G24,G29,G33,G38,G62,G67,G51,G56,G71,G75,) -> 26.838 | H20: =G20/F20 -> 0.80197221 | I20: =I75 -> 0.333
D21: Iš viso | E21: =SUM(E16:E20) -> 6745.962 | F21: =SUM(F16:F20) -> 5181.786 | G21: =SUM(G16:G20) -> 4975.649 | H21: =G21/F21 -> 0.96021893 | I21: =SUM(I16:I20) -> 5941.687
B22: Vaikų lopšelio-darželio „Auksinis gaidelis“ | C22: 190230641 | D22: SB | E22: 482.56 | F22: 383.16 | G22: 371.312 | H22: =G22/F22 -> 0.96907819 | I22: =506.28-0.08 -> 506.2
D23: SB (ĮP) | E23: =92.3+0.865 -> 93.165 | F23: 101.275 | G23: 100.509 | H23: =G23/F23 -> 0.99243644 | I23: 98.4
D24: KT | F24: 0.478 | G24: 0.478 | H24: =G24/F24 -> 1
D25: Iš viso | E25: =SUM(E22:E24) -> 575.725 | F25: =SUM(F22:F24) -> 484.913 | G25: =SUM(G22:G24) -> 472.299 | H25: =G25/F25 -> 0.97398709 | I25: =SUM(I22:I24) -> 604.6
B26: Vaikų lopšelio-darželio „Auksinis raktelis“ | C26: 190230443 | D26: SB | E26: 508.43 | F26: 403.593 | G26: 373.263 | H26: =G26/F26 -> 0.92485003 | I26: =576.08-0.1 -> 575.98
D27: SB (ĮP) | E27: =122.2+7.272 -> 129.472 | F27: 139.572 | G27: 125.772 | H27: =G27/F27 -> 0.9011263 | I27: =125.9 -> 125.9
D28: L | I28: 9.647
D29: KT | F29: 1.709 | G29: 1.228
D30: Iš viso | E30: =SUM(E26:E29) -> 637.902 | F30: =SUM(F26:F29) -> 544.874 | G30: =SUM(G26:G29) -> 500.263 | H30: =G30/F30 -> 0.91812603 | I30: =SUM(I26:I29) -> 711.527
B31: Vaikų lopšelio-darželio „Ąžuoliukas“ | C31: 190231730 | D31: SB | E31: 447.77 | F31: 349.305 | G31: 332.657 | H31: =G31/F31 -> 0.95233965 | I31: 487.73
D32: SB (ĮP) | E32: =96.7+2.28 -> 98.98 | F32: 107.89 | G32: 107.047 | H32: =G32/F32 -> 0.99218649 | I32: 104
D33: KT | F33: 1.146 | G33: 0.018
D34: Iš viso | E34: =SUM(E31:E33) -> 546.75 | F34: =SUM(F31:F33) -> 458.341 | G34: =SUM(G31:G33) -> 439.722 | H34: =G34/F34 -> 0.95937741 | I34: =SUM(I31:I33) -> 591.73
B35: Vaikų lopšelio-darželio „Gintarėlis“ | C35: 190231011 | D35: SB | E35: 447.55 | F35: 352.666 | G35: 335.089 | H35: =G35/F35 -> 0.95015964 | I35: =469.53-1 -> 468.53
D36: SB (ĮP) | E36: 87.33 | F36: 87.33 | G36: 83.457 | H36: =G36/F36 -> 0.95565098 | I36: =94.3 -> 94.3
D37: L | I37: 2.476
D38: KT | F38: 0.567 | G38: 0.567
D39: Iš viso | E39: =SUM(E35:E38) -> 534.88 | F39: =SUM(F35:F38) -> 440.563 | G39: =SUM(G35:G38) -> 419.113 | H39: =G39/F39 -> 0.9513123 | I39: =SUM(I35:I38) -> 565.306
B40: Vaikų lopšelio-darželio „Kūlverstukas“ | C40: 190230258 | D40: SB | E40: 323.6 | F40: 263.36 | G40: 250.795 | H40: =G40/F40 -> 0.95228964 | I40: =351.52-0.2 -> 351.32
D41: SB (ĮP) | E41: =45.5+0.153 -> 45.653 | F41: 44.103 | G41: 42.201 | H41: =G41/F41 -> 0.95687368 | I41: 41.7
D42: KT
D43: Iš viso | E43: =SUM(E40:E42) -> 369.253 | F43: =SUM(F40:F42) -> 307.463 | G43: =SUM(G40:G42) -> 292.996 | H43: =G43/F43 -> 0.95294718 | I43: =SUM(I40:I42) -> 393.02
B44: "Atgimimo" gimnazijos | C44: 190243280 | D44: SB | E44: 353.8 | F44: 351.785 | G44: 335.126 | H44: =G44/F44 -> 0.95264437 | I44: =380.02-0.1 -> 379.92
D45: SB (ĮP) | E45: 33.7 | F45: 38.2 | G45: 37.249 | H45: =G45/F45 -> 0.97510471 | I45: =37.6 -> 37.6
D46: L | I46: 0.585
D47: KT
D48: Iš viso | E48: =SUM(E44:E47) -> 387.5 | F48: =SUM(F44:F47) -> 389.985 | G48: =SUM(G44:G47) -> 372.375 | H48: =G48/F48 -> 0.95484442 | I48: =SUM(I44:I47) -> 418.105
B49: Draugystės progimnazijos | C49: 300135691 | D49: SB | E49: 410 | F49: 401.485 | G49: 393.864 | H49: =G49/F49 -> 0.98101797 | I49: =448.25-0.76 -> 447.49
D50: SB (ĮP) | E50: =38.5+0.829 -> 39.329 | F50: 40.647 | G50: 40.647 | H50: =G50/F50 -> 1 | I50: 40.5
D51: KT | G51: 0.852
D52: Iš viso | E52: =SUM(E49:E51) -> 449.329 | F52: =SUM(F49:F51) -> 442.132 | G52: =SUM(G49:G51) -> 435.363 | H52: =G52/F52 -> 0.98469009 | I52: =SUM(I49:I51) -> 487.99
B53: "Gerosios vilties" progimnazijos | C53: 190243095 | D53: SB | E53: 482.66 | F53: 466.515 | G53: 448.269 | H53: =G53/F53 -> 0.96088872 | I53: =518.62-0.22 -> 518.4
D54: SB (ĮP) | E54: =40.7+1.42 -> 42.12 | F54: 52.54 | G54: 50.986 | H54: =G54/F54 -> 0.97042254 | I54: =51 -> 51
D55: L | I55: 0.679
D56: KT | G56: 2.567
D57: Iš viso | E57: =SUM(E53:E56) -> 524.78 | F57: =SUM(F53:F56) -> 519.055 | G57: =SUM(G53:G56) -> 501.822 | H57: =G57/F57 -> 0.96679928 | I57: =SUM(I53:I56) -> 570.079
B58: "Verdenės" gimnazijos | C58: 190243519 | D58: SB | E58: 424.35 | F58: 417.14 | G58: 396.422 | H58: =G58/F58 -> 0.95033322 | I58: =459.67-0.9 -> 458.77 | K58: Asociacija žinių ekonomikos forumas, tarptautinis projektas MILbox (15000 Eur)
D59: SB (ĮP) | E59: 71.103 | F59: 79.103 | G59: 76.261 | H59: =G59/F59 -> 0.96407216 | I59: =76.5 -> 76.5
D60: L | I60: 0.159
D61: SD | E61: 35 | F61: 35 | G61: 35 | H61: =G61/F61 -> 1 | I61: 0
D62: KT | F62: =14+15 -> 29 | G62: =4+15 -> 19 | H62: =G62/F62 -> 0.65517241
D63: Iš viso | E63: =SUM(E58:E62) -> 530.453 | F63: =SUM(F58:F62) -> 560.243 | G63: =SUM(G58:G62) -> 526.683 | H63: =G63/F63 -> 0.94009742 | I63: =SUM(I58:I62) -> 535.429
B64: "Žiburio" pagrindinės mokyklos | C64: 193170510 | D64: SB | E64: 312.13 | F64: 309.78 | G64: 294.494 | H64: =G64/F64 -> 0.9506553 | I64: 342.37
D65: SB (ĮP) | E65: 31 | F65: 31.01 | G65: 29.367 | H65: =G65/F65 -> 0.94701709 | I65: =30.1 -> 30.1
D66: L | I66: 0.008
D67: KT | F67: 0.565 | G67: 0.565
D68: Iš viso | E68: =SUM(E64:E67) -> 343.13 | F68: =SUM(F64:F67) -> 341.355 | G68: =SUM(G64:G67) -> 324.426 | H68: =G68/F68 -> 0.95040647 | I68: =SUM(I64:I67) -> 372.478
B69: Visagino kūrybos ir menų akademijos | C69: 305632124 | D69: SB | E69: 1644.63 | F69: 549.817 | G69: 547.407 | H69: =G69/F69 -> 0.99561672 | I69: =464.86-0.77 -> 464.09
D70: SB (ĮP) | E70: 92.5 | F70: 22.454 | G70: 22.407 | H70: =G70/F70 -> 0.99790683 | I70: 87.7
D71: KT | G71: 1.108
D72: Iš viso | E72: =SUM(E69:E71) -> 1737.13 | F72: =SUM(F69:F71) -> 572.271 | G72: =SUM(G69:G71) -> 570.922 | H72: =G72/F72 -> 0.99764273 | I72: =SUM(I69:I71) -> 551.79
B73: Švietimo pagalbos tarnybos | C73: 300665693 | D73: SB | E73: 99.03 | F73: 89.025 | G73: 87.604 | H73: =G73/F73 -> 0.98403819 | I73: 116.2
D74: SB (ĮP) | E74: 10.1 | F74: 31.566 | G74: 31.606 | H74: =G74/F74 -> 1.0012672 | I74: 23.1
D75: KT | G75: 0.455 | I75: 0.333
D76: Iš viso | E76: =SUM(E73:E75) -> 109.13 | F76: =SUM(F73:F75) -> 120.591 | G76: =SUM(G73:G75) -> 119.665 | H76: =G76/F76 -> 0.99232115 | I76: =SUM(I73:I75) -> 139.633
A77: 02.01.01.02. (TP) | B77: Savivaldybės įstaigų ugdymo proceso užtikrinimas | C77: Įstaigos | D77: SB (MK) | E77: =SUM(E83,E89,E95,E101,E107,E113,E119,E125,E131,E137,E143,E149,E156,) -> 7901.32 | F77: =SUM(F83,F89,F95,F101,F107,F113,F119,F125,F131,F137,F143,F149,F156,) -> 8001.12 | G77: =SUM(G83,G89,G95,G101,G107,G113,G119,G125,G131,G137,G143,G149,G156,) -> 8001.121 | H77: =G77/F77 -> 1.0000001 | I77: =SUM(I83,I89,I95,I101,I107,I113,I119,I125,I131,I137,I143,I149,I156,) -> 8794.54 | K77: Įgyvendinant priemonę buvo vykdoma švietimo sistemos stebėsena savivaldybėje, taip pat buvo užtikrinamas mokinių, besimokančių lopšelyje-darželyje „Auksinis gaidelis“, vaikų lopšeliuose-darželiuose „Auksinis raktelis“, „Ąžuoliukas“, „Gintarėlis“, „Kūlverstukas“ pagal ikimokyklinio ir priešmokyklinio ugdymo programas, „Verdenės“ gimnazijoje, „Žiburio“ pagrindinėje mokykloje, „Atgimimo“ gimnazijoje, Draugystės ir „Gerosios vilties“ progimnazijose pagal pradinio, pagrindinio ir vidurinio ugdymo programas mokymo reikmių tenkinimas, Visagino kūrybos ir menų akademijos neformaliojo vaikų bei formalųjį švietimą papildančio ugdymo programų įgyvendinimas, Švietimo pagalbos tarnybos neformaliojo suaugusiųjų švietimo programoms įgyvendinimas, teikiama pedagoginė psichologinė pagalba. Priemonės įgyvendinimui stebėti stebėsenos rodikliai, patvirtinti Visagino savivaldybės švietimo stebėsenos rodiklių sąraše, patvirtintame 2022-03-14 Visagino savivaldybės administracijos direktoriaus įsakymu Nr. ĮV-E- 123 „Dėl Visagino savivaldybės švietimo stebėsenos rodiklių sąrašo patvirtinimo" . | L77: P-02-01-01-02
D78: SB(ĮP) | E78: 0 | F78: =SUM(F144) -> 63.727 | G78: =SUM(G144) -> 63.727 | H78: =G78/F78 -> 1
D79: SB | E79: =SUM(E85,E97,E103,E109,E127,E139,E151,E91,E133,) -> 249.04 | F79: =SUM(F85,F97,F103,F109,F127,F139,F151,F91,F133,F145) -> 1782.452 | G79: =SUM(G85,G97,G103,G109,G127,G139,G151,G91,G133,G145) -> 1772.502 | H79: =G79/F79 -> 0.9944178 | I79: =SUM(I85,I97,I103,I109,I127,I139,I151,I91,I133,I121,I155) -> 564.09
D80: SD | E80: 0 | F80: =SUM(F86,F92,F104,F110,F116,F122,F128,F134,F140,) -> 71.57 | G80: =SUM(G86,G92,G104,G110,G116,G122,G128,G134,G140,) -> 68.622 | H80: =G80/F80 -> 0.95880956 | I80: =SUM(I86,I92,I98,I104,I110,I116,I122,I128,I134,I140,I146,I152,) -> 42.248
D81: Kt. | E81: 0 | F81: =F141 -> 0.5 | G81: =G141 -> 0.5 | H81: =G81/F81 -> 1
D82: Iš viso | E82: =SUM(E77:E81) -> 8150.36 | F82: =SUM(F77:F81) -> 9919.369 | G82: =SUM(G77:G81) -> 9906.472 | H82: =G82/F82 -> 0.99869982 | I82: =SUM(I77:I81) -> 9400.878
B83: Vaikų lopšelio-darželio „Auksinis gaidelis“ | C83: 190230641 | D83: SB (MK) | E83: 534.775 | F83: 518.449 | G83: 518.449 | H83: =I83/E83 -> 0.99855079 | I83: 534
D84: SB(ĮP)
D85: SB | E85: 18 | F85: 109.355 | G85: 96.615 | H85: =I85/E85 -> 1.6966667 | I85: =43.14-12.6 -> 30.54
D86: SD | E86: 0 | F86: 10.724 | G86: 10.724 | H86: =G86/F86 -> 1
D87: Kt.
D88: Iš viso | E88: =SUM(E83:E87) -> 552.775 | F88: =SUM(F83:F87) -> 638.528 | G88: =SUM(G83:G87) -> 625.788 | H88: =G88/F88 -> 0.98004786
B89: Vaikų lopšelio-darželio „Auksinis raktelis“ | C89: 190230443 | D89: SB (MK) | E89: 550.885 | F89: 544.942 | G89: 544.942 | H89: =I89/E89 -> 1.101346 | I89: =599.435+7.28 -> 606.715
D90: SB(ĮP)
D91: SB | E91: 9.73 | F91: 109.541 | G91: 130.104 | H91: =G91/F91 -> 1.1877197 | I91: =38.14-19.17 -> 18.97
D92: SD | F92: 5.717 | G92: 5.717 | H92: =G92/F92 -> 1
D93: Kt.
D94: Iš viso | E94: =SUM(E89:E93) -> 560.615 | F94: =SUM(F89:F93) -> 660.2 | G94: =SUM(G89:G93) -> 680.763 | H94: =G94/F94 -> 1.0311466 | I94: =SUM(I89:I93) -> 625.685
B95: Vaikų lopšelio-darželio „Ąžuoliukas“ | C95: 190231730 | D95: SB (MK) | E95: 419.015 | F95: 430.52 | G95: 430.52 | H95: =G95/F95 -> 1 | I95: 483.965
D96: SB(ĮP)
D97: SB | E97: 10.03 | F97: 103.455 | G97: 104.513 | H97: =G97/F97 -> 1.0102267 | I97: =48.86-10.95 -> 37.91
D98: SD
D99: Kt.
D100: Iš viso | E100: =SUM(E95:E99) -> 429.045 | F100: =SUM(F95:F99) -> 533.975 | G100: =SUM(G95:G99) -> 535.033 | H100: =G100/F100 -> 1.0019814 | I100: =SUM(I95:I99) -> 521.875
B101: Vaikų lopšelio-darželio „Gintarėlis“ | C101: 190231011 | D101: SB (MK) | E101: 448.51 | F101: 461.221 | G101: 461.221 | H101: =G101/F101 -> 1 | I101: 459.175
D102: SB(ĮP)
D103: SB | E103: 15.02 | F103: 99.063 | G103: 95.062 | H103: =G103/F103 -> 0.95961156 | I103: =85.52-13.7 -> 71.82
...

Sheet Švietimo stebėsena (IX)
A2: Visagino savivaldybės švietimo stebėsenos rodiklių sąrašas, patvirtintas 2022-03-14 Visagino savivaldybės administarcijos direktoriaus įsakymu Nr. ĮV-E- 123 „Dėl Visagino savivaldybės švietimo stebėsenos rodiklių sąrašo patvirtinimo"
A4: Eil. Nr. | B4: Rodiklio pavadinimas | C4: Duomenų teikimo data | D4: Rodiklio reikšmė 2023 m. | E4: 2024 | F4: 2025 | G4: 2026 | H4: Duomenų šaltinis
A5: 1. | B5: Demografiniai rodikliai
A6: 1.1. | B6: Gimimų skaičius Visagino savivaldybėje (skaičiuojant tik gimusius Lietuvoje) | C6: Sausio 1 d. | D6: 118 (2024-01-02 duomenimis) | E6: 115 | F6: 115 | G6: 115 | H6: LR statistikos departamento Oficialiosios statistikos portalas
A7: 2. | B7: Socialiniai rodikliai
A8: 2.1. | B8: Socialinės rizikos šeimų, auginančių vaikus, skaičius | C8: Spalio 1 d. | D8: 115 | E8: 112 | F8: 110 | G8: 110 | H8: Socialinės paramos skyrius
A9: 2.2. | B9: Vaikų, augančių socialinės rizikos šeimose, skaičius | C9: Spalio 1 d. | D9: 189 | E9: 185 | F9: 180 | G9: 180 | H9: Socialinės paramos skyrius
A10: 2.3. | B10: Vaikų, gaunančių nemokamą maitinimą, skaičius | C10: Spalio 1 d. | D10: 443 | E10: 430 | F10: 425 | G10: 425 | H10: Socialinės paramos skyrius
A11: 2.4. | B11: Pavežamų bendrojo ugdymo mokyklų mokinių skaičius | C11: Spalio 1 d. | D11: 106 | E11: 105 | F11: 108 | G11: 110 | H11: Vietinio ūkio valdymo ir statybos skyrius
A12: 3. | B12: Švietimo aplinkos rodikliai
A13: 3.1. | B13: Formaliojo ir neformaliojo švietimo paslaugų teikėjų (įstaigų, organizacijų, fizinių asmenų) skaičius | C13: Rugsėjo 1 d. | D13: 36 | E13: 38 | F13: 38 | G13: 40 | H13: Švietimo ir mokslo institucijų registras (toliau – ŠMIR)
A14: 3.2. | B14: Neformaliojo švietimo programų teikėjų skaičius savivaldybėje | C14: Rugsėjo 1 d. | D14: 26 | E14: 28 | F14: 28 | G14: 30 | H14: ŠMIR
A15: 3.3. | B15: Mokinių skaičius bendrojo ugdymo (toliau – BU) mokyklose | C15: Rugsėjo 1 d. | D15: 1931 | E15: 1950 | F15: 1950 | G15: 1950 | H15: Švietimo valdymo informacinė sistema (toliau – ŠVIS)
A16: 3.4. | B16: Mokinių skaičius ikimokyklinio ugdymo įstaigose | C16: Rugsėjo 1 d. | D16: 759 | E16: 750 | F16: 750 | G16: 750 | H16: ŠVIS
A17: 3.5. | B17: Mokinių skaičius neformaliojo švietimo įstaigose | C17: Spalio 1 d. | D17: 2263 | E17: 2260 | F17: 2260 | G17: 2260 | H17: ŠVIS, Mokinių registras (toliau – MR)
A18: 3.6. | B18: Vienai sąlyginei mokytojo pareigybei tenkančių mokinių skaičius BU mokyklose | C18: Spalio 1 d. | D18: 10.5 | E18: 10.5 | F18: 10.5 | G18: 10.6 | H18: ŠVIS, Pedagogų registras (toliau – PR)
A19: 3.7. | B19: Bendrojo ugdymo mokyklų 1–8 klasių komplektų, kurie yra jungtiniai, dalis (neįskaičiuojant specialiųjų klasių / grupių) | C19: Rugsėjo 1 d. | D19: 0 | E19: 0 | F19: 0 | G19: 0 | H19: ŠVIS
A20: 3.8. | B20: Bendrojo ugdymo mokyklų klasių komplektų, kuriuose yra mažiau kaip 8 mokiniai, dalis (neįskaičiuojant specialiųjų klasių / grupių) | C20: Rugsėjo 1 d. | D20: 0 | E20: 0 | F20: 0 | G20: 0 | H20: ŠVIS
A21: 3.9. | B21: Naujai komplektuojamų priešmokyklinio ugdymo grupių, kuriose yra ne daugiau kaip 20 mokinių, dalis (neįskaičiuojant specialiųjų klasių / grupių) | C21: Rugsėjo 1 d. | D21: 0 | E21: 0 | F21: 0 | G21: 0 | H21: ŠVIS
A22: 3.10. | B22: Naujai komplektuojamų bendrojo ugdymo mokyklų bendrosios paskirties 1 klasių komplektų, kuriuose yra ne daugiau kaip 24 mokiniai, dalis (neįskaičiuojant specialiųjų klasių / grupių) nuo bendro visų klasių / grupių skaičiaus | C22: Rugsėjo 1 d. | D22: 0 | E22: 0 | F22: 0 | G22: 0 | H22: ŠVIS
A23: 4. | B23: Personalo rodikliai
A24: 4.1. | B24: Jaunesnių nei 50 metų bei 50 metų ir vyresnio amžiaus mokytojų skaičiaus santykis (procentais) | C24: Spalio 1 d. | D24: 29,6/70,4 | E24: 30/70 | F24: 31/69 | G24: 32/68 | H24: Pedagogų registras, ŠVIS
A25: 4.1.1. | B25: bendrojo ugdymo mokyklose | D25: 27,8/72,2 | E25: 28/72 | F25: 29/71 | G25: 30/70
A26: 4.1.2. | B26: ikimokyklinio ugdymo įstaigose | D26: 24,8/75,2 | E26: 25/75 | F26: 26/74 | G26: 28/72
A27: 4.1.3. | B27: neformalaus švietimo įstaigose | D27: 39,3/60,7 | E27: 40/60 | F27: 40/60 | G27: 41/59
A28: 4.2. | B28: Daugiau kaip 2 metų pedagoginio darbo stažą turinčių darbuotojų dalis | C28: Spalio 1 d. | H28: ŠVIS
A29: 4.2.1. | B29: bendrojo ugdymo mokyklose | D29: 96 proc. | E29: 95 | F29: 94 | G29: 94
A30: 4.2.2. | B30: ikimokyklinio ugdymo įstaigose | D30: 94 proc | E30: 94 | F30: 93 | G30: 92
A31: 4.2.3. | B31: neformalaus švietimo įstaigose | D31: 85 | E31: 85 | F31: 82 | G31: 80
A32: 4.3. | B32: Švietimo įstaigų, kuriose nėra nuolatinio vadovo daugiau kaip 12 mėnesių, dalis nuo bendro švietimo įstaigų skaičiaus | C32: Spalio 1 d. | D32: 1 | E32: 0 | F32: 0 | G32: 0 | H32: Švietimo, kultūros, sporto ir valstybinės kalbos kontrolės skyrius
A33: 4.4. | B33: Vienai sąlyginei mokytojo pareigybei tenkančių mokinių skaičius bendrojo ugdymo mokyklose | C33: Spalio 1 d. | D33: Skaičius | E33: 10.5 | F33: 10.5 | G33: 10.6 | H33: PR, Finansų ir biudžeto skyrius
A34: 5. | B34: Ikimokyklinio ugdymo rodikliai
A35: 5.1. | B35: Ikimokykliniame ir priešmokykliniame ugdyme dalyvaujančių 3–5 metų vaikų dalis | C35: Rugsėjo 1 d. | D35: Procentai | E35: 89.22 | F35: 90 | G35: 92 | H35: ŠVIS
A36: 5.2. | B36: Savivaldybės mokyklose ugdomų 3–5 metų vaikų, kurių deklaruota gyvenamoji vieta kitoje savivaldybėje, dalis | C36: Rugsėjo 1 d. | D36: 9.05 | E36: 10 | F36: 10 | G36: 10 | H36: ŠVIS
A37: 5.3. | B37: Savivaldybės 3–5 metų vaikų, ugdomų ne savivaldybės mokyklose, dalis proc. | C37: Rugsėjo 1 d. | D37: 0 | E37: 0.5 | F37: 0.5 | G37: 0.5 | H37: ŠVIS
A38: 6. | B38: Pagalbos mokiniui teikimo rodikliai
A39: 6.1. | B39: Švietimo pagalbos specialistų, tenkančių 100-ui bendrojo ugdymo mokyklų mokinių | C39: Rugsėjo 1 d. | D39: Procentai | E39: 0.67 | F39: 0.7 | G39: 0.7 | H39: ŠVIS
A41: 6.2. | B41: Švietimo pagalbos specialistų, tenkančių 100-ui ikimokyklinio ugdymo įstaigų mokinių | C41: Rugsėjo 1 d. | D41: 21 darbuotojas, 2,77 proc. | E41: 3 proc | F41: 3.5 | G41: 3.5 | H41: ŠVIS
A43: 6.3. | B43: Švietimo pagalbą gaunančių mokinių dalis (nuo visų mokinių, kuriems nustatytas švietimo pagalbos poreikis, skaičiaus) | C43: Rugsėjo 1 d. | D43: 100 | E43: 100 | F43: 100 | G43: 100 | H43: ŠVIS,Mokinių registras
A45: 6.4. | B45: Mokinių, turinčių specialiųjų ugdymosi poreikių, ugdomų integruotai bendrosios paskirties mokyklose, dalis | C45: Rugsėjo 1 d. | D45: 100 (270 mokinių turinčių spec. ugdymo poreikių) | E45: 100 | F45: 100 | G45: 100 | H45: ŠVIS
A46: 6.5. | B46: Negalią turinčių mokinių dalis nuo mokinių, turinčių specialiųjų ugdymosi poreikių, ugdomų integruotai bendrosios paskirties mokyklose | C46: Rugsėjo 1 d. | D46: 100 | E46: 100 | F46: 100 | G46: 100 | H46: ŠVIS
A47: 7. | B47: Neformalaus švietimo ir vaikų vasaros užimtumo rodikliai
A48: 7.1. | B48: Neformaliojo švietimo veikloje dalyvaujančių mokinių dalis | C48: Spalio 1 d. | D48: 73.53 | E48: 74 | F48: 75 | G48: 75 | H48: Mokinių registras; ŠVIS
A49: 7.2. | B49: Bent vienoje neformalaus švietimo programoje dalyvaujančių bendrojo ugdymo mokyklų mokinių skaičius | C49: Spalio 1 d. | D49: 63.6 | E49: 65 | F49: 67 | G49: 68 | H49: Mokinių registras
A50: 7.3. | B50: Bent vienoje NVŠ tikslinio finansavimo (valstybės biudžeto lėšų) programoje dalyvaujančių BU mokyklų mokinių skaičius | C50: Spalio 1 d. | D50: 690 | E50: 700 | F50: 705 | G50: 710 | H50: Mokinių registras NVŠ finansavimo sritis
A51: 7.4. | B51: Programų, įgyvendintų organizuojant vaikų vasaros poilsį, skaičius | C51: Spalio 1 d. | D51: 26 | E51: 27 | F51: 28 | G51: 29 | H51: Administracijos direktoriaus įsakymu patvirtintas programų sąrašas; Mokinių registras; programų vykdytojų ataskaitos
A52: 7.5. | B52: Mokinių, dalyvavusių vaikų vasaros poilsio programose, skaičius | C52: Spalio 1 d. | D52: 522 | E52: 530 | F52: 535 | G52: 540
A53: 8. | B53: Švietimo rezultatų rodikliai
A54: 8.1. | B54: Pagrindinio ugdymo pasiekimų patikrinimo metu bent pagrindinį mokymosi pasiekimų lygį pasiekusių mokinių dalis (lietuvių kalba, matematika) | C54: Rugsėjo 1 d. | D54: Procentai | E54: 75 | F54: 75 | G54: 77 | H54: Švietimo duomenų perdavimo sistema (toliau – KELTAS)
A55: 8.2. | B55: Tris ir daugiau valstybinių brandos egzaminų išlaikiusių abiturientų dalis | C55: Rugsėjo 1 d. | D55: Procentai | E55: 93.6 | F55: 94 | G55: 95 | H55: KELTAS

Sheet 3 programa (X)
A1: Fizinio aktyvumo ir sporto plėtros programa (03)
A2: Programa rengiama ir įgyvendinama, atsižvelgiant į Nacionaliniame pažangos plane nustatytus sporto politikos strateginius tikslus ir (arba) pažangos uždavinius, švietimo, mokslo ir sporto ministro patvirtintą strateginių sporto šakų sąrašą, vietos bendruomenės poreikius, jos pagrindu finansuojama ir kitaip prisidedama prie savivaldybės teritorijoje veiklą vykdančių sporto srityje veikiančių fizinių ir juridinių asmenų veiklos, vykdoma sporto objektų plėtra, užtikrinamas jų teikiamų paslaugų prieinamumas gyventojams, vykdoma šviečiamoji veikla, formuojamas savivaldybės teritorijoje gyvenančių žmonių pozityvus požiūris į sporto reikšmę sveikatai, rengiamos ir įgyvendinamos kitos fizinio aktyvumo ir aukšto meistriškumo sporto plėtojimo savivaldybėje priemonės.
A4: =A12 -> 03.01.01. (T) | B4: =B12 -> Užtikrinti efektyvią įstaigų, veikiančių sporto srityje, veiklą
A5: =A22 -> 03.01.02. (T) | B5: =B22 -> Plėtoti ir tobulinti sporto varžybas ir sporto sveikatingumo renginius siekiant įtraukti vaikus, jaunimą ir kitas gyventojų grupes į sportinę veiklą, rengti sporto specialistus
A7: Programos įgyvendinimo laikotarpis 2023-2025 m. | C7: Programos ataskaitinis laikotarpis 2023 m.
A8: Programos įgyvendinimo koordinatorius Artūras Česliokas, arturas.cesliokas@visaginas.lt, tel. 8 (386) 36 067
A9: 4 lentelė. Fizinio aktyvumo ir sporto plėtros programos (03) uždaviniai, priemonės, asignavimai ir kitos lėšos (tūkst.eurų) ir jų stebėsenos rodikliai
A10: Programos uždavinio, priemonės kodas ir požymis | B10: Uždavinio, priemonės pavadinimas, finansavimo šaltiniai | C10: Asignavimų valdytojo kodas | D10: Finansavimo šaltinis | E10: 2023-02-02 sprendimu Nr. TS-17 patvirtintas planas | F10: Planas (įskaitant patikslinimus) | G10: 2023 m. plano vykdymas | H10: 2023 plano įvykdymo proc. | I10: Savivaldybės strateginio plėtros plano priemonės kodas | J10: Trumpas priemonės įgyvendinimo aprašymas | K10: Poveikio rodiklio kodas | L10: Poveikio rodiklio pavadinimas (matavimo vnt.) | M10: Poveikio rodiklio reikšmės | O10: Siektinos stebėsenos rodiklių reikšmės | R10: Savivaldybės strateginio plėtros plano rodiklis | T10: Įvykdyta /Neįvykdyta/ Įvykdyta iš dalies/Vykdoma
M11: Siektina poveikio rodiklio reikšmė 2023 m. | N11: Faktinė poveikio rodiklio reikšmė 2023 m. | O11: 2024 | P11: 2025 | Q11: 2026
A12: 03.01.01. (T) | B12: Užtikrinti efektyvią įstaigų, veikiančių sporto srityje, veiklą | E12: =SUM(E15) -> 1102.03 | F12: =SUM(F15) -> 1225.43 | G12: =SUM(G15) -> 1228.53 | H12: =G12/F12 -> 1.0025297 | I12: 2.2-1
A13: 03.01.01.01. (TP) | B13: Sportinio ugdymo programų ir sportininkų rengimo veiklos organizavimas ir paslaugų kokybės užtikrinimas | C13: 188711925 | D13: SB | E13: 1077.35 | F13: 1200.75 | G13: 1203.85 | H13: =G13/F13 -> 1.0025817 | I13: 2.2-1-2 | J13: Įgyvendinant aukščiau numatytą priemonę buvo užtikrintas viešųjų įstaigų Visagino sporto ir rekreacijos centro, Visagino krepšinio mokyklos, Visagino futbolo centro ir Visagino graikų-romėnų imtynių centro veiklos organizavimas ir ugdymo/treniruočių proceso užtikrinimas pagal finansavimo sutartis. | K13: P-03-01-01-01 | L13: Finansavimo sutartyse nustatytų veiklos rodiklių pasiekimas | M13: 100 | N13: 100 | O13: 4 | P13: 4 | Q13: 4 | R13: Įstaigų sporto salių, kurios prieinamos sportuoti bendruomenės nariams, skaičius | T13: Įvykdyta
D14: SB (MK) | E14: 24.68 | F14: 24.68 | G14: 24.68 | H14: =G14/F14 -> 1
D15: Iš viso: | E15: =SUM(E13:E14) -> 1102.03 | F15: =SUM(F13:F14) -> 1225.43 | G15: =SUM(G13:G14) -> 1228.53 | H15: =G15/F15 -> 1.0025297 | L15: Sportininkų, lankančių savivaldybės sporto įstaigas, skaičius | M15: 870 | N15: 1126
B16: VšĮ Visagino sporto ir rekreacijos centras | G16: 860.35 | M16: 500 | N16: 575
B17: VšĮ Visagino futbo centras | G17: 166.2 | M17: 200 | N17: 314
B18: VšĮ Visagino krepšinio mokykla | G18: 107.5 | M18: 100 | N18: 155
B19: VšĮ Visagino graikų romėnų imtynių centras | G19: 69.8 | M19: 70 | N19: 82
G20: =G16+G17+G18+G19 -> 1203.85
A22: 03.01.02. (T) | B22: Plėtoti ir tobulinti sporto varžybas ir sporto sveikatingumo renginius siekiant įtraukti vaikus, jaunimą ir kitas gyventojų grupes į sportinę veiklą, rengti sporto specialistus | E22: =SUM(E25,E27,E29,E37,E39,E41) -> 194.8 | F22: =SUM(F25,F27,F29,F37,F39,F41) -> 71.4 | G22: =SUM(G25,G27,G29,G37,G39,G41) -> 70.875 | H22: =G22/F22 -> 0.99264706 | I22: 2.2-4
A23: 03.01.02.01. (TP) | B23: Visagino savivaldybės sporto renginių organizavimas pagal patvirtintą metinį Sporto renginių planą bei sąlygų dalyvauti tarptautiniuose čempionatuose atstovaujant Visagino savivaldybei užtikrinimas | C23: 188711925 | D23: SB | E23: 43.8 | F23: 25.8 | G23: 25.342 | H23: =G23/F23 -> 0.98224806 | I23: 2.2-1-1 | J23: Įgyvendinant šią priemonę 2023 m. vyko Visagino mokyklų sporto žaidynės (organizuota 17 varžybų, dalyvavo apie 400 dalyvių), Miesto gyventojams buvo pasiūlyti 26 sporto renginiai. Renginiuose dalyvavo daugiau kaip 1250 žmonių. Taip pat įgyvendinant priemonę buvo organizuoti tokie renginiai kaip „Visaginas Rally Cup 2023“ ir sveikatingumo pėsčiųjų žygis „Visagino žygis" 2023. | K23: P-03-01-02-01 | L23: Metinio renginių plano įgyvendinimas | M23: 100 | N23: 100 | O23: 100 | P23: 100 | Q23: 100 | R23: Suorganizuotų sporto varžybų, švenčių, sąskrydžių, seminarų, „Sportas visiems“ ir kitų sporto renginių, žaidynių skaičius | S23: trenkturas, rali | T23: Įvykdyta
D25: Iš viso: | E25: =E23 -> 43.8 | F25: =F23 -> 25.8 | G25: =G23 -> 25.342 | H25: =H23 -> 0.98224806
A26: 03.01.02.02. (TP) | B26: Buvusios mokyklos pastato Draugystės g. 10 ir aplinkinės teritorijos konversija pritaikant ją daugiafunkcės sporto arenos sukūrimui | C26: 188711925 | D26: SB | E26: 40 | F26: 0 | G26: 0 | H26: 0 | I26: 2.2-5-1 | J26: Ataskaitiniu laikotarpiu mero potvarkiu buvo sudaryta darbo grupė, kuri nagrinėjo galimybes daugiafunkcės sporto arenos sukūrimui ir aplinkinės teritorijos konversijai šalia pastato, esančio Draugystės g. 10. Priemonė vykdoma, nes darbo grupė išvadų ir pasiūlymų pateikimą perkelė į 2024 m. Pagal pateiktas išvadas 2024 m. planuojama kreiptis į Visagino savivaldybės tarybą dėl tolesnio projekto įgyvendinimo. | K26: P-03-01-02-02 | L26: Sporto srities projektų, įgyvendinamų savivaldybėje, skaičius | M26: 0 | N26: 0 | O26: 0 | P26: 1 | Q26: 0 | R26: Įgyvendintų priemonių/ projektų skaičius, vnt. | T26: Vykdoma
D27: Iš viso: | E27: =E26 -> 40 | F27: =F26 -> 0 | G27: =G26 -> 0 | H27: 0 | S27: Kompensacija gyventojams už naudojimasi baseino paslaugomis
A28: 03.01.02.03. (TP) | B28: Sporto įvairovės, gyventojų fizinio aktyvumo, prieinamumo įvairioms visuomenės grupėms užtikrinimas | C28: 188711925 | D28: SB | E28: 12 | F28: 17 | G28: 17 | H28: =G28/F28 -> 1 | J28: 2020 m. lapkričio 20 d. Visagino savivaldybės tarybos sprendimu Nr. TS-244 „Dėl Sporto projektų finansavimo konkurso nuostatų patvirtinimo“ buvo patvirtinti Sporto projektų finansavimo konkurso nuostatai, konkurso pagrindinis tikslas skatinti Visagino savivaldybėje sporto įvairovę, gyventojų fizinį aktyvumą, prieinamumą įvairioms visuomenės grupėms, plėtoti aukšto meistriškumo sportininkų rengimo sistemą, prisidėti prie teigiamo miesto įvaizdžio kūrimo, garsinimo ir reprezentavimo. Priemonės poveikio rodiklis buvo pasiektas iš dalies, nes tinkamų finansuoti paraiškų buvo pateikta mažiau, nei planuota gauti. | K28: P-03-01-02-03 | L28: Sporto srities projektų, įgyvendinamų savivaldybėje, skaičius | M28: 6 | N28: 5 | O28: 6 | P28: 6 | Q28: 6 | T28: Įvykdyta iš dalies
D29: Iš viso: | E29: =E28 -> 12 | F29: =F28 -> 17 | G29: =G28 -> 17 | H29: =H28 -> 1
B30: VšĮ Visagino krepšinio mokykla | F30: 2.939 | J30: „Žaisk krepšinį Visagine – 2023“
B31: Visagino miesto neįgaliųjų sporto klubas „Visaggalis" | F31: 3 | J31: „Visagino miesto neįgaliųjų sporto vystymas“
B32: VšĮ Visagino futbolo centras | F32: 2.56 | J32: „Pažintis su futbolu Visagino miesto darželiuose“
B33: Visagino trečiojo amžiaus universitetas | F33: 3 | J33: „Fiziškai aktyvi ir sveikai gyvenanti Visagino senjorų bendruomenė
B34: Sporto klubas Akrobalansas | F34: 0.501 | J34: „Cirkas – sportas, sveikata“
B35: Kelionė į Prancūziją | F35: =SUM(F30,F31,F32,F33,F34,) -> 12 | J35: Stiprinti ryšius Ošo mieste
A36: 03.01.02.04. (TP) | B36: Analizės ir schemos miesto erdvių tvarkymui, kurios būtų pritaikytos fizinio aktyvumo veikloms (bėgimo, ėjimo trasos, lauko treniruoklių stotelės), parengimas | C36: 188711925 | D36: SB | E36: 2 | F36: 2 | G36: 2 | H36: =G36/F36 -> 1 | J36: Įgyvendinant priemonę parengta Visagino savivaldybės fizinio aktyvumo erdvių analizė ir vystymo koncepcija. | K36: P-03-01-02-04 | L36: Parengtų analizių skaičius | M36: 1 | N36: 1 | O36: 0 | P36: 0 | Q36: 0 | T36: Įvykdyta
D37: Iš viso: | E37: =E36 -> 2 | F37: =F36 -> 2 | G37: =G36 -> 2 | H37: =H36 -> 1
A38: 03.01.02.06 (TP) | B38: Sporto projektų įgyvendinimo Visagino savivaldybėje užtikrinimas | C38: 188711925 | D38: SB | E38: 62 | F38: 0 | G38: 0 | H38: 0 | J38: Įgyvendinant šią priemonę planuojama prisidėti prie esamų sporto bazių plėtros, priežiūros ir remonto bei užtikrinti dalinį finansavimą Sporto rėmimo fondo lėšomis finansuojamiems projektams. Teikiamų projektų tikslas – prisidėti prie sporto bazių prieinamumo didinimo, sąlygų įvairaus amžiaus ir poreikių asmenų fiziniam aktyvumui gerinimo ir organizuotai sportuojančių asmenų skaičiaus didėjimo. Priemonės poveikio rodiklis buvo neįvykdytas, nes pateiktos paraiškos negavo finansavimo iš Sporto rėmimo fondo. | K38: P-03-01-02-06 | L38: Sporto srities projektų, įgyvendinamų savivaldybėje, skaičius | M38: 0 | N38: 0 | O38: 2 | P38: 2 | Q38: 2 | T38: Neįvykdyta
D39: Iš viso: | E39: =E38 -> 62 | F39: =F38 -> 0 | G39: =G38 -> 0 | H39: =H38 -> 0
A40: 03.01.02.08. (TP) | B40: Vaikų mokymo plaukti programos įgyvendinimas | C40: 188711925 | D40: SB | E40: 35 | F40: 26.6 | G40: 26.533 | H40: =G40/F40 -> 0.9974812 | J40: 2022-08-26 Visagino savivaldybės tarybos sprendimu Nr. TS-148 „Dėl Visagino savivaldybės pradinių klasių mokinių mokymo plaukti programos patvirtinimo" buvo patvirtinta Visagino savivaldybės pradinių klasių mokinių mokymo plaukti programą, kurios pagrindinis tikslas mažinti skendimų skaičių, ugdyti sveiką mokinį ir formuoti sveikos bei fiziškai aktyvios mokinių gyvensenos įgūdžius. 2023 metais sėkmingai įgyvendinta „Išmok plaukti“ programa, pagal kurią Visagino antrokai ir trečiokai buvo mokomi plaukti ir saugiai jaustis vandenyje. 2023 m. programoje dalyvavo apie 400 vaikų. | K40: P-03-01-02-08 | L40: Programą baigusių 2-3 klasių mokinių dalis | M40: 100 | N40: 100 | O40: 100 | P40: 100 | Q40: 100 | T40: Įvykdyta
D41: Iš viso: | E41: =E40 -> 35 | F41: =F40 -> 26.6 | G41: =G40 -> 26.533 | H41: =H40 -> 0.9974812
E42: =E10 -> 2023-02-02 sprendimu Nr. TS-17 patvirtintas planas | F42: Planas (įskaitant patikslinimus) | G42: 2023 m. plano vykdymas | H42: 2023 plano įvykdymo proc.
A43: 1. Savivaldybės biudžetas (įskaitant skolintas lėšas) | E43: =E44+E45+E47+E48+E49+E50 -> 1296.83 | F43: =F44+F45+F47+F48+F49+F50 -> 1296.83 | G43: =G44+G45+G47+G48+G49+G50 -> 1299.405 | H43: =G43/F43 -> 1.0019856
A44: Iš jo: 1.1. savivaldybės biudžeto lėšos | E44: =SUM(E13,E23,E26,E28,E36,E38,E40,) -> 1272.15 | F44: =SUM(F13,F23,F26,F28,F36,F38,F40,) -> 1272.15 | G44: =SUM(G13,G23,G26,G28,G36,G38,G40,) -> 1274.725 | H44: =G44/F44 -> 1.0020241
A45: 1.2. Lietuvos Respublikos valstybės biudžeto dotacijos | E45: =SUM(E14) -> 24.68 | F45: =SUM(F14) -> 24.68 | G45: =SUM(G14) -> 24.68 | H45: =G45/F45 -> 1
B46: Skirta ugdymo reikmėms finansuoti (MK) | H46: =G46/F46-1 -> #DIV/0!
A47: 1.3. Pajamų įmokos ir kitos pajamos | E47: 0 | F47: 0 | G47: 0
A48: 1.4. Europos Sąjungos ir kitos tarptautinės finansinės paramos lėšos (EGDP, VB) | E48: 0 | F48: 0 | G48: 0
A49: 1.5. Skolintos lėšos | E49: 0 | F49: 0 | G49: 0
A50: 1.6. Ankstesnių metų likučiai | E50: 0
A51: 2. Kiti šaltiniai (Europos Sąjungos finansinė parama projektams įgyvendinti ir kitos teisėtai gautos lėšos, nurodant atskirus šaltinius) | E51: 0 | F51: 0 | G51: 0
A52: IŠ VISO programai finansuoti pagal finansavimo šaltinius (1 ir 2 punktai) | E52: =E43+E51 -> 1296.83 | F52: =F43+F51 -> 1296.83 | G52: =G43+G51 -> 1299.405 | H52: =G52/F52 -> 1.0019856
A53: Iš jų: regioninių pažangos priemonių lėšos | E53: 0 | F53: 0 | G53: 0
A54: Asignavimų ir kitų lėšų pokytis, palyginti su ankstesnių metų patvirtintų asignavimų ir kitų lėšų planu | E54: 0 | F54: 0 | G54: 0 | H54: 0
E56: 1272.15 | F56: 1274.725
E57: =E56-F44 -> 0 | F57: =G44-F56 -> 0

Sheet 4 programa (XI)
A1: Gyventojų kultūrinio aktyvumo skatinimo ir identiteto stiprinimo programa (04)
A2: Programos tikslas - kryptingai vykdyti valstybės ir savivaldybės kultūros politiką. Šios programos priemonėmis numatoma sudaryti sąlygas savivaldybės gyventojams susipažinti su šiuolaikinėmis ir tradicinėmis profesionalaus ir mėgėjų meno formomis, ugdyti gyventojų kūrybiškumo ir kritinio mąstymo gebėjimus, etninę savimonę, meninį ir estetinį skonį, skatinti tautinio identiteto plėtrą ir menų įvairovę, skaitymo aktyvinimą bei mokymąsi visą gyvenimą. Sudarant optimalias sąlygas gyventojams dalyvauti kultūrinime gyvenime, meno saviveiklos kolektyvuose, įgyvendinant kultūrines-edukacines programas, skatinti įvairaus amžiaus gyventojų užimtumą, mažinti negatyvių visuomenės veiksnių poveikį, formuoti Visagino savivaldybės kaip įvairiatautės, kultūriškai išprususios bendruomenės įvaizdį.
A4: =A16 -> 04.01.01. (T) | B4: =B16 -> Užtikrinti efektyvią kultūros įstaigų veiklą
A5: =A40 -> 04.02.01. (T) | B5: =B40 -> Sąlygų Dainų švenčių tradicijos tęstinumui Visagino savivaldybėje sudarymas, mėgėjų meno kolektyvų pasirengimo ir dalyvavimo Dainų šventėse, vietiniuose, regioniniuose, respublikiniuose ir tarptautiniuose renginiuose užtikrinimas, mėgėjų meną populiarinančių renginių organizavimas, tautinių mažumų kultūrų įvairovės pristatymas
A6: =A56 -> 04.02.02. (T) | B6: =B56 -> Siekiant formuoti regioninį išskirtinumą, kurti savitus, aktualaus turinio, kokybiškus kultūros produktus ir paslaugas, sudaryti sąlygas savivaldybės kultūros lauko veikėjų kultūrinių, kūrybinių iniciatyvų įgyvendinimui, tam pasitelkti kūrybiškos vietokūros metodo teikiamas galimybes bei sudaryti sąlygas profesionalaus meno prieinamumui
A7: =A87 -> 04.02.03. (T) | B7: =B87 -> Valstybės švenčių, sukakčių, įvykių minėjimas, visuomenės pilietiškumo, patriotiškumo ir nacionalinės savivertės stiprinimas
A8: =A97 -> 04.02.04. (T) | B8: =B97 -> Sociokultūrinių bendruomenės poreikių tenkinimas, laisvalaikio, neformaliojo švietimo programų, kultūrinių edukacijų, ugdančių gyventojų kultūrines kompetencijas ir kūrybiškumą, organizavimas įtraukiant skirtingo amžiaus, pomėgių ir poreikių visuomenės grupes
A10: Programos įgyvendinimo laikotarpis 2023-2025 m. Programos įgyvendinimo ataskaitinis laikotarpis 2023 m.
A11: Programos įgyvendinimo koordinatorė Kristina Gedžiūnaitė, kristina.gedziunaite@visaginas.lt, tel. 8 (386) 33 415
A13: 5 lentelė. Gyventojų kultūrinio aktyvumo skatinimo ir identiteto stiprinimo programos (04) uždaviniai, priemonės, asignavimai ir kitos lėšos (tūkst.eurų) ir jų stebėsenos rodikliai
A14: Programos uždavinio, priemonės kodas ir požymis | B14: Uždavinio, priemonės pavadinimas, finansavimo šaltiniai | C14: Asignavimų valdytojo kodas | D14: Finansavimo šaltinis | E14: 2023-02-02 sprendimu Nr. TS-17 patvirtintas planas | F14: Planas (įskaitant patikslinimus) | G14: 2023 m. plano vykdymas | H14: 2023 plano įvykdymo proc. | I14: 2024 m.asignavimų poreikis | J14: Savivaldybės strateginio plėtros plano priemonės kodas | K14: Trumpas priemonės įgyvendinimo aprašymas | L14: Poveikio rodiklio kodas | M14: Poveikio rodiklio pavadinimas (matavimo vnt.) | N14: Poveikio rodiklio reikšmės | P14: Siektinos poveikio rodiklių reikšmės | S14: Savivaldybės strateginio plėtros plano rodiklis | T14: Įvykdyta /Neįvykdyta/ Įvykdyta iš dalies/Vykdoma
N15: Siektina poveikio rodiklio reikšmė 2023 m. | O15: Faktinė poveikio rodiklio reikšmė 2023 m. | P15: 2024 | Q15: 2025 | R15: 2026
A16: 04.01.01. (T) | B16: Užtikrinti efektyvią kultūros įstaigų veiklą | E16: =SUM(E23,E38) -> 1523.662 | F16: =SUM(F23,F38) -> 1645.285 | G16: =SUM(G23,G38) -> 1541.458 | H16: =G16/F16 -> 0.93689422 | I16: =SUM(I23,I38) -> 1745.699 | J16: 2.3.-1
A17: 04.01.01.01. (TP) | B17: Kultūros įstaigų veiklos organizavimas | C17: Įstaigos | D17: SB | E17: =SUM(E24,E30) -> 1368.74 | F17: =SUM(F24,F30) -> 1362.78 | G17: =SUM(G24,G30) -> 1296.418 | H17: =G17/F17 -> 0.95130395 | I17: =SUM(I24,I30) -> 1494.649 | J17: 2.3.-1-3 | K17: Įgyvendinant priemonę buvo užtikrinta Visagino viešosios bibliotekos ir Visagino kultūros centro veikla. Poveikio rodiklis savivaldybės įstaigų kultūros ir meno darbuotojų, tobulinusių kvalifikaciją, skaičius ir kvalifikacijos tobulinimui skirtų dienų skaičius buvo pasiektas iš dalies, nes buvo įgyvendinamas pagal poreikį ir kvalifikacijos tobulinimui biudžete skirtas lėšas. | L17: P-04-01-01-01 | M17: Finansuotų kultūros srityje veikiančių įstaigų skaičius | N17: 2 | O17: 2 | P17: 3 | Q17: 3 | R17: 3 | S17: Pritrauktų kultūros specialistų skaičius | T17: Įvykdyta
D18: SB (ĮP) | E18: =SUM(E25,E31) -> 55.83 | F18: =SUM(F25,F31) -> 42.46 | G18: =SUM(G25,G31) -> 42.254 | H18: =G18/F18 -> 0.99514837 | I18: =SUM(I25,I31) -> 41.6
D19: SB (ĮPL) | H19: =G19/F19 -> #DIV/0!
D20: SD | E20: =SUM(E26,E33) -> 23.092 | F20: =SUM(F26,F33) -> 23.092 | G20: =SUM(G26,G33) -> 23.092 | H20: =G20/F20 -> 1 | I20: =SUM(I26,I33) -> 23.78 | M20: Savivaldybės įstaigų kultūros ir meno darbuotojų, tobulinusių kvalifikaciją, skaičius ir kvalifikacijos tobulinimui skirtų dienų skaičius (kuriuos galima pagrįsti) | N20: 40/150 | O20: 22/200 | T20: Įvykdyta iš dalies
D21: VB | E21: =SUM(E27,E34) -> 0 | H21: =G21/F21 -> #DIV/0! | I21: =SUM(I27,I34) -> 0
D22: KT | E22: =SUM(E28,E35) -> 0 | F22: =F28+F35+F58 -> 140.953 | G22: =G28+G35+G58 -> 104.471 | H22: =G22/F22 -> 0.74117614 | I22: =SUM(I28,I35) -> 16
D23: Iš viso: | E23: =SUM(E17:E22) -> 1447.662 | F23: =SUM(F17:F22) -> 1569.285 | G23: =SUM(G17:G22) -> 1466.235 | H23: =G23/F23 -> 0.93433315 | I23: =SUM(I17:I22) -> 1576.029
B24: Visagino viešosios bibliotekos veiklos užtikrinimas | C24: 300141349 | D24: SB | E24: 375.84 | F24: 375.025 | G24: 364.268 | H24: =G24/F24 -> 0.97131658 | I24: 391.29 | K24: Užtikrinta Visagino viešosios bibliotekos veikla | P24: 0,2 | Q24: 0,2 | R24: 0,2
D25: ĮP | E25: 1.2 | F25: 1.83 | G25: 1.714 | H25: =G25/F25 -> 0.93661202 | I25: 1.4
D26: SD | E26: 23.092 | F26: 23.092 | G26: 23.092 | H26: =G26/F26 -> 1 | I26: 23.78
D27: ES
D28: KT | G28: 0.94
D29: Iš viso: | E29: =SUM(E24:E28) -> 400.132 | F29: =SUM(F24:F28) -> 399.947 | G29: =SUM(G24:G28) -> 390.014 | H29: =G29/F29 -> 0.97516421 | I29: =SUM(I24:I28) -> 416.47
B30: Visagino kultūros centro veiklos užtikrinimas | C30: 300509331 | D30: SB | E30: 992.9 | F30: 987.755 | G30: 932.15 | H30: =G30/F30 -> 0.94370568 | I30: 1103.359 | K30: Užtikrinta Visagino kultūros centro veikla | P30: 0,2 | Q30: 0,2 | R30: 0,2
D31: ĮP | E31: 54.63 | F31: 40.63 | G31: 40.54 | H31: =G31/F31 -> 0.99778489 | I31: 40.2
D32: ĮP L | E32: 54.63 | I32: 40.2
D33: VB
D34: ES
D35: KT | F35: 63.2 | G35: 31.197 | I35: 16
D36: Iš viso: | E36: =SUM(E30:E35) -> 1102.16 | F36: =SUM(F30:F35) -> 1091.585 | G36: =SUM(G30:G35) -> 1003.887 | H36: =G36/F36 -> 0.91965994 | I36: =SUM(I30:I35) -> 1199.759
A37: 04.01.01.02. (TP) | B37: Muziejinės veiklos Visagino savivaldybėje užtikrinimas | C37: 188711925 | D37: SB | E37: 76 | F37: 76 | G37: 75.223 | H37: =G37/F37 -> 0.98977632 | I37: 169.67 | J37: 2.3.-3-2 | K37: Įgyvendinant šią priemonę buvo vykdoma 2023-03-10 Visagino savivaldybės tarybos sprendimu Nr. TS-37 „Dėl Muziejinės veiklos tęstinumo Visagino savivaldybėje programos patvirtinimo" patvirtinta Muziejinės veiklos tęstinumo Visagino savivaldybėje programa. Priemonės įvykdymo rodiklis buvo įgyvendintas iš dalies, nes ataskaitiniu laikotarpiu muziejaus patalpose vyko remonto darbai ir nebuvo galimybės įgyvendinti visas planuotas veiklas. | L37: P-04-01-01-02 | M37: Finansavimo sutartyje numatytų pasiekti pagrindinių įstaigos veiklos rodiklių įgyvendinimas, proc. | N37: 100 | O37: 19 | P37: 0,2 | Q37: 0,2 | R37: 0,2 | S37: Įgyvendintų projektų skaičius | T37: Įvykdyta iš dalies
D38: Iš viso: | E38: =E37 -> 76 | F38: =F37 -> 76 | G38: =G37 -> 75.223 | H38: =G38/F38 -> 0.98977632 | I38: =I37 -> 169.67
H39: =G39/F39 -> #DIV/0! | K39: 19000 muziejaus skaitmeninei įrangai įsigyti 76000 muziejaus veiklai 5000 įsikūrimui
A40: 04.02.01. (T) | B40: Sąlygų Dainų švenčių tradicijos tęstinumui Visagino savivaldybėje sudarymas, mėgėjų meno kolektyvų pasirengimo ir dalyvavimo Dainų šventėse, vietiniuose, regioniniuose, respublikiniuose ir tarptautiniuose renginiuose užtikrinimas, mėgėjų meną populiarinančių renginių organizavimas, tautinių mažumų kultūrų įvairovės pristatymas | E40: =SUM(E42,E46,E49,E53) -> 22.4 | F40: =SUM(F42,F46,F49,F53) -> 21.889 | G40: =SUM(G42,G46,G49,G53) -> 21.816 | H40: =G40/F40 -> 0.99666499 | I40: =SUM(I42,I46,I49,I53) -> 54.522 | J40: 2.3.-4
A41: 04.02.01.01. (TP) | B41: Rengimasis dalyvauti Dainų šventėse | C41: Įstaigos | D41: SB | E41: =SUM(E43:E44) -> 12 | F41: =SUM(F43:F44) -> 11.489 | G41: =SUM(G43:G44) -> 11.487 | H41: =G41/F41 -> 0.99982592 | I41: =SUM(I43:I44) -> 23.752 | J41: 2.3.-5-4 | K41: Įgyvendinant šią priemonę buvo ruošiamasi dalyvauti Dainų šventės šimtmetyje. Įsigyjama atributika, instrumentai. Kolektyvų vadovai dalyvavo mokymuose. | L41: P-04-02-01-01 | M41: Kolektyvų, besiruošiančių dalyvauti Dainų šventėje, skaičius | N41: 8 | O41: 8 | P41: 8 | Q41: 8 | R41: 8 | S41: Kolektyvų, dalyvavusių regioniniuose renginiuose, skaičius | T41: Įvykdyta
D42: Iš viso: | E42: =E41 -> 12 | F42: =F41 -> 11.489 | G42: =G41 -> 11.487 | H42: =G42/F42 -> 0.99982592 | I42: =SUM(I41) -> 23.752
B43: Visagino kultūros centras | E43: 1 | F43: 0.489 | G43: 0.488 | I43: 5 | K43: Drabužių įsigijimas, komandiruotės kolektyvų vadovams, instrumentai, atributika | P43: 4 | Q43: 4 | R43: 4
B44: Visagino kūrybos menų akademija | E44: 11 | F44: 11 | G44: 10.999 | I44: 18.752 | K44: Pasiruošimas Dainų šventei (drabužių įsigijimas, komandiruotės kolektyvų vadovams, instrumentai) | P44: 4 | Q44: 4 | R44: 4
A45: 04.02.01.02. (TP) | B45: Etninės kultūros sklaida, senųjų tradicijų, papročių populiarinimas, gyvybingumo puoselėjimas | C45: 300509331 | D45: SB | E45: =SUM(E47:E47) -> 1.5 | F45: =SUM(F47:F47) -> 1.5 | G45: =SUM(G47:G47) -> 1.499 | H45: =G45/F45 -> 0.99933333 | I45: =SUM(I47:I47) -> 16.3 | J45: 2.3.-5-4 | K45: Ataskaitiniu laikotarpiu vyko Lietuvos liaudies meno paroda-konkursas „Aukso vainikas“, Lietuvos vaikų ir jaunimo liaudies meno paroda-konkursas „Sidabro vainikėlis“, Lietuvių bendruomenės renginys „Kaimynėli, būki sveikas“. | L45: P-04-02-01-02 | M45: Organizuotų renginių skaičius | N45: 4 | O45: 4 | P45: 10 | Q45: 10 | R45: 10 | S45: Kolektyvų, dalyvavusių regioniniuose renginiuose, skaičius | T45: Įvykdyta
D46: Iš viso: | E46: =E45 -> 1.5 | F46: =F45 -> 1.5 | G46: =G45 -> 1.499 | H46: =G46/F46 -> 0.99933333 | I46: =I45 -> 16.3
B47: Visagino kultūros centras | E47: 1.5 | F47: 1.5 | G47: 1.499 | H47: =G47/F47 -> 0.99933333 | I47: 16.3
A48: 04.02.01.03. (TP) | B48: Kalendorinių švenčių organizavimas | C48: 300509331 | D48: SB | E48: =SUM(E50:E51) -> 7.5 | F48: =SUM(F50:F51) -> 7.5 | G48: =SUM(G50:G51) -> 7.5 | H48: =G48/F48 -> 1 | I48: =SUM(I50:I51) -> 10.74 | J48: 2.3.-5-4 | K48: Įgyvendinant šią priemonę buvo vykdomi renginia, susiję su kalendorinėmis šventėmis (Sekminės, Trejybės šventė, Joninės, Velykos). | L48: P-04-02-01-03 | M48: Organizuotų renginių skaičius | N48: 4 | O48: 4 | T48: Įvykdyta
D49: Iš viso: | E49: =E48 -> 7.5 | F49: =F48 -> 7.5 | G49: =G48 -> 7.5 | H49: =G49/F49 -> 1 | I49: =I48 -> 10.74
B50: Visagino kultūros centras | E50: 7.5 | F50: 7.5 | G50: 7.5 | H50: =G50/F50 -> 1 | I50: 10.14
B51: Visagino viešoji biblioteka | H51: =G51/F51 -> #DIV/0! | I51: 0.6 | K51: Velykinių kompozicijų kūrimas, dirbtuvių organizavimas suaugusiems (T), Tarptautinė vaikų gynimo diena, kūribinės dirbtuvės šeimoms (T)
A52: 04.02.01.04. (TP) | B52: Nematerialaus kultūros paveldo apsaugos administravimas ir sklaida | C52: 300509331 | D52: SB | E52: 1.4 | F52: 1.4 | G52: 1.33 | H52: =G52/F52 -> 0.95 | I52: =SUM(I54:I55) -> 3.73 | J52: 2.3.-5-4 | K52: Įgyvendinant šią priemonę administruojamas Visagino savivaldybės nematerialaus kultūros paveldo vertybių sisteminis sąrašas su surinktais ir nuolat atnaujinamais dabarties ir praeities duomenimis: aprašymais, vaizdo ir garso medžiaga. Organizuojama nematerialaus kultūros paveldo sklaida, inicijuojami projektai, bendradarbiavimas. Organizuojamas totorių dienos paminėjimas „Sobuntuj" festivalis. | L52: P-04-02-01-04 | M52: Užtikrintas nematerialaus paveldo apsaugos funkcijų administravimas | N52: 100 proc. | O52: 100 proc. | T52: Įvykdyta
D53: Iš viso: | E53: =E52 -> 1.4 | F53: =F52 -> 1.4 | G53: =G52 -> 1.33 | H53: =G53/F53 -> 0.95 | I53: =I52 -> 3.73
B54: Visagino kultūros centras | E54: 1.4 | F54: 1.4 | G54: 1.33 | H54: =G54/F54 -> 0.95 | I54: 1.73
B55: Savivaldybės administracija | H55: =G55/F55 -> #DIV/0! | I55: 2 | K55: "Lietuvos kodas" TV projektas
A56: 04.02.02. (T) | B56: Siekiant formuoti regioninį išskirtinumą, kurti savitus, aktualaus turinio, kokybiškus kultūros produktus ir paslaugas, sudaryti sąlygas savivaldybės kultūros lauko veikėjų kultūrinių, kūrybinių iniciatyvų įgyvendinimui, tam pasitelkti kūrybiškos vietokūros metodo teikiamas galimybes bei sudaryti sąlygas profesionalaus meno prieinamumui | E56: =SUM(E59,E63,E67,E71,E84,) -> 84.9 | F56: =SUM(F59,F63,F67,F71,F84,) -> 163.279 | G56: =SUM(G59,G63,G67,G71,G84,) -> 156.29 | H56: =G56/F56 -> 0.95719597 | I56: =SUM(I59,I63,I67,I71,I84,) -> 135.6 | J56: 2.3.1.
A57: 04.02.02.01. (TP) | B57: Profesionalaus meno sklaida savivaldybėje | C57: 300509331 | D57: SB | E57: =E61 -> 11.4 | F57: 14.218 | G57: 14.213 | H57: =G57/F57 -> 0.99964833 | I57: 16 | J57: 2.3.2.1. | K57: Įgyvendinant šią priemonę Visagino kultūros centre buvo vykdoma profesionalaus meno sklaida, organizuojamos menininkų rezidencijos, organizuojamos parodos. | L57: P-04-02-02-01 | M57: Profesionalaus meno sklaidos renginių skaičius Visagino kultūros centre: - koncertų (klasikinės, džiazo muzikos), - spektaklių, - parodų | N57: 35 | O57: 34 | P57: 40 | Q57: 42 | R57: 44 | S57: Įgyvendintų priemonių skaičius | T57: Įvykdyta
D58: KT | E58: 0 | F58: 77.753 | G58: 72.334 | H58: =G58/F58 -> 0.93030494 | I58: 0.24
D59: Iš viso: | E59: =SUM(E57:E58) -> 11.4 | F59: =SUM(F57:F58) -> 91.971 | G59: =SUM(G57:G58) -> 86.547 | H59: =G59/F59 -> 0.94102489 | I59: {=I57:I58} -> 16
I60: 0.24 | M60: Lankytojų profesionalaus meno renginiuose Visagine skaičius: - koncertuose, - spektakliuose, - parodose | N60: 7200 | O60: 6221 | T60: Įvykdyta
B61: Visagino kultūros centras | E61: 11.4 | F61: 14.218 | G61: 14.213 | H61: =G61/F61 -> 0.99964833
A62: 04.02.02.02. (TP) | B62: Visagino bendruomenėms svarbių datų, sukakčių, profesinių švenčių paminėjimas | C62: 188711925 | D62: SB | E62: =E65 -> 14 | F62: =F65 -> 14 | G62: =G65 -> 12.439 | H62: =G62/F62 -> 0.8885 | I62: =SUM(I64:I65) -> 10.6 | J62: 2.3.4.1. | K62: Įgyvendinant šią priemonę buvo organizuojamos Profesinės šventės, minėtinos dienos (buhalterių, soc. darbuotojų, mokytojų, savivaldos dienos minėjimai). Taip pat buvo paminėtas Jaunųjų menininkų klubo „Paletė" 20-mečio jubiliejus. | L62: P-04-02-02-02 | M62: Organizuota svarbių datų ir sukakčių paminėjimų, skaičius | N62: 5 | O62: 5 | P62: 5 | Q62: 5 | R62: 5 | S62: Veikiančių megėjų meno kolektyvų skaičius | T62: Įvykdyta
D63: Iš viso: | E63: =E62 -> 14 | F63: =F62 -> 14 | G63: =G62 -> 12.439 | H63: =G63/F63 -> 0.8885 | I63: =SUM(I62) -> 10.6
B64: Visagino kultūros centras | E64: 0 | H64: =G64/F64 -> #DIV/0! | I64: 0.6 | K64: Profesionalaus meno sklaida, menininkų rezidencijos, parodos. Metų nominacijų šventė "Mano miestas - Visaginas", Meno kolektyvų jubiliejai: Rusų folkloro ansamblis "Bylina" ir vaikų rusų folkloro sansamblis "Žavoronok" - 30 m.; Folkloro ansamblis "Krusnė" - 15 m.; senjorų choras "Melodija" - 25 m.; Vyresniųjų liaudiškų šokių grupė "Gervė" - 15 m. Studijos: dekupažas - 15 m., mezgimas - 15 m.
B65: Savivaldybės administracija | E65: 14 | F65: 14 | G65: 12.439 | H65: =G65/F65 -> 0.8885 | I65: 10
A66: 04.02.02.03. (TP) | B66: Tradicinių Visagino savivaldybės festivalių, formuojančių Visagino ir regiono kultūrinį savitumą, organizavimas | C66: Įstaigos | D66: SB | E66: =SUM(E68,E69) -> 41.5 | F66: =SUM(F68,F69) -> 39.933 | G66: =SUM(G68,G69) -> 39.932 | H66: =G66/F66 -> 0.99997496 | I66: =SUM(I68:I69) -> 65 | J66: 2.3.1.2. | K66: Įgyvendinant šią priemonę buvo organizuojamas Tarptautinis kantri muzikos festivalis „Visagino Country", dalyvaujama tarptautiniuose, respublikiniuose, regioniniuose renginiuose, konkursuose, kuriuose atstovaujama savivaldybė. Taip pat vyko Visagino erdvių festivalis, Šiuolaikinio cirko festivalis „Naujojo cirko stotelė", Tarptautinis monospektaklių festivalis „Atspindys“, Senjorų šokių festivalis „Laiko karoliai". | L66: P-04-02-02-03 | M66: Organizuota festivalių, formuojančių Visagino ir regiono kultūrinį savitumą | N66: 5 | O66: 5 | P66: 5 | Q66: 5 | R66: 5 | S66: Organizuotų tarptautinių festivalių skaičius | T66: Įvykdyta
D67: Iš viso: | E67: =E66 -> 41.5 | F67: =F66 -> 39.933 | G67: =G66 -> 39.932 | H67: =G67/F67 -> 0.99997496 | I67: =SUM(I66) -> 65
B68: Savivaldybės administracija | E68: 20 | F68: 20 | G68: 20 | H68: =G68/F68 -> 1 | I68: 33 | K68: Tarptautinis kantri muzikos festivalis "Visagino Country", Dalyvavimas tarptautiniuose, respublikiniuose, regioniniuose renginiuose, konkursuose, atstovavimas savivaldybei
B69: Visagino kultūros centras | E69: 21.5 | F69: 19.933 | G69: 19.932 | H69: =G69/F69 -> 0.99994983 | I69: 32 | K69: Visagino erdvių festivalis, Šiuolaikinio cirko festivalis "Naujojo cirko stotelė", Tarptautinis monospektaklių festivalis „Atspindys“, Senjorų šokių festivalis "Laiko karoliai"
A70: 04.02.02.04. (TP) | B70: Tolygios kultūrinės raidos įgyvendinimas regione ir konkurso tvarka kultūros projektų finansavimas | C70: 188711925 | D70: SB | E70: =E72 -> 18 | F70: =F72+F80+F81 -> 17.375 | G70: =G72+G80+G81 -> 17.372 | H70: =G70/F70 -> 0.99982734 | I70: =SUM(I72) -> 22 | J70: 2.3.5.3 | K70: Įgyvendinti šią priemonę numatytos dvi kryptys skatinti kultūros ir meno įvairovę, sklaidą, prieinamumą įvairioms visuomenės grupėms Visagino savivaldybėje. Konkurso būdu lėšos buvo skirtos muzikos, teatro, šokio, vizualiojo meno, literatūros, etninės kultūros, kultūros paveldo srities ir tarpsritiniams (įvairias meno ar kultūros sritis jungiantiems projektams ir jų sklaidai). Finansuotų kultūros projektų biudžeto lėšomis - 7. Kultūros rėmimo fondo lėšomis viso finansuojamų projektų buvo - 2 (Lietuvos kultūros tarybai teikiamų projektų nuosavai lėšų daliai padengti reikalingas kofinansavimas, kurio nepadengia skirtos lėšos). Priemonės poveikio rodiklis buvo pasiektas, tačiau LKT teikiamų projektų, buvo pateikta mažiau nei tikėtasi. | L70: P-04-02-02-04 | M70: Finansuotų/įgyvendintų projektų skaičius | N70: 10 | O70: 9 | P70: 6 | Q70: 7 | R70: 8 | S70: Įgyvendintų projektų skaičius | T70: Įvykdyta
D71: Iš viso: | E71: =E70 -> 18 | F71: =F70 -> 17.375 | G71: =G70 -> 17.372 | H71: =G71/F71 -> 0.99982734 | I71: =I70 -> 22
B72: Savivaldybės administracija: | E72: 18 | F72: 13.289 | G72: 13.286 | H72: =G72/F72 -> 0.99977425 | I72: 22
B73: Visagino lietuvių asociacijos „Gimtinės spalvos“ (bendrafinansavimo) | G73: 2.786 | K73: Projektas „PIKAKOKA“
B74: Visagino trečiojo amžiaus universitetas | G74: 2.5 | K74: Kūrybinės dirbtuvės „Įžiebiu tradiciją“
B75: Asociacija Šokių kolektyvas „Visagino gervė“ | G75: 2 | K75: „Kaimynėli, būki sveikas“
B76: Asociacija Jaunųjų menininkų klubas „PALETĖ“ | G76: 2 | K76: Daugiatautės Visagino bendruomenės įsitraukimas į kultūrinių iniciatyvų įgyvendinimą
B77: Asociacija Visagino miesto rusų bendrija „SADKO | G77: 2 | K77: Kelionė į Kalėdas
B78: VšĮ „Urbanistinės istorijos“ | G78: 1 | K78: Kultūros gyvenimo atspindžiai mokyklos languose
B79: VšĮ Visagino edukacijų centras | G79: 1 | K79: Kalėdiniai vakarai Visagino edukacijų centre 2023
B80: Visagino kultūros centras (bendrafinansavimo) | F80: 1.586 | G80: 1.586 | H80: =G80/F80 -> 1 | K80: Visagino kultūros centro projektui „XVI tradicinio muzikavimo kursai Visagine ir Meironų kaime“.
B81: Visagino kūrybos ir menų akademija | F81: 2.5 | G81: 2.5 | H81: =G81/F81 -> 1 | K81: Lietuvių liaudies muzikos festivalis „Pyniau dainų vainikų
A82: 04.02.02.05. (TP) | B82: Dalyvavimas nacionaliniu ir tarptautiniu lygmeniu įgyvendinamuose projektuose | C82: Įstaigos | D82: SB (L) | H82: =G82/F82 -> #DIV/0! | I82: =I85 -> 22 | J82: 2.3.5.3 | K82: Priemonė bus įgyvendinama pagal poreikį | L82: R-04-02-02-05 | M82: Finansuotų/įgyvendintų projektų skaičius | P82: 1 | Q82: 1 | R82: 1 | S82: Įgyvendintų projektų skaičius
D83: ES | H83: =G83/F83 -> #DIV/0!
D84: Iš viso: | H84: =G84/F84 -> #DIV/0! | I84: =I82 -> 22
B85: Visagino viešosios bibliotekos renovacija : įtraukioji kultūra visiems, neprikalusomai nuo lyties, sveikatos būklės, socialinės padėties ir amžiaus | H85: =G85/F85 -> #DIV/0! | I85: 22
B86: VšĮ Visagino muziejus paskirties keitimas | H86: =G86/F86 -> #DIV/0!
A87: 04.02.03. (T) | B87: Valstybės švenčių, sukakčių, įvykių minėjimas, visuomenės pilietiškumo, patriotiškumo ir nacionalinės savivertės stiprinimas | E87: =SUM(E89,E93,) -> 8 | F87: =SUM(F89,F93,) -> 5.182 | G87: =SUM(G89,G93,) -> 5.181 | H87: =G87/F87 -> 0.99980702 | I87: =SUM(I89,I93,) -> 57.24 | J87: 2.3.-6
A88: 04.02.03.01. (TP) | B88: Valstybinių švenčių, atmintinų datų paminėjimas | C88: 300509331 | D88: SB | E88: =E91 -> 4.7 | F88: =F91 -> 1.882 | G88: =G91 -> 1.881 | H88: =G88/F88 -> 0.99946865 | I88: =SUM(I91) -> 7.7 | J88: 2.3.-6-2 | K88: Įgyvendinant šią priemonę buvo organizuojami Laisvės gynėjų dienos, Lietuvos valstybės atkūrimo dienos, Lietuvos nepriklausomybės atkūrimo dienos, Liepos 6-osios – Valstybės dienos paminėjimo renginiai. | L88: P-04-02-03-01 | M88: Organizuota valstybinių švenčių, svarbių Lietuvai datų minėjimų skaičius | N88: 4 | O88: 4 | P88: 4 | Q88: 4 | R88: 4 | S88: Įgyvendintų priemonių skaičius | T88: Įvykdyta
D89: Iš viso: | E89: =E88 -> 4.7 | F89: =F88 -> 1.882 | G89: =G88 -> 1.881 | H89: =G89/F89 -> 0.99946865 | I89: =SUM(I88) -> 7.7
B90: Visagino kūrybos menų akademija | H90: =G90/F90 -> #DIV/0! | K90: Kovo 11 d. renginiai
B91: Visagino kultūros centras | E91: 4.7 | F91: 1.882 | G91: 1.881 | H91: =G91/F91 -> 0.99946865 | I91: 7.7
A92: 04.02.03.02. (TP) | B92: Lietuvos Respublikos Seimo sprendimais minėtinų svarbių datų, įvykių ir asmenybių sukakčių paminėjimas | C92: Įstaigos | D92: SB | E92: =SUM(E94,E96) -> 3.3 | F92: =SUM(F94,F96) -> 3.3 | G92: =SUM(G94,G96) -> 3.3 | H92: =G92/F92 -> 1 | I92: =SUM(I94:I96) -> 49.54 | J92: 2.3.-6-2 | K92: Įgyvendinant šią priemonę bus organizuojama Aukštaitijos metų minėjimo programa. | L92: P-04-02-03-02 | M92: Organizuota svarbių minėtinų datų minėjimo programa, proc. | N92: 100 proc. | O92: 100 proc. | P92: 6 | Q92: 6 | R92: 6 | S92: Įgyvendintų priemonių skaičius | T92: Įvykdyta
D93: Iš viso: | E93: =E92 -> 3.3 | F93: =F92 -> 3.3 | G93: =G92 -> 3.3 | H93: =G93/F93 -> 1 | I93: =SUM(I92) -> 49.54
B94: Visagino kultūros centras | E94: 0.3 | F94: 3 | G94: 3 | H94: =G94/F94 -> 1 | I94: 36.78
B95: Visagino kūrybos menų akademija | E95: 0.3 | I95: 9.06
B96: Visagino viešoji biblioteka | E96: 3 | F96: 0.3 | G96: 0.3 | H96: =G96/F96 -> 1 | I96: 3.7
A97: 04.02.04. (T) | B97: Sociokultūrinių bendruomenės poreikių tenkinimas, laisvalaikio, neformaliojo švietimo programų, kultūrinių edukacijų, ugdančių gyventojų kultūrines kompetencijas ir kūrybiškumą, organizavimas įtraukiant skirtingo amžiaus, pomėgių ir poreikių visuomenės grupes | E97: =SUM(E99,E104,E109) -> 71.95 | F97: =SUM(F99,F104,F109) -> 77.528 | G97: =SUM(G99,G104,G109) -> 77.353 | H97: =G97/F97 -> 0.99774275 | I97: =SUM(I99,I104,I109) -> 102.43 | J97: 2.3.-6
A98: 04.02.04.01. (TP) | B98: Sociokultūrinių bendruomenės poreikių tenkinimas, laisvalaikio organizavimas | C98: Įstaigos | D98: SB | E98: =SUM(E100,E101) -> 1.55 | F98: =SUM(F100,F101) -> 1.55 | G98: =SUM(G100,G101) -> 1.413 | H98: =G98/F98 -> 0.9116129 | I98: =SUM(I100:I101) -> 3.6 | J98: 2.3.6.3 | K98: Įgyvendinant šią priemonę buvo organizuojami Gatvės muzikos dienos renginiai, susitikimai su vaikų rašytojais, Poezijos šventė, Kultūros nakties renginiai, kiti renginiai pagal poreikį. | L98: P-04-02-04-01 | M98: Organizuota sociokultūrinių bendruomenės poreikius tenkinančių renginių, skaičius | N98: 4 | O98: 4 | P98: 4 | Q98: 5 | R98: 6 | S98: Įgyvendintų priemonių skaičius | T98: Įvykdyta
D99: Iš viso: | E99: =E98 -> 1.55 | F99: =F98 -> 1.55 | G99: =G98 -> 1.413 | H99: =G99/F99 -> 0.9116129 | I99: =SUM(I98) -> 3.6
B100: Visagino kultūros centras | E100: 1.2 | F100: 0.35 | G100: 0.35 | H100: =G100/F100 -> 1 | I100: 0.45
B101: Visagino viešoji biblioteka | E101: 0.35 | F101: 1.2 | G101: 1.063 | H101: =G101/F101 -> 0.88583333 | I101: 3.15
B102: Visagino savivaldybės administracija | H102: =G102/F102 -> #DIV/0! | K102: Kijevo pučiamųjų orkestras
A103: 04.02.04.02. (TP) | B103: Visagino miesto šventės organizavimas | C103: Įstaigos | D103: SB | E103: =SUM(E105,E107) -> 40.4 | F103: =SUM(F105,F107) -> 37.32 | G103: =SUM(G105,G107) -> 37.32 | H103: =G103/F103 -> 1 | I103: =SUM(I105:I107) -> 63.08 | J103: 2.3.6.3 | K103: 2023 m. Visagino miesto šventė vyko 48-ąjį kartą. Siekiama užtikrinti patrauklią programą, kuri įtrauktų įvairaus amžiaus gyventojus, svečius, bendruomenę. | L103: P-04-02-04-02 | M103: Organizuota miesto šventė | N103: 1 | O103: 1 | P103: 1 | Q103: 1 | R103: 1 | S103: Įgyvendintų priemonių skaičius | T103: Įvykdyta
...

Sheet 5 programa (XII)
A1: Visagino savivaldybės bendruomeniškumo skatinimo programa (05) | P1: 2024 | Q1: 2025 | R1: 2026
A2: Visagino savivaldybės bendruomeniškumo skatinimo programa (05)
A3: Pagrindiniai programos tikslai yra jaunimo, jaunimo organizacijų, vietos bendruomenių, daugiabučių namų bendrijų ir savininkų veiklos skatinimas, nusikalstamumo mažinimo bei savivaldybės visuomenės saugumo užtikrinimas ir pilietinio sąmoningumo stiprinimas. Siekiama įvairias gyventojų grupes įtraukti į Visagino savivaldybės ir savivaldybės administracijos inicijuojamų / organizuojamų priemonių įgyvendinimą, inicijuoti, formuoti ir palaikyti pilietiškumo, iniciatyvumo, bendruomeniškumo skatinimo mechanizmus.
A5: =A17 -> 05.01.01. (T) | B5: =B17 -> Skatinti vietos bendruomenių iniciatyvas
A6: =A48 -> 05.02.01. (T) | B6: =B48 -> Įgyvendinti Lietuvos Respublikos jaunimo politikos pagrindų įstatymo nuostatas
A7: =A59 -> 05.03.01. (T) | B7: =B59 -> Kurti ir plėtoti saugią aplinką Visagino savivaldybėje
A8: =A72 -> 05.04.01. (T) | B8: =B72 -> Skatinti bendruomenę dalyvauti prevencinėse ir šviečiamosiose veiklose
A9: =A81 -> 05.05.01. (T) | B9: =B81 -> Įgyvendinti diasporos politikos strategines gaires "Globali Lietuva" 2023-2030 m.
A10: Programos įgyvendinimo laikotarpis 2023-2025 m. Programos įgyvendinimo ataskaitinis laikotarpis 2023 m.
A12: Programos įgyvendinimo koordinatoriai Evelina Visockytė, evelina.visockytė@visaginas.lt, tel.8 (386) 36 017 Danutė Kotovienė, danutė.kotoviene@visaginas.lt., tel. 8 (386) 31 587 Valentina Raubiškienė, valentina.raubiskiene@visaginas.lt, tel. 8 (386) 31 372
A14: 6 lentelė. Visagino savivaldybės bendruomeniškumo skatinimo programos (05) uždaviniai, priemonės, asignavimai ir kitos lėšos (tūkst.eurų) ir jų stebėsenos rodikliai
A15: Programos uždavinio, priemonės kodas ir požymis | B15: Uždavinio, priemonės pavadinimas, finansavimo šaltiniai | C15: Asignavimų valdytojo kodas | D15: Finansavimo šaltinis | E15: 2023-02-02 sprendimu Nr. TS-17 patvirtintas planas | F15: Planas (įskaitant patikslinimus) | G15: 2023 m. plano vykdymas | H15: 2023 plano įvykdymo proc. | I15: 2024 m.asignavimai ir kitos lėšos, tūkst. Eur | J15: Savivaldybės strateginio plėtros plano priemonės kodas | K15: Trumpas priemonės įgyvendinimo aprašymas | L15: Poveikio rodiklio kodas | M15: Poveikio rodiklio pavadinimas (matavimo vnt.) | N15: Poveikio rodiklio reikšmės | P15: Siektinos poveikio rodiklių reikšmės | S15: Savivaldybės strateginio plėtros plano rodiklis | T15: Įvykdyta /Neįvykdyta/ Įvykdyta iš dalies/Vykdoma
N16: Siektina poveikio rodiklio reikšmė 2023 m. | O16: Faktinė poveikio rodiklio reikšmė 2023 m. | P16: 2024 | Q16: 2025 | R16: 2026
A17: 05.01.01. (T) | B17: Skatinti vietos bendruomenių iniciatyvas | E17: =SUM(E19,E27,E41,E43,E45,E47) -> 75.532 | F17: =SUM(F19,F27,F41,F43,F45,F47) -> 61 | G17: =SUM(G19,G27,G41,G43,G45,G47) -> 25.974 | H17: =G17/F17 -> 0.42580328 | I17: =SUM(I19,I27,I41,I43,I45,I47) -> 179.975 | J17: 2.7.-1
A18: 05.01.01.01 (TP) | B18: Tradicinių religinių bendrijų ir bendruomenių veiklos ir kultūrinių iniciatyvų skatinimas | C18: 188711925 | D18: SB | E18: 15 | F18: 15 | G18: 15 | H18: =G18/F18 -> 1 | I18: 15 | J18: 2.7.-1-2 | K18: Ataskaitiniu laikotarpiu lėšos buvo skirtos (konkurso tvarka) Visagino savivaldybėje veikiančių tradicinių religinių bendrijų ir bendruomenių projektams, kurių įgyvendinimu gerinama kulto pastatų ir juos supančių viešųjų erdvių infrastruktūra, realizuojami sociokultūriniai tikslai. Iš viso paremti 5 projektai. | L18: P-05-01-01-01 | M18: Paremtų tradicinių religinių bendrijų ir bendruomenių veiklos ir kultūrinių iniciatyvų vietos projektų skaičius | N18: 3 | O18: 5 | P18: 3 | Q18: 3 | R18: 3 | S18: Institucinio stiprinimo projektams finansavimą gavusių organizacijų skaičius per metus | T18: Įvykdyta
D19: Iš viso: | E19: =SUM(E18:E18) -> 15 | F19: =SUM(F18:F18) -> 15 | G19: =SUM(G18:G18) -> 15 | H19: =G19/F19 -> 1 | I19: =SUM(I18:I18) -> 15
A20: 1 | B20: Visagino krikščionių bažnyčia „Atgimimas“ | G20: 4.5 | K20: Pastato pritaikymas žmonėms su negalia
A21: 2 | B21: Visagino sentikių religinė bendruomenė | G21: 3.5 | K21: Visagino sentikių religinės bendruomenės veikla
A22: 3 | B22: Visagino Šv. Apaštalo Pauliaus parapija | G22: 3 | K22: Bažnyčios įgarsinimo sistemos atnaujinimas bendruomenės ir visuomeniniais tikslais
A23: 4 | B23: Visagino stačiatikių Šv. Panteleimono parapija | G23: 2.5 | K23: Pagrindinių laiptų remontas bei neslystančios dangos įrengimas
A24: 5 | B24: Visagino stačiatikių Jono Krikštytojo gimimo parapija | G24: 1.5 | K24: Kondicionieriaus įrengimas Visagino stačiatikių Jono Krikštytojo gimimo parapijos patalpoje
A25: 05.01.01.02. (TP) | B25: Vietos iniciatyvų projektų savivaldybėje įgyvendinimo skatinimas | C25: 188711925 | D25: SB | E25: 10 | F25: 10 | G25: 10 | H25: =G25/F25 -> 1 | I25: 10 | K25: Ataskaitiniu laikotarpiu lėšos buvo skirtos konkurso tvarka remti Visagino savivaldybėje registruotų ir savivaldybėje veiklą vykdančių nevyriausybinių organizacijų ir tautinių mažumų kultūros projektus. Iš viso paremta 12 projektų. | L25: P-05-01-01-02 | M25: Paremtų vietos iniciatyvų projektų skaičius | N25: 6 | O25: 12 | P25: 10 | Q25: 12 | R25: 14 | T25: Įvykdyta
D26: SD | E26: 14.532 | F26: 0 | G26: 0 | I26: 14.015
D27: Iš viso: | E27: =SUM(E25:E26) -> 24.532 | F27: =SUM(F25:F26) -> 10 | G27: =SUM(G25:G26) -> 10 | H27: =G27/F27 -> 1 | I27: =SUM(I25:I26) -> 24.015
A28: 1 TM | B28: Visagino ukrainiečių draugija | G28: 1 | K28: „Šv. Kalėdos. Gyva tradicija“
A29: 2 TM | B29: Visagino totorių bendrija | G29: 1 | K29: Visagino totorių bendrijos veiklos palaikymas
A30: 3 TM | B30: Lietuvos lenkų sąjungos Visagino miesto skyrius | G30: 1 | K30: Lenkų kalbos būrelio ir kolektyvo „Tumielanka“ veiklos užtikrinimas 2023 m.
A31: 4 TM | B31: Visagino miesto rusų bendrija „SADKO“ | G31: 1 | K31: Sekminės (Zelionyje sviatki)
A32: 5 NVO | B32: Visagino stalo teniso klubas | G32: 0.86 | K32: Visagino stalo teniso klubo veiklos užtikrinimas
A33: 6 NVO | B33: Lietuvos lenkų sąjungos Visagino miesto skyrius | G33: 0.83 | K33: Lenkų kultūros dienos Visagine ir kolektyvo „Tumielanka“ 25 m. minėjimas
A34: 7 NVO | B34: Lietuvos raudonojo kryžiaus draugija | G34: 0.76 | K34: Įveiksime vienišumą kartu
A35: 8 NVO | B35: Visagino menų rezidencija | G35: 0.75 | K35: Meistrų festivalis
A36: 9 NVO | B36: Visuomeninė organizacija „Inter-veteranai“ | G36: 0.7 | K36: Visagino mieste futbolo bendruomenės stiprinimas
A37: 10 NVO | B37: Sporto klubas „Favoritas“ | G37: 0.7 | K37: Pažintis su biatlonu
A38: 11 NVO | B38: Asociacija „Ateities karta“ | G38: 0.7 | K38: Moterų sveikatingumo projektas „Kreivų veidrodžių karalystė“
A39: 12 NVO | B39: Šunų mylėtojų klubas „APORT!“ | G39: 0.7 | K39: Šunų paplūdimio įrengimas
A40: 05.01.01.03. (TP) | B40: Gyvenamosios vietovės renkamų bendruomenės atstovų (seniūnaičių) ir NVO tarybos veiklos efektyvumo užtikrinimas | C40: 188711925 | D40: SB | E40: 1 | F40: 1 | G40: 0.974 | H40: =G40/F40 -> 0.974 | I40: 0.5 | K40: Lėšos buvo panaudotos NVO tarybos veiklos užtikrinimui. Sudaryta nauja taryba, įsigytos reprezentacinės priemonės. Poveikio rodiklis nepasiektas, nes ataskaitiniu laikotarpiu Visagino savivaldybėje nebuvo išrinktų seniūnaičių. | L40: P-05-01-01-03 | M40: Gyvenamosios vietovės bendruomenės išrinktų seniūnaičių skaičius, jų darbo užtikrinimas | N40: 5 | O40: 0 | P40: 2 | Q40: 3 | R40: 4 | T40: Neįvykdyta
D41: Iš viso: | E41: =SUM(E40:E40) -> 1 | F41: =SUM(F40:F40) -> 1 | G41: =SUM(G40:G40) -> 0.974 | H41: =G41/F41 -> 0.974 | I41: =SUM(I40:I40) -> 0.5
A42: 05.01.01.04. (TP) | B42: Dalyvavimas vietos veiklos grupių veikloje, viešosios naudos nevyriausybinių ir bendruomeninių organizacijų institucinio stiprinimo projektų (gebėjimai, lyderystė, sąlygos viešosios naudos organizacijų veiklos tvarumui užtikrinti, socialinis verslas ir kt. ) finansavimas | C42: 188711925 | D42: SB | E42: 0.5 | F42: 0.5 | G42: 0 | H42: =G42/F42 -> 0 | I42: 88.73 | K42: Ataskaitiniu laikotarpiu buvo dalyvaujama Zarasų – Visagino regiono 2023 – 2029 m. vietos plėtros strategijos rengimo procese, Visagino miesto 2024-2029 metų vietos plėtros strategijos rengimo procese ir Zarasų ir Visagino žuvininkystės regiono vietos veiklos grupės veikloje. | L42: P-05-01-01-04 | M42: Vietos veiklos grupių, kurių veikloje dalyvaujama, skaičius | N42: 3 | O42: 3 | P42: 3 | Q42: 3 | R42: 3 | T42: Įvykdyta
D43: Iš viso: | E43: =SUM(E42:E42) -> 0.5 | F43: =SUM(F42:F42) -> 0.5 | G43: =SUM(G42:G42) -> 0 | H43: =G43/F43 -> 0 | I43: =I42 -> 88.73
A44: 05.01.01.05. (TP) | B44: Dalyvaujamojo biudžeto priemonių įgyvendinimo užtikrinimas | C44: 188711925 | D44: SB | E44: 34.5 | F44: 34.5 | G44: 0 | H44: =G44/F44 -> 0 | I44: 49.5 | J44: 2.7.-3 | K44: Poveikio rodiklis nebuvo pasiektas, nes ataskaitiniu laikotarpiu vyko projektinių idėjų atranka ir ir buvo atrinktos 2 daugiausiai gyventojų balsų surinkę projektinės idėjos, kurias planuojama įgyvendinti 2024 m.: 1. „Fontanas be vandens“ – surinko 45 gyventojų balsus; 2. „Žaidimo aikštelė jaunimui su laipiojimo elementais“ – surinko 44 gyventojų balsus. | L44: P-05-01-01-05 | M44: Įgyvendintų dalyvaujamojo biudžeto priemonių skaičius | N44: 1 | O44: 0 | P44: 2 | Q44: 2 | R44: 2 | S44: Pilietinės visuomenės ir privačiojo sektoriaus subjektai, dalyvavę rengiant ir (ar) įgyvendinant miestui svarbių klausimų sprendimus, vnt. | T44: Vykdoma
D45: Iš viso: | E45: =SUM(E44:E44) -> 34.5 | F45: =SUM(F44:F44) -> 34.5 | G45: =SUM(G44:G44) -> 0 | H45: 0 | I45: =SUM(I44:I44) -> 49.5
A46: 05.01.01.06. (TP) | B46: Visagino garbės piliečių nuostatuose numatytų teisių įgyvendinimas | C46: 188711925 | D46: SB | I46: 2.23 | J46: 2.7.-3 | K46: Visagino miesto garbės piliečių pagerbimas. Priemonė įgyvendinama, siekiant pagerbti Visagino miesto garbės piliečius (renginių bilietai, garbės piliečio ženklaiir kt.) | L46: R-05-01-01-06 | M46: Asmenų, kuriems suteiktas Garbės piliečių vardas, skaičius | P46: 1 | Q46: 1 | R46: 1 | S46: Pilietinės visuomenės ir privačiojo sektoriaus subjektai, dalyvavę rengiant ir (ar) įgyvendinant miestui svarbių klausimų sprendimus, vnt.
D47: Iš viso: | E47: =SUM(E46:E46) -> 0 | I47: =SUM(I46:I46) -> 2.23
A48: 05.02.01. (T) | B48: Įgyvendinti Lietuvos Respublikos jaunimo politikos pagrindų įstatymo nuostatas | E48: =SUM(E50,E52,E54,E58,) -> 16.8 | F48: =SUM(F50,F52,F54,F58,) -> 16.8 | G48: =SUM(G50,G52,G54,G58,) -> 13.399 | H48: =G48/F48 -> 0.79755952 | I48: =SUM(I50,I52,I54,I58,) -> 37.6 | J48: 2.6.
A49: 05.02.01.01. (TP) | B49: Jaunimo politikos įgyvendinimas | C49: 188711925 | D49: SB | E49: 7 | F49: 7 | G49: 6.611 | H49: =G49/F49 -> 0.94442857 | I49: 8 | J49: 2.6-2-1 | K49: Įgyvendinant priemonę buvo organizuotas jau tradicija tampantis jaunimo festivalis Visagine, taip pat organizuotos įvairios akcijos ir šviečiamosios veiklos jaunimui bei užtikrinta Visagino jaunimo reikalų tarybos veikla. | L49: P-05-02-01-01 | M49: Mokymuose (seminaruose), kt. priemonėse dalyvavusių jaunimo tarybos narių skaičius | N49: 3 | O49: 6 | P49: 3 | Q49: 5 | R49: 8 | S49: Renginių skaičius (vnt. per metus) | T49: Įvykdyta
D50: Iš viso: | E50: =E49 -> 7 | F50: =F49 -> 7 | G50: =G49 -> 6.611 | H50: =G50/F50 -> 0.94442857 | I50: =I49 -> 8
A51: 05.02.01.02. (TP) | B51: Jaunimo savanoriškos tarnybos Visagino savivaldybėje programos įgyvendinimas | C51: 188711925 | D51: SB | E51: 2.4 | F51: 2.4 | G51: 0 | H51: =G51/F51 -> 0 | I51: 2.4 | J51: 2.6-2-2 | K51: Ši priemonė įgyvendinama vadovaujantis 2022-03-31 Visagino savivaldybės tarybos sprendimu Nr. TS-41 „Dėl Visagino savivaldybės tarybos 2019 m. birželio 27 d. sprendimo Nr. TS-159 „Dėl Visagino savivaldybės jaunimo savanoriškos tarnybos finansavimo tvarkos aprašo patvirtinimo“ pakeitimo“. Buvo planuojama finansuoti ne mažiau kaip 6 jaunimo savanoriškos tarnybos programos dalyvius per metus, preliminarus 1 savanorio išlaikymas - 69 Eur/1mėn * 6 mėn. Ataskaitiniu laikotarpiu neatsirado norinčių dalyvauti savanoriškos tarnybos programoje. Ateinančiu laikotarpiu planuojama daugiau dėmesio skirti programos viešinimui ir savanorių pritraukimui. | L51: P-05-02-01-02 | M51: Jaunimo savarankiškos veiklos skatinimo srityje organizuotų akcijų ir renginių skaičius | N51: 2 | O51: 0 | P51: 2 | Q51: 4 | R51: 6 | S51: Savanorių skaičius jaunimo ir su jaunimu dirbančiose organizacijose (ilgalaikių ir trumpalaikių) (asm.) | T51: Neįvykdyta
D52: Iš viso: | E52: =E51 -> 2.4 | F52: =F51 -> 2.4 | G52: =G51 -> 0 | H52: =G52/F52 -> 0 | I52: =SUM(I51) -> 2.4
A53: 05.02.01.03. (TP) | B53: Atvirą darbą su jaunimu vykdančių organizacijų programų finansavimas | C53: 188711925 | D53: SB | E53: 3 | F53: 3 | G53: 3 | H53: =G53/F53 -> 1 | I53: 6 | J53: 2.6-1-1 | K53: Teikti institucinę paramą įstaigoms, vykdančioms atvirąjį darbą su jaunimu, siekiant skatinti atviro darbo su jaunimu formų ir įvairovės plėtrą, ypatingą dėmesį skiriant iš švietimo sistemos iškritusiam, nedirbančiam ir perkvalifikavimo programose nedalyvaujančiam jaunimui. Projektų konkursų finansavimo sąlygų aprašas tvirtinamas teisės aktų nustatyta tvarka. | L53: P-05-02-01-03 | M53: Finansuotų atvirą darbą su jaunimu vykdančių organizacijų skaičius | N53: 2 | O53: 2 | P53: 2 | Q53: 3 | R53: 3 | S53: Veikiančių jaunimo atvirų erdvių, jaunimo centrų skaičius (vnt.) | T53: Įvykdyta
D54: Iš viso: | E54: =E53 -> 3 | F54: =F53 -> 3 | G54: =G53 -> 3 | H54: =G54/F54-1 -> 0 | I54: =I53 -> 6
A55: 1 | B55: Visagino menų rezidencija | G55: 1.5 | K55: „Nuo Taško iki Taško“
A56: 2 | B56: VšĮ Visagino edukacijų centras | G56: 1.5 | K56: „Ecology through art“
A57: 05.02.01.04. (TP) | B57: Jaunimo vasaros užimtumo programos įgyvendinimas | C57: 188711925 | D57: SB | E57: 4.4 | F57: 4.4 | G57: 3.788 | H57: =G57/F57 -> 0.86090909 | I57: 21.2 | J57: 2.6-2-4 | K57: Šios programos tikslas padėti jaunimui įsitraukti į darbo rinką, įgyti reikiamos patirties vasaros atostogų laikotarpiu, o darbdaviams padėti išlaikyti jaunuolius darbo vietoje. Programa patvirtinta Visagino savivaldybės tarybos 2021 m. kovo 25 d. sprendimu Nr. TS-66 „Dėl Visagino savivaldybės jaunimo vasaros užimtumo įgyvendinimo programos patvirtinimo“. | L57: P-05-02-01-04 | M57: Jaunimo vasaros užimtumo programoje dalyvavusių jaunuolių skaičius | N57: 4 | O57: 7 | P57: 15 | Q57: 18 | R57: 20 | S57: NVO, jaunimo ir su jaunimu dirbančių asmenų skaičius (vnt.) | T57: Įvykdyta
D58: Iš viso: | E58: =E57 -> 4.4 | F58: =F57 -> 4.4 | G58: =G57 -> 3.788 | H58: =G58/F58 -> 0.86090909 | I58: =I57 -> 21.2
A59: 05.03.01. (T) | B59: Kurti ir plėtoti saugią aplinką Visagino savivaldybėje | E59: =SUM(E61,E66,E69,E71) -> 172.5 | F59: =SUM(F61,F66,F69,F71) -> 172.5 | G59: =SUM(G61,G66,G69,G71) -> 132.351 | H59: =G59/F59-1 -> -0.23274783 | I59: =SUM(I61,I66,I69,I71) -> 182.39 | J59: 2.8.-2
A60: 05.03.01.01. (TP) | B60: Visagino savivaldybės nusikaltimų prevencijos ir kontrolės programos įgyvendinimas | C60: 188711925 | D60: SB | E60: 3.5 | F60: 3.5 | G60: 3.467 | H60: =G60/F60 -> 0.99057143 | I60: 1.5 | J60: 2.8.-2-4 | K60: Ataskaitiniu laikotarpiu lėšos buvo skirtos konkurso tvarka remti proejktus susijusius su nusikaltimų prevencija ir viešosios tvarkos gerinimu mieste. Iš viso paremti 3 projektai. | L60: P-05-03-01-01 | M60: Įgyvendintų priemonių nusikaltimų prevencijos srityje skaičius | N60: 2 | O60: 3 | P60: 3 | Q60: 3 | R60: 3 | S60: Įdiegtų inovatyvių priemonių skaičius, vnt. | T60: Įvykdyta
D61: Iš viso: | E61: =E60 -> 3.5 | F61: =F60 -> 3.5 | G61: =G60 -> 3.467 | H61: =G61/F61 -> 0.99057143 | I61: =I60 -> 1.5
A62: 1 | B62: Utenos apskrities vyriausiasis policijos komisariatas | G62: 1.6 | K62: „Kitas drugelio sparnas“
A63: 2 | B63: Valstybės sienos apsaugos tarnybos prie Lietuvos Respublikos vidaus reikalų ministerijos Vilniaus pasienio rinktinės Puškų pasienio užkarda | G63: 0.5 | K63: VSAT Vilniaus pasienio rinktinės Pūškų pasienio užkardos nusikalstamų veikų ir kitų teisės pažeidimų prevencinė veikla ir kontrolė Visagino savivaldybės teritorijoje“
A64: 3 | B64: Regioninės asociacijos „Gyvūnų šansas“ | G64: 1.4 | K64: „Linkusių nusikalsti asmenų socialinė integracija į visuomenę Visagino savivaldybėje“
A65: 05.03.01.02. (TP) | B65: Nusikalstamumo mažinimas, panaudojant vaizdo stebėjimo kamerų tinklą | C65: 188711925 | D65: SB | E65: 110.1 | F65: 110.1 | G65: 95.804 | H65: =G65/F65 -> 0.87015441 | I65: 133.89 | J65: 2.8.-2-6 | K65: Įgyvendinant šią priemonę buvo siekiama užtikrinti vaizdo stebėjimo kamerų tinklo efektyvų darbą, siekiant užtikrinti saugumą mieste. | L65: P-05-03-01-02 | M65: Miesto vaizdo stebėjimo kamerų tinklo funkcionavimo užtikrinimas | N65: taip | O65: taip | P65: taip | Q65: taip | R65: taip | S65: Atnaujintų / įdiegtų vaizdo stebėjimo sistemų skaičius | T65: Įvykdyta
D66: Iš viso: | E66: =E65 -> 110.1 | F66: =F65 -> 110.1 | G66: =G65 -> 95.804 | H66: =G66/F66 -> 0.87015441 | I66: =I65 -> 133.89
B67: Miesto vaizdo stebėjimo sistemos serverinės dalies naujinimui | H67: =G67/F67-1 -> #DIV/0! | I67: 45
A68: 05.03.01.03. (TP) | B68: Gaisrų prevencijos programos Visagino savivaldybėje įgyvendinimas | C68: 188711925 | D68: SB | E68: 2.9 | F68: 2.9 | G68: 0.886 | H68: =G68/F68 -> 0.30551724 | I68: 2 | J68: 2.8.-2-3 | K68: Įgyvendinant priemonę buvo sudaryti vienišų, senyvo amžiaus, neįgalių asmenų ir auginančių nepilnamečius vaikus asmenų, turinčių specialių poreikių ir gyvenančių riziką keliančiuose individualiuose gyvenamuosiuose būstuose sąrašai, kurie buvo nuolat atnaujinami. Pagal pateiktus sąrašus aplankyta: 30 butų, įrengta 18 dūmų daviklių, teiktos prevencinės konsultacijos. Per 2023 metus organizuoti 22 susitikimai - su namų administratoriais, kitų institucijų atstovais priešgaisrinės saugos klausimais. Iš viso aplankyta 261 gyventojas - sumontuoti 38 davikliai. 2023 m. taip pat buvo vykdytos akcijos: „Svečiuose pas ugniagesius“ organizuota vieną kartą Visagino PGT lankėsi 6/7 kl., 8/9kl. – 55 mokiniai, taip pat prevencinė akcija „Po gaisro“. Buvo individualiai bendraujama su 45 gyventojais, kurie matė gaisrą ir gyvena šalia kiekvienos gaisravietės - siekiant pagrindinio tikslo, atkreipti dėmesį ir ugdyti žmonių saugos kultūrą. Akcijos metu„ Padėk artimui“, pagal pateiktus sąrašus aplankyta – 30 butų, sumontuota 18 dūmų daviklių. Parengti ir paviešinti 8 straipsniai - priešgaisrinės saugos temomis. | L68: P-05-03-01-03 | M68: Įgyvendintų priemonių skaičius | N68: 2 | O68: 3 | P68: 2 | Q68: 2 | R68: 3 | S68: Gaisrų prevencijos programoje numatytų priemonių įgyvendinimas proc. nuo visų planuotų įgyvendinti | T68: Įvykdyta
D69: Iš viso: | E69: =E68 -> 2.9 | F69: =F68 -> 2.9 | G69: =G68 -> 0.886 | H69: =G69/F69 -> 0.30551724 | I69: =I68 -> 2
A70: 05.03.01.04. (TP) | B70: Butų- patalpų, esančių Visagine, Festivalio g. 6,8 išpirkimas iš savininkų neskelbiamų derybų būdu | C70: 188711925 | D70: SB | E70: 56 | F70: 56 | G70: 32.194 | H70: =G70/F70 -> 0.57489286 | I70: 45 | J70: 2.5-1-6 | K70: Iš planuojamų išpirkti 38 butų, 2023 m. išpirkta 10 butų. 2024-2025 m. planuojama išpirkti likusią dalį t.y. po 14 butų per metus. | L70: P-05-03-01-04 | M70: Išpirktų butų skaičius | N70: 10 | O70: 10 | P70: 14 | Q70: 14 | R70: 0 | S70: Modernizuotų ir pritaikytų būstų skaičius | T70: Įvykdyta
D71: Iš viso: | E71: =E70 -> 56 | F71: =F70 -> 56 | G71: =G70 -> 32.194 | H71: =G71/F71 -> 0.57489286 | I71: =I70 -> 45
A72: 05.04.01. (T) | B72: Skatinti bendruomenę dalyvauti prevencinėse ir šviečiamosiose veiklose | E72: =SUM(E74,E76,) -> 35.26 | F72: =SUM(F74,F76,) -> 23.169 | G72: =SUM(G74,G76,) -> 21.786 | H72: =G72/F72 -> 0.94030817 | I72: =SUM(I74,I76,) -> 9.221 | J72: 2.8.-2
A73: 05.04.01.01. (TP) | B73: Renginių, kurių pagrindinis tikslas teikti informaciją visuomenei, gilinti visuomenės suvokimą apie asmenų lygybę ir draudimą varžyti žmogaus teises ir teikti jam privilegijas lyties, rasės, tautybės, kalbos, kilmės, socialinės padėties, tikėjimo, įsitikinimų ar pažiūrų pagrindu, prekybos žmonėmis srityje vartojamų sąvokų supratimą bei pagalbos teikimą prekybos žmonėmis aukoms, apsaugos nuo smurto artimoje aplinkoje, organizavimas ir įgyvendinimas | C73: 188711925 | D73: SB | E73: 3 | F73: 3 | G73: 3 | H73: =G73/F73 -> 1 | I73: 3 | J73: 2.8.-2-7 | K73: Skatinant visuomenę dalyvauti prevencinėse veiklose buvo įgyvendintos priemonės, kurių tikslas informuoti visuomenę apie nuostatas, įtvirtinančias lyčių lygybės, lygių galimybių ir nediskriminavimo nuostatas (dėl lyties, rasės, tautybės, pilietybės, kalbos, kilmės, socialinės padėties, tikėjimo, įsitikinimų ar pažiūrų, amžiaus, negalios, lytinės orientacijos, etninės priklausomybės, religijos ir kitų diskriminacinių motyvų). Taip pat buvo organizuotos prevencinės priemonės (metodinės, konsultacinės) apie prekybos žmonėmis sąvokų suvokimą, prekybos žmonėmis aukų požymius, rizikos grupes bei pagalbos galimybes prekybos žmonėmis aukoms, apsaugos nuo smurto artimoje aplinkoje ir pagalbos teikimo principus. | L73: P-05-04-01-01 | M73: Bendruomenei suteiktų konsultacijų skaičius | N73: 5 | O73: 8 | P73: 5 | Q73: 5 | R73: 5 | S73: Įgyvendintų projektų skaičius | T73: Įvykdyta
D74: Iš viso: | E74: =E73 -> 3 | F74: =F73 -> 3 | G74: =G73 -> 3 | H74: =G74/F74 -> 1 | I74: =I73 -> 3
A75: 05.04.01.02. (TP) | B75: Projekto „Pabėgėlių iš Ukrainos priėmimas ir ankstyva integracija“ įgyvendinimas | C75: 188711925 | D75: ES | E75: 32.26 | F75: 20.169 | G75: 18.786 | H75: =G75/F75 -> 0.93142942 | I75: 6.221 | K75: Projektas finansuojamas iš Prieglobsčio, migracijos ir integracijos fondo priemonės „Pagalba ekstremaliosios situacijos atveju“ lėšų. Pagrindinės projekto veiklos individualios psichologų konsultacijos; teisinės konsultacijos / informacijos teikimo paslaugos; savitarpio pagalbos ir streso valdymo grupės; psichotropinių medžiagų vartojimo, nelegalaus darbo mažinimo, prekybos žmonėmis prevencinės priemonės; kūrybinių dirbtuvių ukrainiečiams ir vietos bendruomenės nariams organizavimas; verslumo ugdymo ir įdarbinimo skatinimo seminarai ir individualios konsultacijos moterims ir merginoms; sporto ir sveikatingumo užsiėmimai; edukacinės programos sociokultūrinei ir pilietinei užsieniečių integracijai. Projekto partneriai: BĮ Visagino šeimos ir vaiko gerovės centras, NVO Visagino šeimos krizių centras, NVO LRKD Visagino skyrius, NVO Visagino ukrainiečių bendrija, VšĮ Visagino ekonomikos plėtros agentūra, NVO Trečiojo amžiaus universitetas, BĮ Visagino viešoji biblioteka. Poveikio rodiklis nepasiektas, nes projekto veiklų įgyvendinimo pabaiga planuojama 2024 m. | L75: P-05-04-01-02 | M75: Užimtumo tarnyboje prie Lietuvos Respublikos socialinės apsaugos ir darbo ministerijos bedarbio statusu registruotų ukrainiečių skaičius | N75: 68 | O75: 0 | P75: 68 | T75: Vykdoma
D76: Iš viso: | E76: =E75 -> 32.26 | F76: =F75 -> 20.169 | G76: =G75 -> 18.786 | H76: =G76/F76 -> 0.93142942 | I76: =I75 -> 6.221 | M76: 0–3 metų vaikai | N76: 25 | O76: 0 | P76: 25
H77: =G77/F77-1 -> #DIV/0! | M77: 4–6 metų amžiaus vaikai | N77: 42 | O77: 0 | P77: 42
H78: =G78/F78-1 -> #DIV/0! | M78: 70+ amžiaus asmenys | N78: 44 | O78: 0 | P78: 44
H79: =G79/F79-1 -> #DIV/0! | M79: Bendrojo ugdymo įstaigose registruoti mokiniai | N79: 82 | O79: 0 | P79: 82
H80: =G80/F80-1 -> #DIV/0! | M80: Bendras asmenų skaičius | N80: 261 | O80: 0 | P80: 261
A81: 05.05.01. (T) | B81: Įgyvendinti diasporos politikos strategines gaires "Globali Lietuva" 2023-2030 m. | E81: =SUM(E83) -> 0 | H81: =G81/F81-1 -> #DIV/0! | I81: =SUM(I83) -> 1.5 | J81: 2.7.-1 | L81: E-05-05-01 | M81: Nevyriausybinių organizacijų organizavusių užsiėmimus diasporos atstovams skaičius | P81: 0 | Q81: 1 | R81: 1 | S81: Veikiančių nevyriausybinių ir bendruomeninių organizacijų skaičius
A82: 05.05.01.01. (TP) | B82: Rengti ir stiprinti edukacines programas bei stovyklas (įskaitant tradicinės kultūros stovyklas) skirtingo amžiaus diasporos vaikams ir jaunimui, kviesti diasporos atstovus dalyvauti įvairiuose renginiuose Lietuvoje | C82: 188711925 | D82: SB | E82: 0 | H82: =G82/F82-1 -> #DIV/0! | I82: 1.5 | J82: 2.7.-1-1 | K82: Įgyvendinant priemonę bus įgyvendinamos Lietuvos Respublikos užsienio reikalų ministro 2021 m. gruodžio 27 d. įsakymu Nr. V-550 "Dėl Lietuvos diasporos politikos strateginių gairių „Globali Lietuva“ 2022‒2030 m. patvirtinimo", patvirtintos Lietuvos diasporos politikos strateginių gairių „Globali Lietuva“ 2022‒2030 m." nuostatos, o numatytos įgyvendinti priemonės bus įtrauktos į Lietuvos diasporos politikos strateginių gairių „Globali Lietuva“ 2022‒2030 m. įgyvendinimo veiksmų planą 2024–2026 m. | L82: R-05-05-01-01 | M82: Įgyvendintų priemonių skaičius | P82: 2 | Q82: 3 | R82: 4 | S82: Priimta sprendimų, turinčių tiesioginės įtakos nevyriausybinių ir bendruomeninių
D83: Iš viso: | E83: =E82 -> 0 | H83: =G83/F83-1 -> #DIV/0! | I83: =I82 -> 1.5
E84: 2023-02-02 sprendimu Nr. TS-17 patvirtintas planas | F84: Planas (įskaitant patikslinimus) | G84: 2023 m. plano vykdymas | H84: 2023 plano įvykdymo proc. | I84: =I15 -> 2024 m.asignavimai ir kitos lėšos, tūkst. Eur
A85: 1. Savivaldybės biudžetas (įskaitant skolintas lėšas) | E85: =E86+E87+E88+E89+E90+E91 -> 300.092 | F85: =F86+F87+F88+F89+F90+F91 -> 273.469 | G85: =G86+G87+G88+G89+G90+G91 -> 193.51 | H85: =G85/F85 -> 0.7076122 | I85: =SUM(I86,I87,I88,I89,I90,I91,) -> #REF!
A86: Iš jo: 1.1. savivaldybės biudžeto lėšos | E86: =SUM(E18,E25,E40,E42,E44,E49,E51,E53,E57,E60,E65,E68,E70,E73,) -> 253.3 | F86: =SUM(F18,F25,F40,F42,F44,F49,F51,F53,F57,F60,F65,F68,F70,F73,) -> 253.3 | G86: =SUM(G18,G25,G40,G42,G44,G49,G51,G53,G57,G60,G65,G68,G70,G73,) -> 174.724 | H86: =G86/F86 -> 0.68979076 | I86: =SUM(I18,I25,I40,I44,I49,I51,I53,I57,I60,I65,I68,I70,I73,I46,I82) -> 301.72
A87: 1.2. Lietuvos Respublikos valstybės biudžeto dotacijos | E87: =SUM(E26) -> 14.532 | F87: =SUM(F26) -> 0 | G87: =SUM(G26) -> 0 | I87: =SUM(I26) -> 14.015
A88: 1.3. Pajamų įmokos ir kitos pajamos | E88: 0 | F88: 0 | G88: 0 | I88: 0
A89: 1.4. Europos Sąjungos ir kitos tarptautinės finansinės paramos lėšos (EGDP, VB) | E89: =SUM(E75) -> 32.26 | F89: =SUM(F75) -> 20.169 | G89: =SUM(G75) -> 18.786 | H89: =G89/F89 -> 0.93142942 | I89: =SUM(I75) -> 6.221
A90: 1.5. Skolintos lėšos | E90: 0 | F90: 0 | G90: 0 | I90: 0
A91: 1.6. Ankstesnių metų likučiai | E91: 0 | F91: 0 | G91: 0 | I91: =SUM(I42,#REF!,#REF!) -> #REF!
A92: 2. Kiti šaltiniai (Europos Sąjungos finansinė parama projektams įgyvendinti ir kitos teisėtai gautos lėšos, nurodant atskirus šaltinius) | E92: 0 | F92: 0 | G92: 0 | I92: 0
A93: IŠ VISO programai finansuoti pagal finansavimo šaltinius (1 ir 2 punktai) | E93: =SUM(E85,E92) -> 300.092 | F93: =SUM(F85,F92) -> 273.469 | G93: =SUM(G85,G92) -> 193.51 | H93: =G93/F93 -> 0.7076122 | I93: =SUM(I85,I92) -> #REF!
A94: Iš jų: regioninių pažangos priemonių lėšos | E94: 0 | F94: 0 | G94: 0 | I94: 0
A95: Asignavimų ir kitų lėšų pokytis, palyginti su ankstesnių metų patvirtintų asignavimų ir kitų lėšų planu | E95: 0 | F95: 0 | G95: 0 | H95: =G95/F95-1 -> #DIV/0! | I95: =I93/E93-1 -> #REF!
E98: 253.3 | F98: 174.724 | I98: 400.45
E99: =E98-F86 -> 0 | F99: =G86-F98 -> 0 | I99: =I98-I86-I91 -> #REF!

Sheet 6 programa (XIII)
A1: Socialinės paramos programos (06) uždaviniai, priemonės, asignavimai ir kitos lėšos (tūkst.eurų) ir jų stebėsenos rodikliai
A2: Šios programos tikslas – vykdyti savarankiškąsias savivaldybės (socialinių paslaugų planavimas ir teikimas, socialinių paslaugų įstaigų išlaikymas, socialinių pašalpų ir kompensacijų skaičiavimas ir mokėjimas, bendradarbiavimas su nevyriausybinėmis organizacijomis, sąlygų savivaldybės teritorijoje gyvenančių neįgaliųjų socialiniam integravimui į bendruomenę sudarymas) ir valstybines (valstybės perduotas savivaldybėms) funkcijas (socialinės globos teikimo asmenims su sunkia negalia užtikrinimas, išmokų skaičiavimas ir mokėjimas, mokinių nemokamo maitinimo, mokinių aprūpinimo mokinio reikmenimis administravimas).
A4: =A15 -> 06.01.01 (T) | B4: =B15 -> Užtikrinti efektyvią savivaldybės biudžetinių socialinių paslaugų įstaigų veiklą
A5: =A34 -> 06.01.02. (T) | B5: =B34 -> Užtikrinti socialinių išmokų ir kompensacijų mokėjimą
A6: =A103 -> 06.01.03. (T) | B6: =B103 -> Pagerinti ir plėsti socialinių paslaugų kokybę ir prieinamumą, sukurti jų plėtrai reikalingą infrastruktūrą
A7: =A158 -> 06.02.01. (T) | B7: =B158 -> Skatinti socialinių paslaugų plėtrą bendruomenėje
A9: Programos įgyvendinimo laikotarpis 2023-2025 m. Programos įgyvendinimo ataskaitinis laikotarpis 2023 m.
A10: Programos įgyvendinimo koordinatorė Jolita Zabulytė, jolita.zabulyte@visaginas.lt, tel. 8 (386) 36 007
A12: 7 lentelė. Socialinės paramos programos (06) uždaviniai, priemonės, asignavimai ir kitos lėšos (tūkst.eurų) ir jų stebėsenos rodikliai
A13: Programos uždavinio, priemonės kodas ir požymis | B13: Uždavinio, priemonės pavadinimas, finansavimo šaltiniai | C13: Asignavimų valdytojo kodas | D13: Finansavimo šaltinis | E13: 2023-02-02 sprendimu Nr. TS-17 patvirtintas planas | F13: 2023 m. planas (įskaitant patikslinimus) | G13: 2023 m. plano vykdymas | H13: 2023 plano įvykdymo proc. | I13: 2024 m.asignavimai ir kitos lėšos, tūkst. Eur | J13: Savivaldybės strateginio plėtros plano priemonės kodas | K13: Trumpas priemonės įgyvendinimo aprašymas | L13: Poveikio rodiklio kodas | M13: Poveikio rodiklio pavadinimas (matavimo vnt.) | N13: Poveikio rodiklio reikšmės | P13: Įvykdyta /Neįvykdyta/ Įvykdyta iš dalies/Vykdoma
N14: Siektina poveikio rodiklio reikšmė 2023 m. | O14: Faktinė poveikio rodiklio reikšmė 2023 m.
A15: 06.01.01 (T) | B15: Užtikrinti efektyvią savivaldybės biudžetinių socialinių paslaugų įstaigų veiklą | E15: =SUM(E21,) -> 1555.062 | F15: =SUM(F21,) -> 1497.83 | G15: =SUM(G21,) -> 1436.062 | H15: =G15/F15 -> 0.95876168 | I15: =SUM(I21,) -> 1498.783 | J15: 2.5
A16: 06.01.01.01. (TP) | B16: Socialinių įstaigų veiklos organizavimas | C16: Įstaigos | D16: SB | E16: =SUM(E22,E28) -> 1101.68 | F16: =SUM(F22,F28) -> 986.045 | G16: =SUM(G22,G28) -> 924.28 | H16: =G16/F16 -> 0.93736087 | I16: =SUM(I22,I28,I33) -> 1050.3 | J16: 2.5-1 | K16: Įgyvendinant šią priemonę ir vykdant savarankiškąją savivaldybės socialinių paslaugų teikimo užtikrinimo planuojant ir organizuojant socialines paslaugas funkciją bei valstybinę (valstybės perduotą savivaldybėms) funkciją, susijusią su socialinės globos teikimo asmenims su sunkia negalia organizavimu, užtikrinama socialines palsaugas Visagino savivaldybėje teikiančių įstaigų Visagino šeimos ir vaiko gerovės centro ir Visagino socialinių paslaugų centro veikla. | L16: P-06-01-01-01 | M16: Teikiamų socialinių paslaugų rūšių (bendrųjų socialinių paslaugų, socialinės priežiūros paslaugų, socialinės globos paslaugų ir kt. ) skaičius (vnt.) | N16: 25 | O16: 26 | P16: Įvykdyta
D17: ĮP | E17: =SUM(E23,E29) -> 371.255 | F17: =SUM(F23,F29) -> 372.355 | G17: =SUM(G23,G29) -> 372.352 | H17: =G17/F17 -> 0.99999194 | I17: =SUM(I23,I29) -> 392.18
D18: ĮP (L) | H18: =G18/F18-1 -> #DIV/0! | I18: =I24 -> 0.303
D19: SD | E19: =SUM(E25,E30) -> 82.127 | F19: =SUM(F25,F30) -> 93.028 | G19: =SUM(G25,G30) -> 93.028 | H19: =G19/F19 -> 1 | I19: =SUM(I25,I30) -> 56
D20: Kt | E20: =SUM(E26,E31) -> 0 | F20: =F26+F31 -> 46.402 | G20: =G26+G31 -> 46.402 | H20: =G20/F20 -> 1 | I20: =SUM(I26,I31) -> 0
D21: Iš viso: | E21: =SUM(E16:E20) -> 1555.062 | F21: =SUM(F16:F20) -> 1497.83 | G21: =SUM(G16:G20) -> 1436.062 | H21: =G21/F21 -> 0.95876168 | I21: =SUM(I16:I20) -> 1498.783
B22: Visagino socialinių paslaugų centro veiklos užtikrinimas | C22: 300079075 | D22: SB | E22: 550.19 | F22: 445.484 | G22: 401.801 | I22: =435.41-8.524-0.35 -> 426.536 | K22: Įgyvendinant šią priemonę bus užtikrinta Visagino socialinių paslaugų centro veikla
D23: ĮP | E23: 349.9 | F23: 349.9 | G23: 349.285 | I23: =366.18 -> 366.18
D24: L IP | I24: 0.303
D25: SD | E25: 69.102 | F25: 70.609 | G25: 70.609 | I25: =26.76+8.524 -> 35.284
D26: Kt | F26: 28.078 | G26: =F26 -> 28.078 | I26: 0
D27: Viso | E27: =SUM(E22:E26) -> 969.192 | F27: =SUM(F22:F26) -> 894.071 | G27: =SUM(G22:G26) -> 849.773 | I27: =SUM(I22:I26) -> 828.303
B28: Visagino šeimos ir vaiko gerovės centro veiklos užtikrinimas | C28: 190230824 | D28: SB | E28: 551.49 | F28: 540.561 | G28: 522.479 | I28: =604.24-9.476 -> 594.764 | K28: Įgyvendinant šią priemonę bus užtikrinta Visagino šeimos ir vaiko gerovės centro veikla
D29: ĮP | E29: 21.355 | F29: 22.455 | G29: 23.067 | I29: 26
D30: SD | E30: 13.025 | F30: 22.419 | G30: 22.419 | I30: =11.24+9.476 -> 20.716
D31: Kt | F31: 18.324 | G31: 18.324 | I31: 0
D32: Viso | E32: =SUM(E28:E31) -> 585.87 | F32: =SUM(F28:F31) -> 603.759 | G32: =SUM(G28:G31) -> 586.289 | I32: =SUM(I28:I31) -> 641.48
B33: Visagino savivaldybės administarcija | I33: 29 | K33: Nuo 2024 m. liepos 1 d. socialinių paslaugų planui įgyvendinti
A34: 06.01.02. (T) | B34: Užtikrinti socialinių išmokų ir kompensacijų mokėjimą | E34: =SUM(E37,E40,E44,E46,E48,E58,E61,E83,E97,E102,) -> 9154.57 | F34: =SUM(F37,F40,F44,F46,F48,F58,F61,F83,F97,F102,) -> 10504.572 | G34: =SUM(G37,G40,G44,G46,G48,G58,G61,G83,G97,G102,) -> 9951.678 | H34: =G34/F34 -> 0.94736635 | I34: =SUM(I37,I40,I44,I46,I48,I58,I61,I83,I97,I102,) -> #REF! | J34: 2.5.1.
A35: 06.01.02.01. (TP) | B35: Išmokų vaikams skyrimas ir administravimas (SADM) | C35: 188711925 | D35: VB | E35: 4708.1 | F35: 4227.8 | G35: 4224.25 | H35: =G35/F35 -> 0.99916032 | I35: 5164.9 | J35: 2.5-1-1 | K35: Vadovaujantis Lietuvos Respublikos išmokų vaikams įstatymu užtikintas savivaldybės gyventojams išmokų vaikams (vienkartinė išmoka vaikui, išmoka vaikui, išmoka privalomosios pradinės karo tarnybos kario vaikui, viekartinės išmokos nėščiai moteriai, išmokos besimokančio ar studijuojančio asmens vaiko priežiūrai, globos (rūpybos), globos (rūpybos) išmokos tikslinis priedas, vienkartinė išmoka įsikurti, išmoka įvaikinus vaiką, vaiko laikinosios priežiūros išmoka) teikimas. Priemonės rodiklis įvykdytas iš dalies, nes priemonė buvo įgyvendinama pagal poreikį. | L35: P-06-01-02-01 | M35: Vaikų, gaunančių vienkartines ir pastovias išmokas, skaičius | N35: 3650 | O35: 3377 | P35: Įvykdyta iš dalies
D36: SB
D37: Iš viso: | E37: =SUM(E35:E36) -> 4708.1 | F37: =SUM(F35:F36) -> 4227.8 | G37: =SUM(G35:G36) -> 4224.25 | H37: =G37/F37 -> 0.99916032 | I37: =SUM(I35:I36) -> 5164.9
A38: 06.01.02.02. (TP) | B38: Tikslinių kompensacijų mokėjimas ir administravimas | C38: 188711925 | D38: VB | E38: 541.5 | F38: 1275.5 | G38: 1262.331 | H38: =G38/F38 -> 0.98967542 | I38: =1281.8+64.1 -> 1345.9 | K38: Vadovaujantis Lietuvos Respublikos tikslinių kompensacijų įstatymu užtikrintas savivaldybės gyventojams individualios pagalbos teikimo išlaidų kompensacijų mokėjimas. | L38: P-06-01-02-02 | M38: Tikslinių kompensacijų gavėjų skaičius | N38: 500 | O38: 668 | P38: Įvykdyta
D39: SB
D40: Iš viso: | E40: =SUM(E38:E39) -> 541.5 | F40: =SUM(F38:F39) -> 1275.5 | G40: =SUM(G38:G39) -> 1262.331 | H40: =G40/F40 -> 0.98967542 | I40: =SUM(I38:I39) -> 1345.9
A41: 06.01.02.03. (TP) | B41: Socialinių išmokų ir kompensacijų skyrimas, mokėjimas ir administravimas | C41: 188711925 | D41: D | E41: 147.38 | F41: 129.16 | G41: 126.478 | H41: =G41/F41 -> 0.97923506 | I41: 164.575 | K41: Nepasiturintiems savivaldybės gyventojams vadovaujantis Lietuvos Respublikos piniginės socialinės paramos nepasiturintiems gyventojams įstatymu – skiriama ir mokama socialinė pašalpa, kai suaugę asmenys yra išnaudoję visas kitų pajamų gavimo galimybes bei kompensuojamos būsto šildymo, geriamojo vandens ir karšto vandens išlaidos. Vadovaujantis Lietuvos Respublikos paramos mirties atveju įstatymu mirus asmeniui mokama laidojimo pašalpa bei parama palaikams parvežti, kuri yra lygi faktinėms palaikų parvežimo į Lietuvos Respubliką išlaidoms, bet neturi viršyti nustatyto dydžio. Trečias rodiklis įgyvendintas iš dalies, nes laidojimo pašalpos buvo skiriamos pagal poreikį. | L41: P-06-01-02-03 | M41: Mažas pajamas turinčių šeimų, gaunančių būsto šildymo išlaidų ir išlaidų karštam vandeniui kompensacijas, skaičius | N41: 3400 | O41: 7948 | P41: Įvykdyta
D42: SB | E42: 2176.93 | F42: 2175.756 | G42: 1692.257 | H42: =G42/F42 -> 0.77777885 | I42: 2176.93 | M42: Socialinės pašalpos gavėjų skaičius | N42: 1577 | O42: 1577 | P42: Įvykdyta
D43: SD | F43: 683.339 | G43: 682.163 | H43: =G43/F43 -> 0.99827904 | I43: 0 | M43: Laidojimo pašalpos ir paramos užsienyje mirusių LR piliečių palaikams parvežti gavėjų skaičius | N43: 325 | O43: 316 | P43: Įvykdyta iš dalies
D44: Iš viso: | E44: =SUM(E41:E42) -> 2324.31 | F44: =SUM(F41:F43) -> 2988.255 | G44: =SUM(G41:G43) -> 2500.898 | H44: =G44/F44 -> 0.83690917 | I44: =SUM(I41:I43) -> 2341.505
A45: 06.01.02.04. (TP) | B45: Išmokų nedarbingiems neįgaliems asmenims, auginantiems vaikus iki 18 metų bei vaikus iki 24 metų, besimokančius bendrojo lavinimo mokyklose, profesinėse mokyklose, aukštesniosiose ar aukštosiose mokyklose dienine forma, mokėjimas (SADM) | C45: 188711925 | D45: VB | K45: Nedarbingiems neįgaliesiems, auginantiems vaikus, mokama 20 proc. BSI kompensacija už komunalines paslaugas. Priemonės įvykdymo rodiklis nepasiektas, nes priemonė buvo įgyvendinama pagal poreikį, poreikio nebuvo. | L45: P-06-01-02-04 | M45: Išmokų nedarbingiems neįgaliesiems, auginantiems vaikus iki 18 metų, gavėjų skaičius | N45: 1 | O45: 0 | P45: Vykdoma
D46: Iš viso: | I46: =I45 -> 0
A47: 06.01.02.06. (TP) | B47: Mokesčių už socialiai jautrioms grupėms suteiktas paslaugas kompensavimas | C47: Įstaigos | D47: SB | E47: 150.85 | F47: 150.978 | G47: 139.57 | H47: =G47/F47 -> 0.92443932 | I47: =SUM(I49,I50,I51,I52,I53,I54,#REF!,I55,I56,) -> #REF! | K47: Visagino savivaldybės tarybos sprendimų, susijusių su mokesčių už teikiamas paslaugas kompensavimu, įgyvendinimas (100 proc. mokesčio už vieną neformaliojo švietimo programą jų pasirinktoje vienoje Visagino savivaldybės biudžetinėje neformaliojo švietimo įstaigoje kompensacija suaugusiems neįgaliems asmenims, kurių pajamos bendrai gyvenantiems asmenims arba vienam gyvenančiam asmeniui per mėnesį yra mažesnės negu 3 valstybės remiamų pajamų dydžiai; mokesčio už baseinų suteiktas paslaugas kompensavimas, NVŠ, mokesčio už ikimokyklinį ugdymą lengvatos ir pan.) | L47: P-06-01-02-06 | M47: Socialiai jautrių grupių,pasinaudojusių tarybos suteiktomis lengvatomis, skaičius | N47: 4 | O47: 4 | P47: Įvykdyta
D48: Iš viso: | E48: =E47 -> 150.85 | F48: =F47 -> 150.978 | G48: =G47 -> 139.57 | H48: =H47 -> 0.92443932 | I48: =I47 -> #REF!
B49: Vaikų lopšelio-darželio „Auksinis gaidelis“ | I49: 26 | M49: maitinimas (ikimokyklinis ugymas) | N49: 73
B50: Vaikų lopšelio-darželio „Auksinis raktelis“ | I50: 32.45 | M50: maitinimas (ikimokyklinis ugymas) | N50: 45
B51: Vaikų lopšelio-darželio „Ąžuoliukas“ | I51: 22.5 | M51: maitinimas (ikimokyklinis ugymas) | N51: 58
B52: Lopšelis-darželis „Gintarėlis“ | I52: 18.6 | M52: maitinimas (ikimokyklinis ugymas) | N52: 61
B53: Vaikų lopšelio-darželio „Kūlverstukas“ | I53: 15.5 | M53: maitinimas (ikimokyklinis ugymas) | N53: 52
B54: Visagino šeimos ir vaiko gerovės centras | I54: 0.63 | M54: Suaugę+vaikai neįgalieji (VŠVGC) | N54: 9
B55: VšĮ Visagino sporto ir rekreacijos centras | I55: 31.06 | M55: baseinas (pensininkai) | N55: 9657
B56: VšĮ Visagino sporto ir rekreacijos centras , VšĮ Visagino edukacijos centras | I56: 8.94 | M56: neformalus vaikų švietimas | N56: 2265
A57: 06.01.02.07. (TP) | B57: Socialinės priežiūros paslaugų šeimoms teikimo užtikrinimas | C57: 300079075 | D57: D | E57: 555.2 | F57: 455.7 | G57: 450.796 | H57: =G57/F57 -> 0.98923853 | I57: =497.4+72.4 -> 569.8 | J57: 2.5-1-5 | K57: Socialinę priežiūrą šeimoms teikia atvejo vadybininkai, socialiniai darbuotojai ir individualios priežiūros darbuotojai. | L57: P-06-01-02-07 | M57: Šeimų, kurioms teikiama socialinė priežiūra, skaičius | N57: 154 | O57: 154 | P57: Įvykdyta
D58: Iš viso: | E58: =E57 -> 555.2 | F58: =F57 -> 455.7 | G58: =G57 -> 450.796 | H58: =G58/F58 -> 0.98923853 | I58: =I57 -> 569.8
A59: 06.01.02.08. (TP) | B59: Socialinės paramos mokiniams išlaidoms už įsigytus produktus skyrimas | C59: Įstaigos | D59: D | E59: =SUM(E62:E79) -> 354.83 | F59: =SUM(F62,F64,F66,F68,F70,F72,F73,F76,F78,F79,) -> 322.27 | G59: =SUM(G62,G64,G66,G68,G70,G72,G73,G76,G78,G79,) -> 295.546 | H59: =G59/F59 -> 0.91707574 | I59: =I62+I64+I66+I68+I70+I72+I73+I76+I78+I79 -> 380.56 | J59: 2.5-1-1 | K59: Vadovaujantis Lietuvos Respublikos socialinės paramos mokiniams įstatymu mokiniams, kurių vidutinės bendrai gyvenančių asmenų pajamos vienam asmeniui per mėnesį mažesnės kaip 1,5 VRP, išimties atvejais mažesnės kaip 2 VRP arba 2,5 VRP, skiriamas nemokamas maitinimas mokykloje. Įgyvendinant šią priemonę dalyvauja: lopšelis-darželis „Auksinis raktelis“, lopšelis-darželis „Kūlverstukas“, lopšelis-darželis „Gintarėlis“, lopšelis-darželis „Ąžuoliukas“, Visagino „Žiburio“ pagrindinė mokykla, Visagino „Atgimimo“ gimnazija, Visagino Draugystės progimnazija, Visagino „Gerosios vilties“ progimnazija, Visagino „Verdenės“ gimnazija. Mokinai, kurie mokosi mokyklose pagal priešmokyklinio ugdymo programą ir pagal pradinio ugdymo programą pirmoje ir antroje klasėse, turi teisę į nemokamus pietus nevertinant pajamų. | L59: P-06-01-02-08 | M59: Mokinių, gaunančių nemokamą maitinimą, vidutinis skaičius per mėnesį | N59: 980 | O59: 1213 | P59: Įvykdyta
D60: SD | F60: =SUM(F63,F65,F67,F69,F71,F74,F75,F77,F80) -> 29.128 | G60: =SUM(G63,G65,G67,G69,G71,G74,G75,G77,G80) -> 28.728 | H60: =G60/F60 -> 0.98626751 | I60: =I74 -> 0.552
D61: Iš viso: | E61: =E59 -> 354.83 | F61: =F59 -> 322.27 | G61: =G59 -> 295.546 | H61: =G61/F61 -> 0.91707574 | I61: =I59+I60 -> 381.112
B62: Visagino Atgimimo gimnazija | D62: D | E62: 20 | F62: 20 | G62: 17.431 | I62: 25.86
D63: V | F63: 3.5 | G63: 3.399
B64: Visagino Draugystės progimnazija | D64: D | E64: 67 | F64: 56 | G64: 50.851 | I64: 66
D65: V | F65: 6.38 | G65: 6.251
B66: Visagino Gerosios vilties progimnazija | D66: D | E66: 108.83 | F66: 83.49 | G66: 75.156 | I66: 106
D67: V | F67: 16.277 | G67: 16.276
B68: Visagino Verdenės gimnazija | D68: D | E68: 65 | F68: 68 | G68: 64.705 | I68: 75
D69: V | F69: 0.14 | G69: 0.13
B70: Visagino "Žiburio" pagrindinė mokykla | D70: D | E70: 42 | F70: 43 | G70: 41.66 | I70: 49
D71: V | F71: 0.68 | G71: 0.651
B72: Visagino vaikų l-d Auksinis raktelis | D72: D | E72: 13 | F72: 14 | G72: 12.838 | I72: 16
B73: Visagino vaikų lopšelis-darželis Kūlverstukas | D73: D | E73: 5 | F73: 6.2 | G73: 4.72 | I73: 6.7
D74: SD | F74: 0.24 | G74: 0.24 | I74: 0.552
D75: V | F75: 0.62 | G75: 0.521
B76: Visagino vaikų l-d Gintarėlis | D76: D | E76: 11 | F76: 9.3 | G76: 8.636 | I76: 12
D77: V | F77: 0.475 | G77: 0.474
B78: Visagino vaikų l-d "Ąžuoliukas" | D78: D | E78: 11 | F78: 11 | G78: 10.027 | I78: 12
B79: Visagino L-d Auksinis gaidelis (Vaikystės pedagogikos centras) | D79: D | E79: 12 | F79: 11.28 | G79: 9.522 | I79: 12
D80: V | F80: 0.816 | G80: 0.786
A81: 06.01.02.09. (TP) | B81: Socialinės paramos mokinio reikmenims įsigyti skyrimas | C81: Įstaigos | D81: D | E81: =SUM(E84:E94) -> 54.88 | F81: =SUM(F84,F85,F86,F87,F88,F89,F90,F91,F92,F93,F94,) -> 45.039 | G81: =SUM(G84,G85,G86,G87,G88,G89,G90,G91,G92,G93,G94,) -> 44.786 | H81: =G81/F81 -> 0.99438265 | I81: =SUM(I84:I94) -> 60.5 | J81: 2.5-1-1 | K81: Vadovaujantis Lietuvos Respublikos socialinės paramos mokiniams įstatymu, mokiniams, kurių vidutinės bendrai gyvenančių asmenų pajamos vienam asmeniui per mėnesį mažesnės kaip 1,5 VRP, išimties atvejais mažesnės kaip 2 arba 2,5 VRP, skiriama 2 BSI dydžio parama mokinio reikmenims įsigyti. | L81: P-06-01-02-09 | M81: Mokinių, gaunančių paramą mokinio reikmenims įsigyti, skaičius | N81: 550 | O81: 527 | P81: Įvykdyta
D82: SD | F82: =F95 -> 6.86 | G82: =G95 -> 6.86
D83: Iš viso: | E83: =E81 -> 54.88 | F83: =SUM(F81,F82) -> 51.899 | G83: =SUM(G81,G82) -> 51.646 | H83: =G83/F83 -> 0.99512515 | I83: =I81 -> 60.5
B84: Visagino Atgimimo gimnazija | D84: D | E84: 0.392 | F84: 0.098 | G84: 0.098 | I84: 0.22
B85: Visagino Draugystės progimnazija | D85: D | E85: 0.882 | F85: 0.196 | G85: 0.196 | I85: 0.33
B86: Visagino Gerosios vilties progimnazija | D86: D | E86: 1.47 | F86: 0.294 | G86: 0.294 | I86: 0.55
B87: Visagino Verdenės gimnazija | D87: D | E87: 0.686 | F87: 0.294 | G87: 0.294 | I87: 0.55
B88: Visagino "Žiburio" pagrindinė mokykla | D88: D | E88: 0.49 | F88: 0.294 | G88: 0.294 | I88: 0.33
B89: Visagino vaikų l-d Auksinis raktelis | D89: D | E89: 0.196 | F89: 0 | G89: 0 | I89: 0.22
B90: Visagino vaikų lopšelis-darželis Kūlverstukas | D90: D | E90: 0.196 | F90: 0.196 | G90: 0.196 | I90: 0.22
B91: Visagino vaikų l-d Gintarėlis | D91: D | E91: 0.196 | F91: 0 | G91: 0 | I91: 0.22
B92: Visagino vaikų l-d "Ąžuoliukas" | D92: D | E92: 0.196 | F92: 0.057 | G92: 0 | I92: 0.22
B93: Visagino L-d Auksinis gaidelis (Vaikystės pedagogikos centras) | D93: D | E93: 0.196 | F93: 0 | G93: 0 | I93: 0.22
B94: Savivaldybės administracija | D94: D | E94: 49.98 | F94: 43.61 | G94: 43.414 | I94: 57.42
D95: V | F95: 6.86 | G95: 6.86
A96: 06.01.02.10. (TP) | B96: Socialinių paslaugų asmenims su sunkia negalia užtikrinimas | C96: Įstaigos | D96: D | E96: =SUM(E98:E100) -> 436.9 | F96: =SUM(F98:F100) -> 997.67 | G96: =SUM(G98:G100) -> 992.151 | H96: =G96/F96 -> 0.99446811 | I96: =SUM(I98:I100) -> 947.57 | J96: 2.5-1-5 | K96: Vykdant valstybinę (valstybės perduotą savivaldybėms) funkciją, susijusią su socialinės globos teikimo asmenims su sunkia negalia organizavimu, kompensuojamos socialinės globos asmenims su sunkia negalia išlaidos. | L96: P-06-01-02-10 | M96: Asmenų su sunkia negalia, gaunančių socialinę globą, skaičius | N96: 103 | O96: 108 | P96: Įvykdyta
D97: Iš viso: | E97: =E96 -> 436.9 | F97: =F96 -> 997.67 | G97: =G96 -> 992.151 | H97: =G97/F97 -> 0.99446811 | I97: =I96 -> 947.57
B98: Socialinių paslaugų centras | E98: 357 | F98: 797.35 | G98: 798.878 | I98: 763 | O98: 74
B99: Šeimos ir vaiko gerovės centras | E99: 40.6 | F99: 83.44 | G99: 82.636 | I99: 78.92 | O99: 20
B100: Savivaldyės administracija | E100: 39.3 | F100: 116.88 | G100: 110.637 | I100: 105.65 | K100: Vadovaujantis Lietuvos Respublikos socialinių paslaugų įstatymo nuostatomis kompensuojamos socialinės globos asmenims su sunkia negalia išlaidos. | M100: Asmenų su sunkia negalia, kuriems suteiktos socialinės globos paslaugos, skaičius | O100: 14
A101: 06.01.02.11. (TP) | B101: Socialinės globos paslaugų suaugusiems asmenims su negalia pirkimas | C101: 188711925 | D101: SB | E101: 28 | F101: 34.5 | G101: 34.49 | H101: =G101/F101 -> 0.99971014 | I101: 38 | J101: 2.5-1-5 | K101: Ne savivaldybės pavaldumo socialinės globos įstaigoms sudarant su jomis finansavimo sutartis apmokamos socialinės globos asmenims be sunkios negalios išlaidos. Priemonė įvykdyta iš dalies, nes buvo įgyvendinama pagal poreikį ir skirtą finansavimą. | L101: P-06-01-02-11 | M101: Asmenų, kuriems socialinės paslaugos teikiamos kitų steigėjų įstaigose, skaičius | N101: 6 | O101: 4 | P101: Įvykdyta iš dalies
D102: Iš viso: | E102: =SUM(E101:E101) -> 28 | F102: =SUM(F101:F101) -> 34.5 | G102: =SUM(G101:G101) -> 34.49 | H102: =G102/F102 -> 0.99971014 | I102: =SUM(I101:I101) -> 38
A103: 06.01.03. (T) | B103: Pagerinti ir plėsti socialinių paslaugų kokybę ir prieinamumą, sukurti jų plėtrai reikalingą infrastruktūrą | E103: =SUM(E106,E108,E110,E113,E116,E122,E124,E126,E128,E131,E134,E138,E140,E145,E147,E149,E153,E157,) -> 713.997 | F103: =SUM(F106,F108,F110,F113,F116,F122,F124,F126,F128,F131,F134,F138,F140,F145,F147,F149,F153,F157,) -> 1096.436 | G103: =SUM(G106,G108,G110,G113,G116,G122,G124,G126,G128,G131,G134,G138,G140,G145,G147,G149,G153,G157,) -> 944.515 | H103: =G103/F103 -> 0.86144107 | I103: =SUM(I106,I108,I110,I113,I116,I122,I124,I126,I128,I131,I134,I138,I140,I145,I147,I149,I153,I157,) -> 956.89 | J103: 2.5-1
...

Sheet 7 programa (XIV)
A1: Visagino savivaldybės sveikatos apsaugos paslaugų kokybės gerinimo programa (07)
A2: Šia programa siekiama užtikrinti kokybišką Visagino savivaldybės gyventojų sveikatos priežiūrą, sveikatos politikos įgyvendinimą savivaldybės lygiu. Programos vykdymas padeda tikslingai paskirstyti lėšas, skiriamas sveikatos priežiūrai.
A3: =A13 -> 07.01.01. (T) | B3: =B13 -> Stiprinti ir plėtoti visuomenės sveikatinimo veiklą
A4: =A55 -> 07.01.02. (T) | B4: =B55 -> Remti sveikatos priežiūros paslaugų teikimą nustatytų kategorijų žmonėms
A5: 07.01.03.(T) | B5: Užtikrinti Savivaldybės darbuotojų saugą darbe
A7: Programos įgyvendinimo laikotarpis 2024-2026 m.
A8: Programos įgyvendinimo koordinatorė Jolita Zabulytė, jolita.zabulyte@visaginas.lt, tel. 8 (386) 36 007
A10: 8 lentelė. Visagino savivaldybės sveikatos apsaugos paslaugų kokybės gerinimo programos (07) uždaviniai, priemonės, asignavimai ir kitos lėšos (tūkst.eurų) ir jų stebėsenos rodikliai
A11: Programos uždavinio, priemonės kodas ir požymis | B11: Uždavinio, priemonės pavadinimas, finansavimo šaltiniai | C11: Asignavimų valdytojo kodas | D11: Finansavimo šaltinis | E11: 2023-02-02 sprendimu Nr. TS-17 patvirtintas planas | F11: 2023 m. planas (įskaitant patikslinimus) | G11: 2023 m. plano vykdymas | H11: 2023 plano įvykdymo proc. | I11: 2024 m.asignavimai ir kitos lėšos, tūkst. Eur | J11: Trumpas priemonės įgyvendinimo aprašymas | K11: Poveikio rodiklio kodas | L11: Poveikio rodiklio pavadinimas (matavimo vnt.) | M11: Poveikio rodiklio reikšmės | O11: Siektinos stebėsenos rodiklių reikšmės | R11: Įvykdyta /Neįvykdyta/ Įvykdyta iš dalies/Vykdoma
M12: Siektina poveikio rodiklio reikšmė 2023 m. | N12: Faktinė poveikio rodiklio reikšmė 2023 m. | O12: 2024 | P12: 2025 | Q12: 2026
A13: 07.01.01. (T) | B13: Stiprinti ir plėtoti visuomenės sveikatinimo veiklą | E13: =SUM(E16,E25,E27,E29,E31,E34,E41,E43,E45,E48,E51,E54,) -> 224.404 | F13: =SUM(F16,F25,F27,F29,F31,F34,F41,F43,F45,F48,F51,F54,) -> 242.578 | G13: =SUM(G16,G25,G27,G29,G31,G34,G41,G43,G45,G48,G51,G54,) -> 210.043 | H13: =G13/F13 -> 0.86587819 | I13: =SUM(I16,I25,I27,I29,I31,I34,I41,I43,I45,I48,I51,I54,) -> 657.068
A14: 07.01.01.01. (TP) | B14: Savivaldybės visuomenės sveikatos priežiūros rėmimo specialiųjų programų vykdymas | C14: 188711925 | D14: SB (AA) | E14: 12.804 | F14: 15.204 | G14: 6.772 | H14: =G14/F14 -> 0.4454091 | I14: =19.54-I15 -> 11.1 | J14: Vykdant Visagino savivaldybės visuomenės sveikatos rėmimo specialiąją programą, patvirtintą Visagino savivaldybės tarybos 2023-03-10 sprendimu Nr. TS-29, paskelbtas ir organizuotas konkursas šios programos priemonėms finansuoti. Iš viso finansuoti 7 projektai. | K14: P-07-01-01-01 | L14: Vykdomų visuomenės sveikatos rėmimo programos priemonių skaičius | M14: 7 | N14: 7 | O14: 7 | P14: 10 | Q14: 10 | R14: Įvykdyta
D15: AA (L) | I15: 8.44
D16: Iš viso: | E16: =SUM(E14:E14) -> 12.804 | F16: =SUM(F14:F14) -> 15.204 | G16: =SUM(G14:G14) -> 6.772 | H16: =G16/F16 -> 0.4454091 | I16: =SUM(I14:I15) -> 19.54
B17: Visagino šeimos ir vaiko gerovės centras. Vaikų dienos centras | G17: 0.541 | J17: „Maža Šalis“
B18: Asociacija „Visaginietis “ | G18: 1.2 | J18: „Summer CAMP“
B19: Visagino „Gerosios vilties“ progimnazija | G19: 1.1 | J19: Prevencinis projektas „Misija įmanoma“
B20: Visagino vaikų lopšelis-darželis „Ąžuoliukas“ | G20: 1.2 | J20: „Judame daugiau ir išradingiau“
B21: VšĮ Visagino graikų-romėnų imtynių centras | G21: 0.733 | J21: „Judėjimas – tai gyvenimas“
B22: Visagino viešoji biblioteka | G22: 0.8 | J22: „Saugus, laimingas, sveikas. Nelaimingų atsitikimų jaunimui kelyje (sausumoje ir vandenyje) prevencija“
B23: Visagino lopšelis – darželis „Auksinis raktelis“ | G23: 1.2 | J23: „Augu sveikas, kaip ridikas“
A24: 07.01.01.02. (TP) | B24: Dalyvavimas programose, skirtose sveikatai stiprinti | C24: Įstaigos | J24: Dalyvavimas programose, skirtose sveikatai stiprinti – tai investicija, kuri ateityje padėtų sumažinti visuomenės išlaidas sveikatai. Norint pagerinti visuomenės sveikatą labai svarbu gerinti vaikų ir paauglių valgymo įpročius, o ugdymo įstaigos yra geriausia vieta daryti įtaką vaikų mitybos įpročiams ir juos keisti, nes kaip tik tuo metu valgymo įpročiai formuojasi. | K24: P-07-01-01-02 | L24: Įstaigų, dalyvaujančių programose, skirtose sveikatai stiprinti, skaičius | M24: 10 | N24: 10 | O24: 10 | P24: 10 | Q24: 10 | R24: Įvykdyta
D25: Iš viso: | I25: =SUM(I24:I24) -> 0
A26: 07.01.01.03. (TP) | B26: Sveikos gyvensenos įgūdžių bendruomenėse stiprinimas bei visuomenės sveikatos stebėsenos savivaldybėje vykdymas | C26: 188711925 | D26: SB (D) | E26: 142 | F26: 142 | G26: 142 | H26: =G26/F26 -> 1 | I26: =142.54+13 -> 155.54 | J26: Vykdant valstybines (valstybės perduotas savivaldybėms) funkcijas sveikos gyvensenos įgūdžių formavimo srityje organizuotos sveikos mitybos ir maisto švaistymo mažinimo priemonės mokyklose (979 mokiniai), traumų ir sužalojimų prevencijos priemonės mokyklose (821 mokinys), burnos higienos užsiėmimai mokyklose (776 mokiniai), gyventojų sveikos mitybos įgūdžių formavimo veiklos (101 asmuo, 30 užsiėmimų), traumų ir sužalojimų prevencijos skatinimas bendruomenėje (168 asmenys, 12 užsiėmimų), gyventojų (iki 64 m.) fizinio aktyvumo skatinimas (748 asmenys, 46 užsiėmimai) ir pan. Parengta Visagino savivaldybės 2022 m. visuomenės sveikatos stebėsenos ataskaita. Atsižvelgiant į tai, kad priemonės rodiklio įvykdymas pasiektas iš dalies, ateinančiu laikotarpiu daugiau dėmesio planuojama skirti suaugusiųjų švietimui sveikatos, fizinio aktyvumo klausimais, gerinti sporto infrastruktūrą mieste bei siekti, kad gyventojai kuo daugiau užsiimtų fizinio aktyvumo veiklomis. | K26: P-07-01-01-03 | L26: Suaugusiųjų, kurie savo dabartinę sveikatos būklę vertina kaip gerą arba labai gerą, dalis | M26: 70,06 | N26: 58,8* *2022 m. duomenys | O26: 70,06 | P26: 71,01 | Q26: 71,95 | R26: Įvykdyta iš dalies
D27: Iš viso: | E27: =SUM(E26:E26) -> 142 | F27: =SUM(F26:F26) -> 142 | G27: =SUM(G26:G26) -> 142 | H27: =SUM(H26:H26) -> 1 | I27: =SUM(I26:I26) -> 155.54
